 Dungeon Crawl Stone Soup version 0.31-a0-261-g072fdb8a1f (webtiles) character file.

Game seed: 10345266845884117284

88 qw the Shooter (level 4, 36/36 HPs)
             Began as a Minotaur Hexslinger on July 13, 2023.
             Quit the game on level 4 of the Dungeon.
             The game lasted 00:22:06 (5631 turns).

qw the Shooter (Minotaur Hexslinger)                Turns: 5631, Time: 00:22:06

Health: 36/36      AC:  2    Str: 12    XL:     4   Next: 30%
Magic:  4/4        EV: 12    Int: 10    God:
Gold:   123        SH:  0    Dex: 15    Spells: 4/5 levels left

rFire   . . .        Y - +1 orcbow (freeze)
rCold   . . .        (shield currently unavailable)
rNeg    . . .        c - +0 robe
rPois   .            (helmet restricted)
rElec   .            (no cloak)
rCorr   .            (no gloves)
SInv    .            (no boots)
Will    .....        (no amulet)
Stlth   +            (no ring)
HPRegen 0.26/turn    (no ring)
MPRegen 0.09/turn

%: no passive effects
@: no status effects
A: horns 2, retaliatory headbutt
a: no special abilities


You were on level 4 of the Dungeon.
You visited 1 branch of the dungeon, and saw 3 of its levels.

You collected 123 gold pieces.


Innate Abilities, Weirdness & Mutations

You have a pair of horns on your head.
You reflexively headbutt those who attack you in melee.


   Skills:
 - Level 2.0 Fighting
 + Level 4.8 Ranged Weapons
 - Level 2.1 Dodging
 - Level 1.0 Spellcasting
 - Level 2.0 Hexes


You had 4 spell levels left.
You knew the following spells:

 Your Spells              Type           Power      Damage    Failure   Level
a - Slow                  Hex            16%        N/A       16%         1

Your spell library contained the following spells:

 Spells                   Type           Power      Damage    Failure   Level
 Inner Flame              Hex/Fire       2%         N/A       56%         3
 Portal Projectile        Hex/Tloc       4%         N/A       56%         3
 Cause Fear               Hex            2%         N/A       83%         4

Inventory:

Hand Weapons
 Y - a +1 orcbow of freezing (weapon)
Armour
 c - a +0 robe (worn)
Scrolls
 g - a scroll of identify
Potions
 d - a potion of curing
 f - a potion of heal wounds

Dungeon Overview and Level Annotations

Branches:
Dungeon (4/15)
 Temple: D:4-7

Altars:
Okawaru


Message History

5623 ||| Stepping randomly (stuck).
(D) Dungeon
Where to? (* - list waypoints, Enter - D:3, ? - help)
What level of the Dungeon? (default 1, ? - help) Sorry, I don't know how to get there.
5624 ||| Stepping randomly (stuck).
(D) Dungeon
Where to? (* - list waypoints, Enter - D:3, ? - help)
What level of the Dungeon? (default 1, ? - help) Sorry, I don't know how to get there.
5625 ||| Stepping randomly (stuck).
(D) Dungeon
Where to? (* - list waypoints, Enter - D:3, ? - help)
What level of the Dungeon? (default 1, ? - help) Sorry, I don't know how to get there.
5626 ||| Stepping randomly (stuck).
(D) Dungeon
Where to? (* - list waypoints, Enter - D:3, ? - help)
What level of the Dungeon? (default 1, ? - help) Sorry, I don't know how to get there.
5627 ||| Stepping randomly (stuck).
(D) Dungeon
Where to? (* - list waypoints, Enter - D:3, ? - help)
What level of the Dungeon? (default 1, ? - help) Sorry, I don't know how to get there.
5628 ||| Stepping randomly (stuck).
(D) Dungeon
Where to? (* - list waypoints, Enter - D:3, ? - help)
What level of the Dungeon? (default 1, ? - help) Sorry, I don't know how to get there.
5629 ||| Stepping randomly (stuck).
(D) Dungeon
Where to? (* - list waypoints, Enter - D:3, ? - help)
What level of the Dungeon? (default 1, ? - help) Sorry, I don't know how to get there.
5630 ||| Stepping randomly (stuck).
You have lost your religion!
Okawaru does not appreciate desertion!
5631 ||| QUITTING!
Are you sure you want to abandon this character and quit the game? (Confirm with "yes".)

##### #...# #...#
#...#
#...##############..
#...................
#..@##############..
#...# #...# #...#
#####


There were no monsters in sight!

Vanquished Creatures
  Jessica (D:2)
  An adder (D:2)
  An ufetubus (D:2)
  A dart slug (D:1)
  3 ball pythons
  5 bats
  6 endoplasms
  3 giant cockroaches
  3 hobgoblins
  4 kobolds
  7 quokkas
  A frilled lizard (D:2)
  3 goblins
  A rat (D:2)
40 creatures vanquished.

Notes
Turn   | Place    | Note
-------+----------+-------------------------------------------
     0 | D:1      | qw the Minotaur Hexslinger began the quest for the Orb.
     0 | D:1      | Reached XP level 1. HP: 16/16 MP: 1/1
     0 | D:1      | 0 ||| qw: Version: 0.3-a-52-g30416fa
     0 | D:1      | 0 ||| qw: Game counter: 6995
     0 | D:1      | 0 ||| qw: Melee chars always use a shield: true
     0 | D:1      | 0 ||| qw: God list: Okawaru
     0 | D:1      | 0 ||| qw: Allow faded altars: false
     0 | D:1      | 0 ||| qw: Do Orc after clearing Dungeon:15 true
     0 | D:1      | 0 ||| qw: Do second Lair branch before Depths: true
     0 | D:1      | 0 ||| qw: Lair rune preference: random
     0 | D:1      | 0 ||| qw: Goals: Normal
     0 | D:1      | 0 ||| PLANNING D:1-11
   114 | D:1      | Reached skill level 3 in Ranged Weapons
   114 | D:1      | Reached XP level 2. HP: 23/23 MP: 2/2
   613 | D:1      | 613 ||| SWAPPING to +0 orcbow.
   616 | D:1      | 616 ||| DROPPING +1 sling.
   681 | D:1      | 681 ||| READING 2 scrolls labelled PIBURAE LOESH.
   682 | D:1      | 682 ||| DRINKING 2 bubbling pink potions.
   683 | D:1      | 683 ||| DRINKING 2 fuming brown potions.
   684 | D:1      | 684 ||| DROPPING scroll of poison.
   685 | D:1      | 685 ||| DROPPING potion of brilliance.
   690 | D:2      | Noticed Jessica
   691 | D:2      | Killed Jessica
   692 | D:2      | Reached skill level 4 in Ranged Weapons
   692 | D:2      | Reached XP level 3. HP: 29/29 MP: 3/3
   734 | D:2      | Found an iron altar of Okawaru.
   735 | D:2      | 735 ||| PLANNING OKAWARU WORSHIP
   750 | D:2      | Became a worshipper of Warmaster Okawaru
   751 | D:2      | 751 ||| PLANNING D:1-11
   785 | D:2      | Reached XP level 4. HP: 36/36 MP: 4/4
  1037 | D:2      | You fall into a shaft and drop 2 floors!
  1038 | D:4      | 1038 ||| READING scroll labelled AMIECV UPEKIENG.
  1039 | D:4      | 1039 ||| READING scroll labelled BORI BADGHUONED.
  1040 | D:4      | 1040 ||| READING scroll labelled OKLE HIKLOPTO.
  1041 | D:4      | 1041 ||| READING scroll labelled XIRHIS DETHEL.
  1045 | D:4      | 1045 ||| READING 2 scrolls of identify.
  1045 | D:4      | 1045 ||| IDENTIFYING green potion
  1046 | D:4      | 1046 ||| Stepping randomly (stuck).
  1047 | D:4      | 1047 ||| Stepping randomly (stuck).
  1048 | D:4      | 1048 ||| Stepping randomly (stuck).
  1049 | D:4      | 1049 ||| Stepping randomly (stuck).
  1050 | D:4      | 1050 ||| Stepping randomly (stuck).
  1051 | D:4      | 1051 ||| Stepping randomly (stuck).
  1052 | D:4      | 1052 ||| Stepping randomly (stuck).
  1053 | D:4      | 1053 ||| Stepping randomly (stuck).
  1054 | D:4      | 1054 ||| Stepping randomly (stuck).
  1055 | D:4      | 1055 ||| Stepping randomly (stuck).
  1056 | D:4      | 1056 ||| Stepping randomly (stuck).
  1057 | D:4      | 1057 ||| Stepping randomly (stuck).
  1058 | D:4      | 1058 ||| Stepping randomly (stuck).
  1059 | D:4      | 1059 ||| Stepping randomly (stuck).
  1060 | D:4      | 1060 ||| Stepping randomly (stuck).
  1061 | D:4      | 1061 ||| Stepping randomly (stuck).
  1062 | D:4      | 1062 ||| Stepping randomly (stuck).
  1063 | D:4      | 1063 ||| Stepping randomly (stuck).
  1064 | D:4      | 1064 ||| Stepping randomly (stuck).
  1065 | D:4      | 1065 ||| Stepping randomly (stuck).
  1066 | D:4      | 1066 ||| Stepping randomly (stuck).
  1067 | D:4      | 1067 ||| Stepping randomly (stuck).
  1068 | D:4      | 1068 ||| Stepping randomly (stuck).
  1069 | D:4      | 1069 ||| Stepping randomly (stuck).
  1070 | D:4      | 1070 ||| Stepping randomly (stuck).
  1071 | D:4      | 1071 ||| Stepping randomly (stuck).
  1072 | D:4      | 1072 ||| Stepping randomly (stuck).
  1073 | D:4      | 1073 ||| Stepping randomly (stuck).
  1074 | D:4      | 1074 ||| Stepping randomly (stuck).
  1075 | D:4      | 1075 ||| Stepping randomly (stuck).
  1076 | D:4      | 1076 ||| Stepping randomly (stuck).
  1077 | D:4      | 1077 ||| Stepping randomly (stuck).
  1078 | D:4      | 1078 ||| Stepping randomly (stuck).
  1079 | D:4      | 1079 ||| Stepping randomly (stuck).
  1080 | D:4      | 1080 ||| Stepping randomly (stuck).
  1081 | D:4      | 1081 ||| Stepping randomly (stuck).
  1082 | D:4      | 1082 ||| Stepping randomly (stuck).
  1083 | D:4      | 1083 ||| Stepping randomly (stuck).
  1084 | D:4      | 1084 ||| Stepping randomly (stuck).
  1085 | D:4      | 1085 ||| Stepping randomly (stuck).
  1086 | D:4      | 1086 ||| Stepping randomly (stuck).
  1087 | D:4      | 1087 ||| Stepping randomly (stuck).
  1088 | D:4      | 1088 ||| Stepping randomly (stuck).
  1089 | D:4      | 1089 ||| Stepping randomly (stuck).
  1090 | D:4      | 1090 ||| Stepping randomly (stuck).
  1091 | D:4      | 1091 ||| Stepping randomly (stuck).
  1092 | D:4      | 1092 ||| Stepping randomly (stuck).
  1093 | D:4      | 1093 ||| Stepping randomly (stuck).
  1094 | D:4      | 1094 ||| Stepping randomly (stuck).
  1095 | D:4      | 1095 ||| Stepping randomly (stuck).
  1096 | D:4      | 1096 ||| Stepping randomly (stuck).
  1097 | D:4      | 1097 ||| Stepping randomly (stuck).
  1098 | D:4      | 1098 ||| Stepping randomly (stuck).
  1099 | D:4      | 1099 ||| Stepping randomly (stuck).
  1100 | D:4      | 1100 ||| Stepping randomly (stuck).
  1101 | D:4      | 1101 ||| Stepping randomly (stuck).
  1102 | D:4      | 1102 ||| Stepping randomly (stuck).
  1103 | D:4      | 1103 ||| Stepping randomly (stuck).
  1104 | D:4      | 1104 ||| Stepping randomly (stuck).
  1105 | D:4      | 1105 ||| Stepping randomly (stuck).
  1106 | D:4      | 1106 ||| Stepping randomly (stuck).
  1107 | D:4      | 1107 ||| Stepping randomly (stuck).
  1108 | D:4      | 1108 ||| Stepping randomly (stuck).
  1109 | D:4      | 1109 ||| Stepping randomly (stuck).
  1110 | D:4      | 1110 ||| Stepping randomly (stuck).
  1111 | D:4      | 1111 ||| Stepping randomly (stuck).
  1112 | D:4      | 1112 ||| Stepping randomly (stuck).
  1113 | D:4      | 1113 ||| Stepping randomly (stuck).
  1114 | D:4      | 1114 ||| Stepping randomly (stuck).
  1115 | D:4      | 1115 ||| Stepping randomly (stuck).
  1116 | D:4      | 1116 ||| Stepping randomly (stuck).
  1117 | D:4      | 1117 ||| Stepping randomly (stuck).
  1118 | D:4      | 1118 ||| Stepping randomly (stuck).
  1119 | D:4      | 1119 ||| Stepping randomly (stuck).
  1120 | D:4      | 1120 ||| Stepping randomly (stuck).
  1121 | D:4      | 1121 ||| Stepping randomly (stuck).
  1122 | D:4      | 1122 ||| Stepping randomly (stuck).
  1123 | D:4      | 1123 ||| Stepping randomly (stuck).
  1124 | D:4      | 1124 ||| Stepping randomly (stuck).
  1125 | D:4      | 1125 ||| Stepping randomly (stuck).
  1126 | D:4      | 1126 ||| Stepping randomly (stuck).
  1127 | D:4      | 1127 ||| Stepping randomly (stuck).
  1128 | D:4      | 1128 ||| Stepping randomly (stuck).
  1129 | D:4      | 1129 ||| Stepping randomly (stuck).
  1130 | D:4      | 1130 ||| Stepping randomly (stuck).
  1131 | D:4      | 1131 ||| Stepping randomly (stuck).
  1132 | D:4      | 1132 ||| Stepping randomly (stuck).
  1133 | D:4      | 1133 ||| Stepping randomly (stuck).
  1134 | D:4      | 1134 ||| Stepping randomly (stuck).
  1135 | D:4      | 1135 ||| Stepping randomly (stuck).
  1136 | D:4      | 1136 ||| Stepping randomly (stuck).
  1137 | D:4      | 1137 ||| Stepping randomly (stuck).
  1138 | D:4      | 1138 ||| Stepping randomly (stuck).
  1139 | D:4      | 1139 ||| Stepping randomly (stuck).
  1140 | D:4      | 1140 ||| Stepping randomly (stuck).
  1141 | D:4      | 1141 ||| Stepping randomly (stuck).
  1142 | D:4      | 1142 ||| Stepping randomly (stuck).
  1143 | D:4      | 1143 ||| Stepping randomly (stuck).
  1144 | D:4      | 1144 ||| Stepping randomly (stuck).
  1145 | D:4      | 1145 ||| Stepping randomly (stuck).
  1146 | D:4      | 1146 ||| Stepping randomly (stuck).
  1147 | D:4      | 1147 ||| Stepping randomly (stuck).
  1148 | D:4      | 1148 ||| Stepping randomly (stuck).
  1149 | D:4      | 1149 ||| Stepping randomly (stuck).
  1150 | D:4      | 1150 ||| Stepping randomly (stuck).
  1151 | D:4      | 1151 ||| Stepping randomly (stuck).
  1152 | D:4      | 1152 ||| Stepping randomly (stuck).
  1153 | D:4      | 1153 ||| Stepping randomly (stuck).
  1154 | D:4      | 1154 ||| Stepping randomly (stuck).
  1155 | D:4      | 1155 ||| Stepping randomly (stuck).
  1156 | D:4      | 1156 ||| Stepping randomly (stuck).
  1157 | D:4      | 1157 ||| Stepping randomly (stuck).
  1158 | D:4      | 1158 ||| Stepping randomly (stuck).
  1159 | D:4      | 1159 ||| Stepping randomly (stuck).
  1160 | D:4      | 1160 ||| Stepping randomly (stuck).
  1161 | D:4      | 1161 ||| Stepping randomly (stuck).
  1162 | D:4      | 1162 ||| Stepping randomly (stuck).
  1163 | D:4      | 1163 ||| Stepping randomly (stuck).
  1164 | D:4      | 1164 ||| Stepping randomly (stuck).
  1165 | D:4      | 1165 ||| Stepping randomly (stuck).
  1166 | D:4      | 1166 ||| Stepping randomly (stuck).
  1167 | D:4      | 1167 ||| Stepping randomly (stuck).
  1168 | D:4      | 1168 ||| Stepping randomly (stuck).
  1169 | D:4      | 1169 ||| Stepping randomly (stuck).
  1170 | D:4      | 1170 ||| Stepping randomly (stuck).
  1171 | D:4      | 1171 ||| Stepping randomly (stuck).
  1172 | D:4      | 1172 ||| Stepping randomly (stuck).
  1173 | D:4      | 1173 ||| Stepping randomly (stuck).
  1174 | D:4      | 1174 ||| Stepping randomly (stuck).
  1175 | D:4      | 1175 ||| Stepping randomly (stuck).
  1176 | D:4      | 1176 ||| Stepping randomly (stuck).
  1177 | D:4      | 1177 ||| Stepping randomly (stuck).
  1178 | D:4      | 1178 ||| Stepping randomly (stuck).
  1179 | D:4      | 1179 ||| Stepping randomly (stuck).
  1180 | D:4      | 1180 ||| Stepping randomly (stuck).
  1181 | D:4      | 1181 ||| Stepping randomly (stuck).
  1182 | D:4      | 1182 ||| Stepping randomly (stuck).
  1183 | D:4      | 1183 ||| Stepping randomly (stuck).
  1184 | D:4      | 1184 ||| Stepping randomly (stuck).
  1185 | D:4      | 1185 ||| Stepping randomly (stuck).
  1186 | D:4      | 1186 ||| Stepping randomly (stuck).
  1187 | D:4      | 1187 ||| Stepping randomly (stuck).
  1188 | D:4      | 1188 ||| Stepping randomly (stuck).
  1189 | D:4      | 1189 ||| Stepping randomly (stuck).
  1190 | D:4      | 1190 ||| Stepping randomly (stuck).
  1191 | D:4      | 1191 ||| Stepping randomly (stuck).
  1192 | D:4      | 1192 ||| Stepping randomly (stuck).
  1193 | D:4      | 1193 ||| Stepping randomly (stuck).
  1194 | D:4      | 1194 ||| Stepping randomly (stuck).
  1195 | D:4      | 1195 ||| Stepping randomly (stuck).
  1196 | D:4      | 1196 ||| Stepping randomly (stuck).
  1197 | D:4      | 1197 ||| Stepping randomly (stuck).
  1198 | D:4      | 1198 ||| Stepping randomly (stuck).
  1199 | D:4      | 1199 ||| Stepping randomly (stuck).
  1200 | D:4      | 1200 ||| Stepping randomly (stuck).
  1201 | D:4      | 1201 ||| Stepping randomly (stuck).
  1202 | D:4      | 1202 ||| Stepping randomly (stuck).
  1203 | D:4      | 1203 ||| Stepping randomly (stuck).
  1204 | D:4      | 1204 ||| Stepping randomly (stuck).
  1205 | D:4      | 1205 ||| Stepping randomly (stuck).
  1206 | D:4      | 1206 ||| Stepping randomly (stuck).
  1207 | D:4      | 1207 ||| Stepping randomly (stuck).
  1208 | D:4      | 1208 ||| Stepping randomly (stuck).
  1209 | D:4      | 1209 ||| Stepping randomly (stuck).
  1210 | D:4      | 1210 ||| Stepping randomly (stuck).
  1211 | D:4      | 1211 ||| Stepping randomly (stuck).
  1212 | D:4      | 1212 ||| Stepping randomly (stuck).
  1213 | D:4      | 1213 ||| Stepping randomly (stuck).
  1214 | D:4      | 1214 ||| Stepping randomly (stuck).
  1215 | D:4      | 1215 ||| Stepping randomly (stuck).
  1216 | D:4      | 1216 ||| Stepping randomly (stuck).
  1217 | D:4      | 1217 ||| Stepping randomly (stuck).
  1218 | D:4      | 1218 ||| Stepping randomly (stuck).
  1219 | D:4      | 1219 ||| Stepping randomly (stuck).
  1220 | D:4      | 1220 ||| Stepping randomly (stuck).
  1221 | D:4      | 1221 ||| Stepping randomly (stuck).
  1222 | D:4      | 1222 ||| Stepping randomly (stuck).
  1223 | D:4      | 1223 ||| Stepping randomly (stuck).
  1224 | D:4      | 1224 ||| Stepping randomly (stuck).
  1225 | D:4      | 1225 ||| Stepping randomly (stuck).
  1226 | D:4      | 1226 ||| Stepping randomly (stuck).
  1227 | D:4      | 1227 ||| Stepping randomly (stuck).
  1228 | D:4      | 1228 ||| Stepping randomly (stuck).
  1229 | D:4      | 1229 ||| Stepping randomly (stuck).
  1230 | D:4      | 1230 ||| Stepping randomly (stuck).
  1231 | D:4      | 1231 ||| Stepping randomly (stuck).
  1232 | D:4      | 1232 ||| Stepping randomly (stuck).
  1233 | D:4      | 1233 ||| Stepping randomly (stuck).
  1234 | D:4      | 1234 ||| Stepping randomly (stuck).
  1235 | D:4      | 1235 ||| Stepping randomly (stuck).
  1236 | D:4      | 1236 ||| Stepping randomly (stuck).
  1237 | D:4      | 1237 ||| Stepping randomly (stuck).
  1238 | D:4      | 1238 ||| Stepping randomly (stuck).
  1239 | D:4      | 1239 ||| Stepping randomly (stuck).
  1240 | D:4      | 1240 ||| Stepping randomly (stuck).
  1241 | D:4      | 1241 ||| Stepping randomly (stuck).
  1242 | D:4      | 1242 ||| Stepping randomly (stuck).
  1243 | D:4      | 1243 ||| Stepping randomly (stuck).
  1244 | D:4      | 1244 ||| Stepping randomly (stuck).
  1245 | D:4      | 1245 ||| Stepping randomly (stuck).
  1246 | D:4      | 1246 ||| Stepping randomly (stuck).
  1247 | D:4      | 1247 ||| Stepping randomly (stuck).
  1248 | D:4      | 1248 ||| Stepping randomly (stuck).
  1249 | D:4      | 1249 ||| Stepping randomly (stuck).
  1250 | D:4      | 1250 ||| Stepping randomly (stuck).
  1251 | D:4      | 1251 ||| Stepping randomly (stuck).
  1252 | D:4      | 1252 ||| Stepping randomly (stuck).
  1253 | D:4      | 1253 ||| Stepping randomly (stuck).
  1254 | D:4      | 1254 ||| Stepping randomly (stuck).
  1255 | D:4      | 1255 ||| Stepping randomly (stuck).
  1256 | D:4      | 1256 ||| Stepping randomly (stuck).
  1257 | D:4      | 1257 ||| Stepping randomly (stuck).
  1258 | D:4      | 1258 ||| Stepping randomly (stuck).
  1259 | D:4      | 1259 ||| Stepping randomly (stuck).
  1260 | D:4      | 1260 ||| Stepping randomly (stuck).
  1261 | D:4      | 1261 ||| Stepping randomly (stuck).
  1262 | D:4      | 1262 ||| Stepping randomly (stuck).
  1263 | D:4      | 1263 ||| Stepping randomly (stuck).
  1264 | D:4      | 1264 ||| Stepping randomly (stuck).
  1265 | D:4      | 1265 ||| Stepping randomly (stuck).
  1266 | D:4      | 1266 ||| Stepping randomly (stuck).
  1267 | D:4      | 1267 ||| Stepping randomly (stuck).
  1268 | D:4      | 1268 ||| Stepping randomly (stuck).
  1269 | D:4      | 1269 ||| Stepping randomly (stuck).
  1270 | D:4      | 1270 ||| Stepping randomly (stuck).
  1271 | D:4      | 1271 ||| Stepping randomly (stuck).
  1272 | D:4      | 1272 ||| Stepping randomly (stuck).
  1273 | D:4      | 1273 ||| Stepping randomly (stuck).
  1274 | D:4      | 1274 ||| Stepping randomly (stuck).
  1275 | D:4      | 1275 ||| Stepping randomly (stuck).
  1276 | D:4      | 1276 ||| Stepping randomly (stuck).
  1277 | D:4      | 1277 ||| Stepping randomly (stuck).
  1278 | D:4      | 1278 ||| Stepping randomly (stuck).
  1279 | D:4      | 1279 ||| Stepping randomly (stuck).
  1280 | D:4      | 1280 ||| Stepping randomly (stuck).
  1281 | D:4      | 1281 ||| Stepping randomly (stuck).
  1282 | D:4      | 1282 ||| Stepping randomly (stuck).
  1283 | D:4      | 1283 ||| Stepping randomly (stuck).
  1284 | D:4      | 1284 ||| Stepping randomly (stuck).
  1285 | D:4      | 1285 ||| Stepping randomly (stuck).
  1286 | D:4      | 1286 ||| Stepping randomly (stuck).
  1287 | D:4      | 1287 ||| Stepping randomly (stuck).
  1288 | D:4      | 1288 ||| Stepping randomly (stuck).
  1289 | D:4      | 1289 ||| Stepping randomly (stuck).
  1290 | D:4      | 1290 ||| Stepping randomly (stuck).
  1291 | D:4      | 1291 ||| Stepping randomly (stuck).
  1292 | D:4      | 1292 ||| Stepping randomly (stuck).
  1293 | D:4      | 1293 ||| Stepping randomly (stuck).
  1294 | D:4      | 1294 ||| Stepping randomly (stuck).
  1295 | D:4      | 1295 ||| Stepping randomly (stuck).
  1296 | D:4      | 1296 ||| Stepping randomly (stuck).
  1297 | D:4      | 1297 ||| Stepping randomly (stuck).
  1298 | D:4      | 1298 ||| Stepping randomly (stuck).
  1299 | D:4      | 1299 ||| Stepping randomly (stuck).
  1300 | D:4      | 1300 ||| Stepping randomly (stuck).
  1301 | D:4      | 1301 ||| Stepping randomly (stuck).
  1302 | D:4      | 1302 ||| Stepping randomly (stuck).
  1303 | D:4      | 1303 ||| Stepping randomly (stuck).
  1304 | D:4      | 1304 ||| Stepping randomly (stuck).
  1305 | D:4      | 1305 ||| Stepping randomly (stuck).
  1306 | D:4      | 1306 ||| Stepping randomly (stuck).
  1307 | D:4      | 1307 ||| Stepping randomly (stuck).
  1308 | D:4      | 1308 ||| Stepping randomly (stuck).
  1309 | D:4      | 1309 ||| Stepping randomly (stuck).
  1310 | D:4      | 1310 ||| Stepping randomly (stuck).
  1311 | D:4      | 1311 ||| Stepping randomly (stuck).
  1312 | D:4      | 1312 ||| Stepping randomly (stuck).
  1313 | D:4      | 1313 ||| Stepping randomly (stuck).
  1314 | D:4      | 1314 ||| Stepping randomly (stuck).
  1315 | D:4      | 1315 ||| Stepping randomly (stuck).
  1316 | D:4      | 1316 ||| Stepping randomly (stuck).
  1317 | D:4      | 1317 ||| Stepping randomly (stuck).
  1318 | D:4      | 1318 ||| Stepping randomly (stuck).
  1319 | D:4      | 1319 ||| Stepping randomly (stuck).
  1320 | D:4      | 1320 ||| Stepping randomly (stuck).
  1321 | D:4      | 1321 ||| Stepping randomly (stuck).
  1322 | D:4      | 1322 ||| Stepping randomly (stuck).
  1323 | D:4      | 1323 ||| Stepping randomly (stuck).
  1324 | D:4      | 1324 ||| Stepping randomly (stuck).
  1325 | D:4      | 1325 ||| Stepping randomly (stuck).
  1326 | D:4      | 1326 ||| Stepping randomly (stuck).
  1327 | D:4      | 1327 ||| Stepping randomly (stuck).
  1328 | D:4      | 1328 ||| Stepping randomly (stuck).
  1329 | D:4      | 1329 ||| Stepping randomly (stuck).
  1330 | D:4      | 1330 ||| Stepping randomly (stuck).
  1331 | D:4      | 1331 ||| Stepping randomly (stuck).
  1332 | D:4      | 1332 ||| Stepping randomly (stuck).
  1333 | D:4      | 1333 ||| Stepping randomly (stuck).
  1334 | D:4      | 1334 ||| Stepping randomly (stuck).
  1335 | D:4      | 1335 ||| Stepping randomly (stuck).
  1336 | D:4      | 1336 ||| Stepping randomly (stuck).
  1337 | D:4      | 1337 ||| Stepping randomly (stuck).
  1338 | D:4      | 1338 ||| Stepping randomly (stuck).
  1339 | D:4      | 1339 ||| Stepping randomly (stuck).
  1340 | D:4      | 1340 ||| Stepping randomly (stuck).
  1341 | D:4      | 1341 ||| Stepping randomly (stuck).
  1342 | D:4      | 1342 ||| Stepping randomly (stuck).
  1343 | D:4      | 1343 ||| Stepping randomly (stuck).
  1344 | D:4      | 1344 ||| Stepping randomly (stuck).
  1345 | D:4      | 1345 ||| Stepping randomly (stuck).
  1346 | D:4      | 1346 ||| Stepping randomly (stuck).
  1347 | D:4      | 1347 ||| Stepping randomly (stuck).
  1348 | D:4      | 1348 ||| Stepping randomly (stuck).
  1349 | D:4      | 1349 ||| Stepping randomly (stuck).
  1350 | D:4      | 1350 ||| Stepping randomly (stuck).
  1351 | D:4      | 1351 ||| Stepping randomly (stuck).
  1352 | D:4      | 1352 ||| Stepping randomly (stuck).
  1353 | D:4      | 1353 ||| Stepping randomly (stuck).
  1354 | D:4      | 1354 ||| Stepping randomly (stuck).
  1355 | D:4      | 1355 ||| Stepping randomly (stuck).
  1356 | D:4      | 1356 ||| Stepping randomly (stuck).
  1357 | D:4      | 1357 ||| Stepping randomly (stuck).
  1358 | D:4      | 1358 ||| Stepping randomly (stuck).
  1359 | D:4      | 1359 ||| Stepping randomly (stuck).
  1360 | D:4      | 1360 ||| Stepping randomly (stuck).
  1361 | D:4      | 1361 ||| Stepping randomly (stuck).
  1362 | D:4      | 1362 ||| Stepping randomly (stuck).
  1363 | D:4      | 1363 ||| Stepping randomly (stuck).
  1364 | D:4      | 1364 ||| Stepping randomly (stuck).
  1365 | D:4      | 1365 ||| Stepping randomly (stuck).
  1366 | D:4      | 1366 ||| Stepping randomly (stuck).
  1367 | D:4      | 1367 ||| Stepping randomly (stuck).
  1368 | D:4      | 1368 ||| Stepping randomly (stuck).
  1369 | D:4      | 1369 ||| Stepping randomly (stuck).
  1370 | D:4      | 1370 ||| Stepping randomly (stuck).
  1371 | D:4      | 1371 ||| Stepping randomly (stuck).
  1372 | D:4      | 1372 ||| Stepping randomly (stuck).
  1373 | D:4      | 1373 ||| Stepping randomly (stuck).
  1374 | D:4      | 1374 ||| Stepping randomly (stuck).
  1375 | D:4      | 1375 ||| Stepping randomly (stuck).
  1376 | D:4      | 1376 ||| Stepping randomly (stuck).
  1377 | D:4      | 1377 ||| Stepping randomly (stuck).
  1378 | D:4      | 1378 ||| Stepping randomly (stuck).
  1379 | D:4      | 1379 ||| Stepping randomly (stuck).
  1380 | D:4      | 1380 ||| Stepping randomly (stuck).
  1381 | D:4      | 1381 ||| Stepping randomly (stuck).
  1382 | D:4      | 1382 ||| Stepping randomly (stuck).
  1383 | D:4      | 1383 ||| Stepping randomly (stuck).
  1384 | D:4      | 1384 ||| Stepping randomly (stuck).
  1385 | D:4      | 1385 ||| Stepping randomly (stuck).
  1386 | D:4      | 1386 ||| Stepping randomly (stuck).
  1387 | D:4      | 1387 ||| Stepping randomly (stuck).
  1388 | D:4      | 1388 ||| Stepping randomly (stuck).
  1389 | D:4      | 1389 ||| Stepping randomly (stuck).
  1390 | D:4      | 1390 ||| Stepping randomly (stuck).
  1391 | D:4      | 1391 ||| Stepping randomly (stuck).
  1392 | D:4      | 1392 ||| Stepping randomly (stuck).
  1393 | D:4      | 1393 ||| Stepping randomly (stuck).
  1394 | D:4      | 1394 ||| Stepping randomly (stuck).
  1395 | D:4      | 1395 ||| Stepping randomly (stuck).
  1396 | D:4      | 1396 ||| Stepping randomly (stuck).
  1397 | D:4      | 1397 ||| Stepping randomly (stuck).
  1398 | D:4      | 1398 ||| Stepping randomly (stuck).
  1399 | D:4      | 1399 ||| Stepping randomly (stuck).
  1400 | D:4      | 1400 ||| Stepping randomly (stuck).
  1401 | D:4      | 1401 ||| Stepping randomly (stuck).
  1402 | D:4      | 1402 ||| Stepping randomly (stuck).
  1403 | D:4      | 1403 ||| Stepping randomly (stuck).
  1404 | D:4      | 1404 ||| Stepping randomly (stuck).
  1405 | D:4      | 1405 ||| Stepping randomly (stuck).
  1406 | D:4      | 1406 ||| Stepping randomly (stuck).
  1407 | D:4      | 1407 ||| Stepping randomly (stuck).
  1408 | D:4      | 1408 ||| Stepping randomly (stuck).
  1409 | D:4      | 1409 ||| Stepping randomly (stuck).
  1410 | D:4      | 1410 ||| Stepping randomly (stuck).
  1411 | D:4      | 1411 ||| Stepping randomly (stuck).
  1412 | D:4      | 1412 ||| Stepping randomly (stuck).
  1413 | D:4      | 1413 ||| Stepping randomly (stuck).
  1414 | D:4      | 1414 ||| Stepping randomly (stuck).
  1415 | D:4      | 1415 ||| Stepping randomly (stuck).
  1416 | D:4      | 1416 ||| Stepping randomly (stuck).
  1417 | D:4      | 1417 ||| Stepping randomly (stuck).
  1418 | D:4      | 1418 ||| Stepping randomly (stuck).
  1419 | D:4      | 1419 ||| Stepping randomly (stuck).
  1420 | D:4      | 1420 ||| Stepping randomly (stuck).
  1421 | D:4      | 1421 ||| Stepping randomly (stuck).
  1422 | D:4      | 1422 ||| Stepping randomly (stuck).
  1423 | D:4      | 1423 ||| Stepping randomly (stuck).
  1424 | D:4      | 1424 ||| Stepping randomly (stuck).
  1425 | D:4      | 1425 ||| Stepping randomly (stuck).
  1426 | D:4      | 1426 ||| Stepping randomly (stuck).
  1427 | D:4      | 1427 ||| Stepping randomly (stuck).
  1428 | D:4      | 1428 ||| Stepping randomly (stuck).
  1429 | D:4      | 1429 ||| Stepping randomly (stuck).
  1430 | D:4      | 1430 ||| Stepping randomly (stuck).
  1431 | D:4      | 1431 ||| Stepping randomly (stuck).
  1432 | D:4      | 1432 ||| Stepping randomly (stuck).
  1433 | D:4      | 1433 ||| Stepping randomly (stuck).
  1434 | D:4      | 1434 ||| Stepping randomly (stuck).
  1435 | D:4      | 1435 ||| Stepping randomly (stuck).
  1436 | D:4      | 1436 ||| Stepping randomly (stuck).
  1437 | D:4      | 1437 ||| Stepping randomly (stuck).
  1438 | D:4      | 1438 ||| Stepping randomly (stuck).
  1439 | D:4      | 1439 ||| Stepping randomly (stuck).
  1440 | D:4      | 1440 ||| Stepping randomly (stuck).
  1441 | D:4      | 1441 ||| Stepping randomly (stuck).
  1442 | D:4      | 1442 ||| Stepping randomly (stuck).
  1443 | D:4      | 1443 ||| Stepping randomly (stuck).
  1444 | D:4      | 1444 ||| Stepping randomly (stuck).
  1445 | D:4      | 1445 ||| Stepping randomly (stuck).
  1446 | D:4      | 1446 ||| Stepping randomly (stuck).
  1447 | D:4      | 1447 ||| Stepping randomly (stuck).
  1448 | D:4      | 1448 ||| Stepping randomly (stuck).
  1449 | D:4      | 1449 ||| Stepping randomly (stuck).
  1450 | D:4      | 1450 ||| Stepping randomly (stuck).
  1451 | D:4      | 1451 ||| Stepping randomly (stuck).
  1452 | D:4      | 1452 ||| Stepping randomly (stuck).
  1453 | D:4      | 1453 ||| Stepping randomly (stuck).
  1454 | D:4      | 1454 ||| Stepping randomly (stuck).
  1455 | D:4      | 1455 ||| Stepping randomly (stuck).
  1456 | D:4      | 1456 ||| Stepping randomly (stuck).
  1457 | D:4      | 1457 ||| Stepping randomly (stuck).
  1458 | D:4      | 1458 ||| Stepping randomly (stuck).
  1459 | D:4      | 1459 ||| Stepping randomly (stuck).
  1460 | D:4      | 1460 ||| Stepping randomly (stuck).
  1461 | D:4      | 1461 ||| Stepping randomly (stuck).
  1462 | D:4      | 1462 ||| Stepping randomly (stuck).
  1463 | D:4      | 1463 ||| Stepping randomly (stuck).
  1464 | D:4      | 1464 ||| Stepping randomly (stuck).
  1465 | D:4      | 1465 ||| Stepping randomly (stuck).
  1466 | D:4      | 1466 ||| Stepping randomly (stuck).
  1467 | D:4      | 1467 ||| Stepping randomly (stuck).
  1468 | D:4      | 1468 ||| Stepping randomly (stuck).
  1469 | D:4      | 1469 ||| Stepping randomly (stuck).
  1470 | D:4      | 1470 ||| Stepping randomly (stuck).
  1471 | D:4      | 1471 ||| Stepping randomly (stuck).
  1472 | D:4      | 1472 ||| Stepping randomly (stuck).
  1473 | D:4      | 1473 ||| Stepping randomly (stuck).
  1474 | D:4      | 1474 ||| Stepping randomly (stuck).
  1475 | D:4      | 1475 ||| Stepping randomly (stuck).
  1476 | D:4      | 1476 ||| Stepping randomly (stuck).
  1477 | D:4      | 1477 ||| Stepping randomly (stuck).
  1478 | D:4      | 1478 ||| Stepping randomly (stuck).
  1479 | D:4      | 1479 ||| Stepping randomly (stuck).
  1480 | D:4      | 1480 ||| Stepping randomly (stuck).
  1481 | D:4      | 1481 ||| Stepping randomly (stuck).
  1482 | D:4      | 1482 ||| Stepping randomly (stuck).
  1483 | D:4      | 1483 ||| Stepping randomly (stuck).
  1484 | D:4      | 1484 ||| Stepping randomly (stuck).
  1485 | D:4      | 1485 ||| Stepping randomly (stuck).
  1486 | D:4      | 1486 ||| Stepping randomly (stuck).
  1487 | D:4      | 1487 ||| Stepping randomly (stuck).
  1488 | D:4      | 1488 ||| Stepping randomly (stuck).
  1489 | D:4      | 1489 ||| Stepping randomly (stuck).
  1490 | D:4      | 1490 ||| Stepping randomly (stuck).
  1491 | D:4      | 1491 ||| Stepping randomly (stuck).
  1492 | D:4      | 1492 ||| Stepping randomly (stuck).
  1493 | D:4      | 1493 ||| Stepping randomly (stuck).
  1494 | D:4      | 1494 ||| Stepping randomly (stuck).
  1495 | D:4      | 1495 ||| Stepping randomly (stuck).
  1496 | D:4      | 1496 ||| Stepping randomly (stuck).
  1497 | D:4      | 1497 ||| Stepping randomly (stuck).
  1498 | D:4      | 1498 ||| Stepping randomly (stuck).
  1499 | D:4      | 1499 ||| Stepping randomly (stuck).
  1500 | D:4      | 1500 ||| Stepping randomly (stuck).
  1501 | D:4      | 1501 ||| Stepping randomly (stuck).
  1502 | D:4      | 1502 ||| Stepping randomly (stuck).
  1503 | D:4      | 1503 ||| Stepping randomly (stuck).
  1504 | D:4      | 1504 ||| Stepping randomly (stuck).
  1505 | D:4      | 1505 ||| Stepping randomly (stuck).
  1506 | D:4      | 1506 ||| Stepping randomly (stuck).
  1507 | D:4      | 1507 ||| Stepping randomly (stuck).
  1508 | D:4      | 1508 ||| Stepping randomly (stuck).
  1509 | D:4      | 1509 ||| Stepping randomly (stuck).
  1510 | D:4      | 1510 ||| Stepping randomly (stuck).
  1511 | D:4      | 1511 ||| Stepping randomly (stuck).
  1512 | D:4      | 1512 ||| Stepping randomly (stuck).
  1513 | D:4      | 1513 ||| Stepping randomly (stuck).
  1514 | D:4      | 1514 ||| Stepping randomly (stuck).
  1515 | D:4      | 1515 ||| Stepping randomly (stuck).
  1516 | D:4      | 1516 ||| Stepping randomly (stuck).
  1517 | D:4      | 1517 ||| Stepping randomly (stuck).
  1518 | D:4      | 1518 ||| Stepping randomly (stuck).
  1519 | D:4      | 1519 ||| Stepping randomly (stuck).
  1520 | D:4      | 1520 ||| Stepping randomly (stuck).
  1521 | D:4      | 1521 ||| Stepping randomly (stuck).
  1522 | D:4      | 1522 ||| Stepping randomly (stuck).
  1523 | D:4      | 1523 ||| Stepping randomly (stuck).
  1524 | D:4      | 1524 ||| Stepping randomly (stuck).
  1525 | D:4      | 1525 ||| Stepping randomly (stuck).
  1526 | D:4      | 1526 ||| Stepping randomly (stuck).
  1527 | D:4      | 1527 ||| Stepping randomly (stuck).
  1528 | D:4      | 1528 ||| Stepping randomly (stuck).
  1529 | D:4      | 1529 ||| Stepping randomly (stuck).
  1530 | D:4      | 1530 ||| Stepping randomly (stuck).
  1531 | D:4      | 1531 ||| Stepping randomly (stuck).
  1532 | D:4      | 1532 ||| Stepping randomly (stuck).
  1533 | D:4      | 1533 ||| Stepping randomly (stuck).
  1534 | D:4      | 1534 ||| Stepping randomly (stuck).
  1535 | D:4      | 1535 ||| Stepping randomly (stuck).
  1536 | D:4      | 1536 ||| Stepping randomly (stuck).
  1537 | D:4      | 1537 ||| Stepping randomly (stuck).
  1538 | D:4      | 1538 ||| Stepping randomly (stuck).
  1539 | D:4      | 1539 ||| Stepping randomly (stuck).
  1540 | D:4      | 1540 ||| Stepping randomly (stuck).
  1541 | D:4      | 1541 ||| Stepping randomly (stuck).
  1542 | D:4      | 1542 ||| Stepping randomly (stuck).
  1543 | D:4      | 1543 ||| Stepping randomly (stuck).
  1544 | D:4      | 1544 ||| Stepping randomly (stuck).
  1545 | D:4      | 1545 ||| Stepping randomly (stuck).
  1546 | D:4      | 1546 ||| Stepping randomly (stuck).
  1547 | D:4      | 1547 ||| Stepping randomly (stuck).
  1548 | D:4      | 1548 ||| Stepping randomly (stuck).
  1549 | D:4      | 1549 ||| Stepping randomly (stuck).
  1550 | D:4      | 1550 ||| Stepping randomly (stuck).
  1551 | D:4      | 1551 ||| Stepping randomly (stuck).
  1552 | D:4      | 1552 ||| Stepping randomly (stuck).
  1553 | D:4      | 1553 ||| Stepping randomly (stuck).
  1554 | D:4      | 1554 ||| Stepping randomly (stuck).
  1555 | D:4      | 1555 ||| Stepping randomly (stuck).
  1556 | D:4      | 1556 ||| Stepping randomly (stuck).
  1557 | D:4      | 1557 ||| Stepping randomly (stuck).
  1558 | D:4      | 1558 ||| Stepping randomly (stuck).
  1559 | D:4      | 1559 ||| Stepping randomly (stuck).
  1560 | D:4      | 1560 ||| Stepping randomly (stuck).
  1561 | D:4      | 1561 ||| Stepping randomly (stuck).
  1562 | D:4      | 1562 ||| Stepping randomly (stuck).
  1563 | D:4      | 1563 ||| Stepping randomly (stuck).
  1564 | D:4      | 1564 ||| Stepping randomly (stuck).
  1565 | D:4      | 1565 ||| Stepping randomly (stuck).
  1566 | D:4      | 1566 ||| Stepping randomly (stuck).
  1567 | D:4      | 1567 ||| Stepping randomly (stuck).
  1568 | D:4      | 1568 ||| Stepping randomly (stuck).
  1569 | D:4      | 1569 ||| Stepping randomly (stuck).
  1570 | D:4      | 1570 ||| Stepping randomly (stuck).
  1571 | D:4      | 1571 ||| Stepping randomly (stuck).
  1572 | D:4      | 1572 ||| Stepping randomly (stuck).
  1573 | D:4      | 1573 ||| Stepping randomly (stuck).
  1574 | D:4      | 1574 ||| Stepping randomly (stuck).
  1575 | D:4      | 1575 ||| Stepping randomly (stuck).
  1576 | D:4      | 1576 ||| Stepping randomly (stuck).
  1577 | D:4      | 1577 ||| Stepping randomly (stuck).
  1578 | D:4      | 1578 ||| Stepping randomly (stuck).
  1579 | D:4      | 1579 ||| Stepping randomly (stuck).
  1580 | D:4      | 1580 ||| Stepping randomly (stuck).
  1581 | D:4      | 1581 ||| Stepping randomly (stuck).
  1582 | D:4      | 1582 ||| Stepping randomly (stuck).
  1583 | D:4      | 1583 ||| Stepping randomly (stuck).
  1584 | D:4      | 1584 ||| Stepping randomly (stuck).
  1585 | D:4      | 1585 ||| Stepping randomly (stuck).
  1586 | D:4      | 1586 ||| Stepping randomly (stuck).
  1587 | D:4      | 1587 ||| Stepping randomly (stuck).
  1588 | D:4      | 1588 ||| Stepping randomly (stuck).
  1589 | D:4      | 1589 ||| Stepping randomly (stuck).
  1590 | D:4      | 1590 ||| Stepping randomly (stuck).
  1591 | D:4      | 1591 ||| Stepping randomly (stuck).
  1592 | D:4      | 1592 ||| Stepping randomly (stuck).
  1593 | D:4      | 1593 ||| Stepping randomly (stuck).
  1594 | D:4      | 1594 ||| Stepping randomly (stuck).
  1595 | D:4      | 1595 ||| Stepping randomly (stuck).
  1596 | D:4      | 1596 ||| Stepping randomly (stuck).
  1597 | D:4      | 1597 ||| Stepping randomly (stuck).
  1598 | D:4      | 1598 ||| Stepping randomly (stuck).
  1599 | D:4      | 1599 ||| Stepping randomly (stuck).
  1600 | D:4      | 1600 ||| Stepping randomly (stuck).
  1601 | D:4      | 1601 ||| Stepping randomly (stuck).
  1602 | D:4      | 1602 ||| Stepping randomly (stuck).
  1603 | D:4      | 1603 ||| Stepping randomly (stuck).
  1604 | D:4      | 1604 ||| Stepping randomly (stuck).
  1605 | D:4      | 1605 ||| Stepping randomly (stuck).
  1606 | D:4      | 1606 ||| Stepping randomly (stuck).
  1607 | D:4      | 1607 ||| Stepping randomly (stuck).
  1608 | D:4      | 1608 ||| Stepping randomly (stuck).
  1609 | D:4      | 1609 ||| Stepping randomly (stuck).
  1610 | D:4      | 1610 ||| Stepping randomly (stuck).
  1611 | D:4      | 1611 ||| Stepping randomly (stuck).
  1612 | D:4      | 1612 ||| Stepping randomly (stuck).
  1613 | D:4      | 1613 ||| Stepping randomly (stuck).
  1614 | D:4      | 1614 ||| Stepping randomly (stuck).
  1615 | D:4      | 1615 ||| Stepping randomly (stuck).
  1616 | D:4      | 1616 ||| Stepping randomly (stuck).
  1617 | D:4      | 1617 ||| Stepping randomly (stuck).
  1618 | D:4      | 1618 ||| Stepping randomly (stuck).
  1619 | D:4      | 1619 ||| Stepping randomly (stuck).
  1620 | D:4      | 1620 ||| Stepping randomly (stuck).
  1621 | D:4      | 1621 ||| Stepping randomly (stuck).
  1622 | D:4      | 1622 ||| Stepping randomly (stuck).
  1623 | D:4      | 1623 ||| Stepping randomly (stuck).
  1624 | D:4      | 1624 ||| Stepping randomly (stuck).
  1625 | D:4      | 1625 ||| Stepping randomly (stuck).
  1626 | D:4      | 1626 ||| Stepping randomly (stuck).
  1627 | D:4      | 1627 ||| Stepping randomly (stuck).
  1628 | D:4      | 1628 ||| Stepping randomly (stuck).
  1629 | D:4      | 1629 ||| Stepping randomly (stuck).
  1630 | D:4      | 1630 ||| Stepping randomly (stuck).
  1631 | D:4      | 1631 ||| Stepping randomly (stuck).
  1632 | D:4      | 1632 ||| Stepping randomly (stuck).
  1633 | D:4      | 1633 ||| Stepping randomly (stuck).
  1634 | D:4      | 1634 ||| Stepping randomly (stuck).
  1635 | D:4      | 1635 ||| Stepping randomly (stuck).
  1636 | D:4      | 1636 ||| Stepping randomly (stuck).
  1637 | D:4      | 1637 ||| Stepping randomly (stuck).
  1638 | D:4      | 1638 ||| Stepping randomly (stuck).
  1639 | D:4      | 1639 ||| Stepping randomly (stuck).
  1640 | D:4      | 1640 ||| Stepping randomly (stuck).
  1641 | D:4      | 1641 ||| Stepping randomly (stuck).
  1642 | D:4      | 1642 ||| Stepping randomly (stuck).
  1643 | D:4      | 1643 ||| Stepping randomly (stuck).
  1644 | D:4      | 1644 ||| Stepping randomly (stuck).
  1645 | D:4      | 1645 ||| Stepping randomly (stuck).
  1646 | D:4      | 1646 ||| Stepping randomly (stuck).
  1647 | D:4      | 1647 ||| Stepping randomly (stuck).
  1648 | D:4      | 1648 ||| Stepping randomly (stuck).
  1649 | D:4      | 1649 ||| Stepping randomly (stuck).
  1650 | D:4      | 1650 ||| Stepping randomly (stuck).
  1651 | D:4      | 1651 ||| Stepping randomly (stuck).
  1652 | D:4      | 1652 ||| Stepping randomly (stuck).
  1653 | D:4      | 1653 ||| Stepping randomly (stuck).
  1654 | D:4      | 1654 ||| Stepping randomly (stuck).
  1655 | D:4      | 1655 ||| Stepping randomly (stuck).
  1656 | D:4      | 1656 ||| Stepping randomly (stuck).
  1657 | D:4      | 1657 ||| Stepping randomly (stuck).
  1658 | D:4      | 1658 ||| Stepping randomly (stuck).
  1659 | D:4      | 1659 ||| Stepping randomly (stuck).
  1660 | D:4      | 1660 ||| Stepping randomly (stuck).
  1661 | D:4      | 1661 ||| Stepping randomly (stuck).
  1662 | D:4      | 1662 ||| Stepping randomly (stuck).
  1663 | D:4      | 1663 ||| Stepping randomly (stuck).
  1664 | D:4      | 1664 ||| Stepping randomly (stuck).
  1665 | D:4      | 1665 ||| Stepping randomly (stuck).
  1666 | D:4      | 1666 ||| Stepping randomly (stuck).
  1667 | D:4      | 1667 ||| Stepping randomly (stuck).
  1668 | D:4      | 1668 ||| Stepping randomly (stuck).
  1669 | D:4      | 1669 ||| Stepping randomly (stuck).
  1670 | D:4      | 1670 ||| Stepping randomly (stuck).
  1671 | D:4      | 1671 ||| Stepping randomly (stuck).
  1672 | D:4      | 1672 ||| Stepping randomly (stuck).
  1673 | D:4      | 1673 ||| Stepping randomly (stuck).
  1674 | D:4      | 1674 ||| Stepping randomly (stuck).
  1675 | D:4      | 1675 ||| Stepping randomly (stuck).
  1676 | D:4      | 1676 ||| Stepping randomly (stuck).
  1677 | D:4      | 1677 ||| Stepping randomly (stuck).
  1678 | D:4      | 1678 ||| Stepping randomly (stuck).
  1679 | D:4      | 1679 ||| Stepping randomly (stuck).
  1680 | D:4      | 1680 ||| Stepping randomly (stuck).
  1681 | D:4      | 1681 ||| Stepping randomly (stuck).
  1682 | D:4      | 1682 ||| Stepping randomly (stuck).
  1683 | D:4      | 1683 ||| Stepping randomly (stuck).
  1684 | D:4      | 1684 ||| Stepping randomly (stuck).
  1685 | D:4      | 1685 ||| Stepping randomly (stuck).
  1686 | D:4      | 1686 ||| Stepping randomly (stuck).
  1687 | D:4      | 1687 ||| Stepping randomly (stuck).
  1688 | D:4      | 1688 ||| Stepping randomly (stuck).
  1689 | D:4      | 1689 ||| Stepping randomly (stuck).
  1690 | D:4      | 1690 ||| Stepping randomly (stuck).
  1691 | D:4      | 1691 ||| Stepping randomly (stuck).
  1692 | D:4      | 1692 ||| Stepping randomly (stuck).
  1693 | D:4      | 1693 ||| Stepping randomly (stuck).
  1694 | D:4      | 1694 ||| Stepping randomly (stuck).
  1695 | D:4      | 1695 ||| Stepping randomly (stuck).
  1696 | D:4      | 1696 ||| Stepping randomly (stuck).
  1697 | D:4      | 1697 ||| Stepping randomly (stuck).
  1698 | D:4      | 1698 ||| Stepping randomly (stuck).
  1699 | D:4      | 1699 ||| Stepping randomly (stuck).
  1700 | D:4      | 1700 ||| Stepping randomly (stuck).
  1701 | D:4      | 1701 ||| Stepping randomly (stuck).
  1702 | D:4      | 1702 ||| Stepping randomly (stuck).
  1703 | D:4      | 1703 ||| Stepping randomly (stuck).
  1704 | D:4      | 1704 ||| Stepping randomly (stuck).
  1705 | D:4      | 1705 ||| Stepping randomly (stuck).
  1706 | D:4      | 1706 ||| Stepping randomly (stuck).
  1707 | D:4      | 1707 ||| Stepping randomly (stuck).
  1708 | D:4      | 1708 ||| Stepping randomly (stuck).
  1709 | D:4      | 1709 ||| Stepping randomly (stuck).
  1710 | D:4      | 1710 ||| Stepping randomly (stuck).
  1711 | D:4      | 1711 ||| Stepping randomly (stuck).
  1712 | D:4      | 1712 ||| Stepping randomly (stuck).
  1713 | D:4      | 1713 ||| Stepping randomly (stuck).
  1714 | D:4      | 1714 ||| Stepping randomly (stuck).
  1715 | D:4      | 1715 ||| Stepping randomly (stuck).
  1716 | D:4      | 1716 ||| Stepping randomly (stuck).
  1717 | D:4      | 1717 ||| Stepping randomly (stuck).
  1718 | D:4      | 1718 ||| Stepping randomly (stuck).
  1719 | D:4      | 1719 ||| Stepping randomly (stuck).
  1720 | D:4      | 1720 ||| Stepping randomly (stuck).
  1721 | D:4      | 1721 ||| Stepping randomly (stuck).
  1722 | D:4      | 1722 ||| Stepping randomly (stuck).
  1723 | D:4      | 1723 ||| Stepping randomly (stuck).
  1724 | D:4      | 1724 ||| Stepping randomly (stuck).
  1725 | D:4      | 1725 ||| Stepping randomly (stuck).
  1726 | D:4      | 1726 ||| Stepping randomly (stuck).
  1727 | D:4      | 1727 ||| Stepping randomly (stuck).
  1728 | D:4      | 1728 ||| Stepping randomly (stuck).
  1729 | D:4      | 1729 ||| Stepping randomly (stuck).
  1730 | D:4      | 1730 ||| Stepping randomly (stuck).
  1731 | D:4      | 1731 ||| Stepping randomly (stuck).
  1732 | D:4      | 1732 ||| Stepping randomly (stuck).
  1733 | D:4      | 1733 ||| Stepping randomly (stuck).
  1734 | D:4      | 1734 ||| Stepping randomly (stuck).
  1735 | D:4      | 1735 ||| Stepping randomly (stuck).
  1736 | D:4      | 1736 ||| Stepping randomly (stuck).
  1737 | D:4      | 1737 ||| Stepping randomly (stuck).
  1738 | D:4      | 1738 ||| Stepping randomly (stuck).
  1739 | D:4      | 1739 ||| Stepping randomly (stuck).
  1740 | D:4      | 1740 ||| Stepping randomly (stuck).
  1741 | D:4      | 1741 ||| Stepping randomly (stuck).
  1742 | D:4      | 1742 ||| Stepping randomly (stuck).
  1743 | D:4      | 1743 ||| Stepping randomly (stuck).
  1744 | D:4      | 1744 ||| Stepping randomly (stuck).
  1745 | D:4      | 1745 ||| Stepping randomly (stuck).
  1746 | D:4      | 1746 ||| Stepping randomly (stuck).
  1747 | D:4      | 1747 ||| Stepping randomly (stuck).
  1748 | D:4      | 1748 ||| Stepping randomly (stuck).
  1749 | D:4      | 1749 ||| Stepping randomly (stuck).
  1750 | D:4      | 1750 ||| Stepping randomly (stuck).
  1751 | D:4      | 1751 ||| Stepping randomly (stuck).
  1752 | D:4      | 1752 ||| Stepping randomly (stuck).
  1753 | D:4      | 1753 ||| Stepping randomly (stuck).
  1754 | D:4      | 1754 ||| Stepping randomly (stuck).
  1755 | D:4      | 1755 ||| Stepping randomly (stuck).
  1756 | D:4      | 1756 ||| Stepping randomly (stuck).
  1757 | D:4      | 1757 ||| Stepping randomly (stuck).
  1758 | D:4      | 1758 ||| Stepping randomly (stuck).
  1759 | D:4      | 1759 ||| Stepping randomly (stuck).
  1760 | D:4      | 1760 ||| Stepping randomly (stuck).
  1761 | D:4      | 1761 ||| Stepping randomly (stuck).
  1762 | D:4      | 1762 ||| Stepping randomly (stuck).
  1763 | D:4      | 1763 ||| Stepping randomly (stuck).
  1764 | D:4      | 1764 ||| Stepping randomly (stuck).
  1765 | D:4      | 1765 ||| Stepping randomly (stuck).
  1766 | D:4      | 1766 ||| Stepping randomly (stuck).
  1767 | D:4      | 1767 ||| Stepping randomly (stuck).
  1768 | D:4      | 1768 ||| Stepping randomly (stuck).
  1769 | D:4      | 1769 ||| Stepping randomly (stuck).
  1770 | D:4      | 1770 ||| Stepping randomly (stuck).
  1771 | D:4      | 1771 ||| Stepping randomly (stuck).
  1772 | D:4      | 1772 ||| Stepping randomly (stuck).
  1773 | D:4      | 1773 ||| Stepping randomly (stuck).
  1774 | D:4      | 1774 ||| Stepping randomly (stuck).
  1775 | D:4      | 1775 ||| Stepping randomly (stuck).
  1776 | D:4      | 1776 ||| Stepping randomly (stuck).
  1777 | D:4      | 1777 ||| Stepping randomly (stuck).
  1778 | D:4      | 1778 ||| Stepping randomly (stuck).
  1779 | D:4      | 1779 ||| Stepping randomly (stuck).
  1780 | D:4      | 1780 ||| Stepping randomly (stuck).
  1781 | D:4      | 1781 ||| Stepping randomly (stuck).
  1782 | D:4      | 1782 ||| Stepping randomly (stuck).
  1783 | D:4      | 1783 ||| Stepping randomly (stuck).
  1784 | D:4      | 1784 ||| Stepping randomly (stuck).
  1785 | D:4      | 1785 ||| Stepping randomly (stuck).
  1786 | D:4      | 1786 ||| Stepping randomly (stuck).
  1787 | D:4      | 1787 ||| Stepping randomly (stuck).
  1788 | D:4      | 1788 ||| Stepping randomly (stuck).
  1789 | D:4      | 1789 ||| Stepping randomly (stuck).
  1790 | D:4      | 1790 ||| Stepping randomly (stuck).
  1791 | D:4      | 1791 ||| Stepping randomly (stuck).
  1792 | D:4      | 1792 ||| Stepping randomly (stuck).
  1793 | D:4      | 1793 ||| Stepping randomly (stuck).
  1794 | D:4      | 1794 ||| Stepping randomly (stuck).
  1795 | D:4      | 1795 ||| Stepping randomly (stuck).
  1796 | D:4      | 1796 ||| Stepping randomly (stuck).
  1797 | D:4      | 1797 ||| Stepping randomly (stuck).
  1798 | D:4      | 1798 ||| Stepping randomly (stuck).
  1799 | D:4      | 1799 ||| Stepping randomly (stuck).
  1800 | D:4      | 1800 ||| Stepping randomly (stuck).
  1801 | D:4      | 1801 ||| Stepping randomly (stuck).
  1802 | D:4      | 1802 ||| Stepping randomly (stuck).
  1803 | D:4      | 1803 ||| Stepping randomly (stuck).
  1804 | D:4      | 1804 ||| Stepping randomly (stuck).
  1805 | D:4      | 1805 ||| Stepping randomly (stuck).
  1806 | D:4      | 1806 ||| Stepping randomly (stuck).
  1807 | D:4      | 1807 ||| Stepping randomly (stuck).
  1808 | D:4      | 1808 ||| Stepping randomly (stuck).
  1809 | D:4      | 1809 ||| Stepping randomly (stuck).
  1810 | D:4      | 1810 ||| Stepping randomly (stuck).
  1811 | D:4      | 1811 ||| Stepping randomly (stuck).
  1812 | D:4      | 1812 ||| Stepping randomly (stuck).
  1813 | D:4      | 1813 ||| Stepping randomly (stuck).
  1814 | D:4      | 1814 ||| Stepping randomly (stuck).
  1815 | D:4      | 1815 ||| Stepping randomly (stuck).
  1816 | D:4      | 1816 ||| Stepping randomly (stuck).
  1817 | D:4      | 1817 ||| Stepping randomly (stuck).
  1818 | D:4      | 1818 ||| Stepping randomly (stuck).
  1819 | D:4      | 1819 ||| Stepping randomly (stuck).
  1820 | D:4      | 1820 ||| Stepping randomly (stuck).
  1821 | D:4      | 1821 ||| Stepping randomly (stuck).
  1822 | D:4      | 1822 ||| Stepping randomly (stuck).
  1823 | D:4      | 1823 ||| Stepping randomly (stuck).
  1824 | D:4      | 1824 ||| Stepping randomly (stuck).
  1825 | D:4      | 1825 ||| Stepping randomly (stuck).
  1826 | D:4      | 1826 ||| Stepping randomly (stuck).
  1827 | D:4      | 1827 ||| Stepping randomly (stuck).
  1828 | D:4      | 1828 ||| Stepping randomly (stuck).
  1829 | D:4      | 1829 ||| Stepping randomly (stuck).
  1830 | D:4      | 1830 ||| Stepping randomly (stuck).
  1831 | D:4      | 1831 ||| Stepping randomly (stuck).
  1832 | D:4      | 1832 ||| Stepping randomly (stuck).
  1833 | D:4      | 1833 ||| Stepping randomly (stuck).
  1834 | D:4      | 1834 ||| Stepping randomly (stuck).
  1835 | D:4      | 1835 ||| Stepping randomly (stuck).
  1836 | D:4      | 1836 ||| Stepping randomly (stuck).
  1837 | D:4      | 1837 ||| Stepping randomly (stuck).
  1838 | D:4      | 1838 ||| Stepping randomly (stuck).
  1839 | D:4      | 1839 ||| Stepping randomly (stuck).
  1840 | D:4      | 1840 ||| Stepping randomly (stuck).
  1841 | D:4      | 1841 ||| Stepping randomly (stuck).
  1842 | D:4      | 1842 ||| Stepping randomly (stuck).
  1843 | D:4      | 1843 ||| Stepping randomly (stuck).
  1844 | D:4      | 1844 ||| Stepping randomly (stuck).
  1845 | D:4      | 1845 ||| Stepping randomly (stuck).
  1846 | D:4      | 1846 ||| Stepping randomly (stuck).
  1847 | D:4      | 1847 ||| Stepping randomly (stuck).
  1848 | D:4      | 1848 ||| Stepping randomly (stuck).
  1849 | D:4      | 1849 ||| Stepping randomly (stuck).
  1850 | D:4      | 1850 ||| Stepping randomly (stuck).
  1851 | D:4      | 1851 ||| Stepping randomly (stuck).
  1852 | D:4      | 1852 ||| Stepping randomly (stuck).
  1853 | D:4      | 1853 ||| Stepping randomly (stuck).
  1854 | D:4      | 1854 ||| Stepping randomly (stuck).
  1855 | D:4      | 1855 ||| Stepping randomly (stuck).
  1856 | D:4      | 1856 ||| Stepping randomly (stuck).
  1857 | D:4      | 1857 ||| Stepping randomly (stuck).
  1858 | D:4      | 1858 ||| Stepping randomly (stuck).
  1859 | D:4      | 1859 ||| Stepping randomly (stuck).
  1860 | D:4      | 1860 ||| Stepping randomly (stuck).
  1861 | D:4      | 1861 ||| Stepping randomly (stuck).
  1862 | D:4      | 1862 ||| Stepping randomly (stuck).
  1863 | D:4      | 1863 ||| Stepping randomly (stuck).
  1864 | D:4      | 1864 ||| Stepping randomly (stuck).
  1865 | D:4      | 1865 ||| Stepping randomly (stuck).
  1866 | D:4      | 1866 ||| Stepping randomly (stuck).
  1867 | D:4      | 1867 ||| Stepping randomly (stuck).
  1868 | D:4      | 1868 ||| Stepping randomly (stuck).
  1869 | D:4      | 1869 ||| Stepping randomly (stuck).
  1870 | D:4      | 1870 ||| Stepping randomly (stuck).
  1871 | D:4      | 1871 ||| Stepping randomly (stuck).
  1872 | D:4      | 1872 ||| Stepping randomly (stuck).
  1873 | D:4      | 1873 ||| Stepping randomly (stuck).
  1874 | D:4      | 1874 ||| Stepping randomly (stuck).
  1875 | D:4      | 1875 ||| Stepping randomly (stuck).
  1876 | D:4      | 1876 ||| Stepping randomly (stuck).
  1877 | D:4      | 1877 ||| Stepping randomly (stuck).
  1878 | D:4      | 1878 ||| Stepping randomly (stuck).
  1879 | D:4      | 1879 ||| Stepping randomly (stuck).
  1880 | D:4      | 1880 ||| Stepping randomly (stuck).
  1881 | D:4      | 1881 ||| Stepping randomly (stuck).
  1882 | D:4      | 1882 ||| Stepping randomly (stuck).
  1883 | D:4      | 1883 ||| Stepping randomly (stuck).
  1884 | D:4      | 1884 ||| Stepping randomly (stuck).
  1885 | D:4      | 1885 ||| Stepping randomly (stuck).
  1886 | D:4      | 1886 ||| Stepping randomly (stuck).
  1887 | D:4      | 1887 ||| Stepping randomly (stuck).
  1888 | D:4      | 1888 ||| Stepping randomly (stuck).
  1889 | D:4      | 1889 ||| Stepping randomly (stuck).
  1890 | D:4      | 1890 ||| Stepping randomly (stuck).
  1891 | D:4      | 1891 ||| Stepping randomly (stuck).
  1892 | D:4      | 1892 ||| Stepping randomly (stuck).
  1893 | D:4      | 1893 ||| Stepping randomly (stuck).
  1894 | D:4      | 1894 ||| Stepping randomly (stuck).
  1895 | D:4      | 1895 ||| Stepping randomly (stuck).
  1896 | D:4      | 1896 ||| Stepping randomly (stuck).
  1897 | D:4      | 1897 ||| Stepping randomly (stuck).
  1898 | D:4      | 1898 ||| Stepping randomly (stuck).
  1899 | D:4      | 1899 ||| Stepping randomly (stuck).
  1900 | D:4      | 1900 ||| Stepping randomly (stuck).
  1901 | D:4      | 1901 ||| Stepping randomly (stuck).
  1902 | D:4      | 1902 ||| Stepping randomly (stuck).
  1903 | D:4      | 1903 ||| Stepping randomly (stuck).
  1904 | D:4      | 1904 ||| Stepping randomly (stuck).
  1905 | D:4      | 1905 ||| Stepping randomly (stuck).
  1906 | D:4      | 1906 ||| Stepping randomly (stuck).
  1907 | D:4      | 1907 ||| Stepping randomly (stuck).
  1908 | D:4      | 1908 ||| Stepping randomly (stuck).
  1909 | D:4      | 1909 ||| Stepping randomly (stuck).
  1910 | D:4      | 1910 ||| Stepping randomly (stuck).
  1911 | D:4      | 1911 ||| Stepping randomly (stuck).
  1912 | D:4      | 1912 ||| Stepping randomly (stuck).
  1913 | D:4      | 1913 ||| Stepping randomly (stuck).
  1914 | D:4      | 1914 ||| Stepping randomly (stuck).
  1915 | D:4      | 1915 ||| Stepping randomly (stuck).
  1916 | D:4      | 1916 ||| Stepping randomly (stuck).
  1917 | D:4      | 1917 ||| Stepping randomly (stuck).
  1918 | D:4      | 1918 ||| Stepping randomly (stuck).
  1919 | D:4      | 1919 ||| Stepping randomly (stuck).
  1920 | D:4      | 1920 ||| Stepping randomly (stuck).
  1921 | D:4      | 1921 ||| Stepping randomly (stuck).
  1922 | D:4      | 1922 ||| Stepping randomly (stuck).
  1923 | D:4      | 1923 ||| Stepping randomly (stuck).
  1924 | D:4      | 1924 ||| Stepping randomly (stuck).
  1925 | D:4      | 1925 ||| Stepping randomly (stuck).
  1926 | D:4      | 1926 ||| Stepping randomly (stuck).
  1927 | D:4      | 1927 ||| Stepping randomly (stuck).
  1928 | D:4      | 1928 ||| Stepping randomly (stuck).
  1929 | D:4      | 1929 ||| Stepping randomly (stuck).
  1930 | D:4      | 1930 ||| Stepping randomly (stuck).
  1931 | D:4      | 1931 ||| Stepping randomly (stuck).
  1932 | D:4      | 1932 ||| Stepping randomly (stuck).
  1933 | D:4      | 1933 ||| Stepping randomly (stuck).
  1934 | D:4      | 1934 ||| Stepping randomly (stuck).
  1935 | D:4      | 1935 ||| Stepping randomly (stuck).
  1936 | D:4      | 1936 ||| Stepping randomly (stuck).
  1937 | D:4      | 1937 ||| Stepping randomly (stuck).
  1938 | D:4      | 1938 ||| Stepping randomly (stuck).
  1939 | D:4      | 1939 ||| Stepping randomly (stuck).
  1940 | D:4      | 1940 ||| Stepping randomly (stuck).
  1941 | D:4      | 1941 ||| Stepping randomly (stuck).
  1942 | D:4      | 1942 ||| Stepping randomly (stuck).
  1943 | D:4      | 1943 ||| Stepping randomly (stuck).
  1944 | D:4      | 1944 ||| Stepping randomly (stuck).
  1945 | D:4      | 1945 ||| Stepping randomly (stuck).
  1946 | D:4      | 1946 ||| Stepping randomly (stuck).
  1947 | D:4      | 1947 ||| Stepping randomly (stuck).
  1948 | D:4      | 1948 ||| Stepping randomly (stuck).
  1949 | D:4      | 1949 ||| Stepping randomly (stuck).
  1950 | D:4      | 1950 ||| Stepping randomly (stuck).
  1951 | D:4      | 1951 ||| Stepping randomly (stuck).
  1952 | D:4      | 1952 ||| Stepping randomly (stuck).
  1953 | D:4      | 1953 ||| Stepping randomly (stuck).
  1954 | D:4      | 1954 ||| Stepping randomly (stuck).
  1955 | D:4      | 1955 ||| Stepping randomly (stuck).
  1956 | D:4      | 1956 ||| Stepping randomly (stuck).
  1957 | D:4      | 1957 ||| Stepping randomly (stuck).
  1958 | D:4      | 1958 ||| Stepping randomly (stuck).
  1959 | D:4      | 1959 ||| Stepping randomly (stuck).
  1960 | D:4      | 1960 ||| Stepping randomly (stuck).
  1961 | D:4      | 1961 ||| Stepping randomly (stuck).
  1962 | D:4      | 1962 ||| Stepping randomly (stuck).
  1963 | D:4      | 1963 ||| Stepping randomly (stuck).
  1964 | D:4      | 1964 ||| Stepping randomly (stuck).
  1965 | D:4      | 1965 ||| Stepping randomly (stuck).
  1966 | D:4      | 1966 ||| Stepping randomly (stuck).
  1967 | D:4      | 1967 ||| Stepping randomly (stuck).
  1968 | D:4      | 1968 ||| Stepping randomly (stuck).
  1969 | D:4      | 1969 ||| Stepping randomly (stuck).
  1970 | D:4      | 1970 ||| Stepping randomly (stuck).
  1971 | D:4      | 1971 ||| Stepping randomly (stuck).
  1972 | D:4      | 1972 ||| Stepping randomly (stuck).
  1973 | D:4      | 1973 ||| Stepping randomly (stuck).
  1974 | D:4      | 1974 ||| Stepping randomly (stuck).
  1975 | D:4      | 1975 ||| Stepping randomly (stuck).
  1976 | D:4      | 1976 ||| Stepping randomly (stuck).
  1977 | D:4      | 1977 ||| Stepping randomly (stuck).
  1978 | D:4      | 1978 ||| Stepping randomly (stuck).
  1979 | D:4      | 1979 ||| Stepping randomly (stuck).
  1980 | D:4      | 1980 ||| Stepping randomly (stuck).
  1981 | D:4      | 1981 ||| Stepping randomly (stuck).
  1982 | D:4      | 1982 ||| Stepping randomly (stuck).
  1983 | D:4      | 1983 ||| Stepping randomly (stuck).
  1984 | D:4      | 1984 ||| Stepping randomly (stuck).
  1985 | D:4      | 1985 ||| Stepping randomly (stuck).
  1986 | D:4      | 1986 ||| Stepping randomly (stuck).
  1987 | D:4      | 1987 ||| Stepping randomly (stuck).
  1988 | D:4      | 1988 ||| Stepping randomly (stuck).
  1989 | D:4      | 1989 ||| Stepping randomly (stuck).
  1990 | D:4      | 1990 ||| Stepping randomly (stuck).
  1991 | D:4      | 1991 ||| Stepping randomly (stuck).
  1992 | D:4      | 1992 ||| Stepping randomly (stuck).
  1993 | D:4      | 1993 ||| Stepping randomly (stuck).
  1994 | D:4      | 1994 ||| Stepping randomly (stuck).
  1995 | D:4      | 1995 ||| Stepping randomly (stuck).
  1996 | D:4      | 1996 ||| Stepping randomly (stuck).
  1997 | D:4      | 1997 ||| Stepping randomly (stuck).
  1998 | D:4      | 1998 ||| Stepping randomly (stuck).
  1999 | D:4      | 1999 ||| Stepping randomly (stuck).
  2000 | D:4      | 2000 ||| Stepping randomly (stuck).
  2001 | D:4      | 2001 ||| Stepping randomly (stuck).
  2002 | D:4      | 2002 ||| Stepping randomly (stuck).
  2003 | D:4      | 2003 ||| Stepping randomly (stuck).
  2004 | D:4      | 2004 ||| Stepping randomly (stuck).
  2005 | D:4      | 2005 ||| Stepping randomly (stuck).
  2006 | D:4      | 2006 ||| Stepping randomly (stuck).
  2007 | D:4      | 2007 ||| Stepping randomly (stuck).
  2008 | D:4      | 2008 ||| Stepping randomly (stuck).
  2009 | D:4      | 2009 ||| Stepping randomly (stuck).
  2010 | D:4      | 2010 ||| Stepping randomly (stuck).
  2011 | D:4      | 2011 ||| Stepping randomly (stuck).
  2012 | D:4      | 2012 ||| Stepping randomly (stuck).
  2013 | D:4      | 2013 ||| Stepping randomly (stuck).
  2014 | D:4      | 2014 ||| Stepping randomly (stuck).
  2015 | D:4      | 2015 ||| Stepping randomly (stuck).
  2016 | D:4      | 2016 ||| Stepping randomly (stuck).
  2017 | D:4      | 2017 ||| Stepping randomly (stuck).
  2018 | D:4      | 2018 ||| Stepping randomly (stuck).
  2019 | D:4      | 2019 ||| Stepping randomly (stuck).
  2020 | D:4      | 2020 ||| Stepping randomly (stuck).
  2021 | D:4      | 2021 ||| Stepping randomly (stuck).
  2022 | D:4      | 2022 ||| Stepping randomly (stuck).
  2023 | D:4      | 2023 ||| Stepping randomly (stuck).
  2024 | D:4      | 2024 ||| Stepping randomly (stuck).
  2025 | D:4      | 2025 ||| Stepping randomly (stuck).
  2026 | D:4      | 2026 ||| Stepping randomly (stuck).
  2027 | D:4      | 2027 ||| Stepping randomly (stuck).
  2028 | D:4      | 2028 ||| Stepping randomly (stuck).
  2029 | D:4      | 2029 ||| Stepping randomly (stuck).
  2030 | D:4      | 2030 ||| Stepping randomly (stuck).
  2031 | D:4      | 2031 ||| Stepping randomly (stuck).
  2032 | D:4      | 2032 ||| Stepping randomly (stuck).
  2033 | D:4      | 2033 ||| Stepping randomly (stuck).
  2034 | D:4      | 2034 ||| Stepping randomly (stuck).
  2035 | D:4      | 2035 ||| Stepping randomly (stuck).
  2036 | D:4      | 2036 ||| Stepping randomly (stuck).
  2037 | D:4      | 2037 ||| Stepping randomly (stuck).
  2038 | D:4      | 2038 ||| Stepping randomly (stuck).
  2039 | D:4      | 2039 ||| Stepping randomly (stuck).
  2040 | D:4      | 2040 ||| Stepping randomly (stuck).
  2041 | D:4      | 2041 ||| Stepping randomly (stuck).
  2042 | D:4      | 2042 ||| Stepping randomly (stuck).
  2043 | D:4      | 2043 ||| Stepping randomly (stuck).
  2044 | D:4      | 2044 ||| Stepping randomly (stuck).
  2045 | D:4      | 2045 ||| Stepping randomly (stuck).
  2046 | D:4      | 2046 ||| Stepping randomly (stuck).
  2047 | D:4      | 2047 ||| Stepping randomly (stuck).
  2048 | D:4      | 2048 ||| Stepping randomly (stuck).
  2049 | D:4      | 2049 ||| Stepping randomly (stuck).
  2050 | D:4      | 2050 ||| Stepping randomly (stuck).
  2051 | D:4      | 2051 ||| Stepping randomly (stuck).
  2052 | D:4      | 2052 ||| Stepping randomly (stuck).
  2053 | D:4      | 2053 ||| Stepping randomly (stuck).
  2054 | D:4      | 2054 ||| Stepping randomly (stuck).
  2055 | D:4      | 2055 ||| Stepping randomly (stuck).
  2056 | D:4      | 2056 ||| Stepping randomly (stuck).
  2057 | D:4      | 2057 ||| Stepping randomly (stuck).
  2058 | D:4      | 2058 ||| Stepping randomly (stuck).
  2059 | D:4      | 2059 ||| Stepping randomly (stuck).
  2060 | D:4      | 2060 ||| Stepping randomly (stuck).
  2061 | D:4      | 2061 ||| Stepping randomly (stuck).
  2062 | D:4      | 2062 ||| Stepping randomly (stuck).
  2063 | D:4      | 2063 ||| Stepping randomly (stuck).
  2064 | D:4      | 2064 ||| Stepping randomly (stuck).
  2065 | D:4      | 2065 ||| Stepping randomly (stuck).
  2066 | D:4      | 2066 ||| Stepping randomly (stuck).
  2067 | D:4      | 2067 ||| Stepping randomly (stuck).
  2068 | D:4      | 2068 ||| Stepping randomly (stuck).
  2069 | D:4      | 2069 ||| Stepping randomly (stuck).
  2070 | D:4      | 2070 ||| Stepping randomly (stuck).
  2071 | D:4      | 2071 ||| Stepping randomly (stuck).
  2072 | D:4      | 2072 ||| Stepping randomly (stuck).
  2073 | D:4      | 2073 ||| Stepping randomly (stuck).
  2074 | D:4      | 2074 ||| Stepping randomly (stuck).
  2075 | D:4      | 2075 ||| Stepping randomly (stuck).
  2076 | D:4      | 2076 ||| Stepping randomly (stuck).
  2077 | D:4      | 2077 ||| Stepping randomly (stuck).
  2078 | D:4      | 2078 ||| Stepping randomly (stuck).
  2079 | D:4      | 2079 ||| Stepping randomly (stuck).
  2080 | D:4      | 2080 ||| Stepping randomly (stuck).
  2081 | D:4      | 2081 ||| Stepping randomly (stuck).
  2082 | D:4      | 2082 ||| Stepping randomly (stuck).
  2083 | D:4      | 2083 ||| Stepping randomly (stuck).
  2084 | D:4      | 2084 ||| Stepping randomly (stuck).
  2085 | D:4      | 2085 ||| Stepping randomly (stuck).
  2086 | D:4      | 2086 ||| Stepping randomly (stuck).
  2087 | D:4      | 2087 ||| Stepping randomly (stuck).
  2088 | D:4      | 2088 ||| Stepping randomly (stuck).
  2089 | D:4      | 2089 ||| Stepping randomly (stuck).
  2090 | D:4      | 2090 ||| Stepping randomly (stuck).
  2091 | D:4      | 2091 ||| Stepping randomly (stuck).
  2092 | D:4      | 2092 ||| Stepping randomly (stuck).
  2093 | D:4      | 2093 ||| Stepping randomly (stuck).
  2094 | D:4      | 2094 ||| Stepping randomly (stuck).
  2095 | D:4      | 2095 ||| Stepping randomly (stuck).
  2096 | D:4      | 2096 ||| Stepping randomly (stuck).
  2097 | D:4      | 2097 ||| Stepping randomly (stuck).
  2098 | D:4      | 2098 ||| Stepping randomly (stuck).
  2099 | D:4      | 2099 ||| Stepping randomly (stuck).
  2100 | D:4      | 2100 ||| Stepping randomly (stuck).
  2101 | D:4      | 2101 ||| Stepping randomly (stuck).
  2102 | D:4      | 2102 ||| Stepping randomly (stuck).
  2103 | D:4      | 2103 ||| Stepping randomly (stuck).
  2104 | D:4      | 2104 ||| Stepping randomly (stuck).
  2105 | D:4      | 2105 ||| Stepping randomly (stuck).
  2106 | D:4      | 2106 ||| Stepping randomly (stuck).
  2107 | D:4      | 2107 ||| Stepping randomly (stuck).
  2108 | D:4      | 2108 ||| Stepping randomly (stuck).
  2109 | D:4      | 2109 ||| Stepping randomly (stuck).
  2110 | D:4      | 2110 ||| Stepping randomly (stuck).
  2111 | D:4      | 2111 ||| Stepping randomly (stuck).
  2112 | D:4      | 2112 ||| Stepping randomly (stuck).
  2113 | D:4      | 2113 ||| Stepping randomly (stuck).
  2114 | D:4      | 2114 ||| Stepping randomly (stuck).
  2115 | D:4      | 2115 ||| Stepping randomly (stuck).
  2116 | D:4      | 2116 ||| Stepping randomly (stuck).
  2117 | D:4      | 2117 ||| Stepping randomly (stuck).
  2118 | D:4      | 2118 ||| Stepping randomly (stuck).
  2119 | D:4      | 2119 ||| Stepping randomly (stuck).
  2120 | D:4      | 2120 ||| Stepping randomly (stuck).
  2121 | D:4      | 2121 ||| Stepping randomly (stuck).
  2122 | D:4      | 2122 ||| Stepping randomly (stuck).
  2123 | D:4      | 2123 ||| Stepping randomly (stuck).
  2124 | D:4      | 2124 ||| Stepping randomly (stuck).
  2125 | D:4      | 2125 ||| Stepping randomly (stuck).
  2126 | D:4      | 2126 ||| Stepping randomly (stuck).
  2127 | D:4      | 2127 ||| Stepping randomly (stuck).
  2128 | D:4      | 2128 ||| Stepping randomly (stuck).
  2129 | D:4      | 2129 ||| Stepping randomly (stuck).
  2130 | D:4      | 2130 ||| Stepping randomly (stuck).
  2131 | D:4      | 2131 ||| Stepping randomly (stuck).
  2132 | D:4      | 2132 ||| Stepping randomly (stuck).
  2133 | D:4      | 2133 ||| Stepping randomly (stuck).
  2134 | D:4      | 2134 ||| Stepping randomly (stuck).
  2135 | D:4      | 2135 ||| Stepping randomly (stuck).
  2136 | D:4      | 2136 ||| Stepping randomly (stuck).
  2137 | D:4      | 2137 ||| Stepping randomly (stuck).
  2138 | D:4      | 2138 ||| Stepping randomly (stuck).
  2139 | D:4      | 2139 ||| Stepping randomly (stuck).
  2140 | D:4      | 2140 ||| Stepping randomly (stuck).
  2141 | D:4      | 2141 ||| Stepping randomly (stuck).
  2142 | D:4      | 2142 ||| Stepping randomly (stuck).
  2143 | D:4      | 2143 ||| Stepping randomly (stuck).
  2144 | D:4      | 2144 ||| Stepping randomly (stuck).
  2145 | D:4      | 2145 ||| Stepping randomly (stuck).
  2146 | D:4      | 2146 ||| Stepping randomly (stuck).
  2147 | D:4      | 2147 ||| Stepping randomly (stuck).
  2148 | D:4      | 2148 ||| Stepping randomly (stuck).
  2149 | D:4      | 2149 ||| Stepping randomly (stuck).
  2150 | D:4      | 2150 ||| Stepping randomly (stuck).
  2151 | D:4      | 2151 ||| Stepping randomly (stuck).
  2152 | D:4      | 2152 ||| Stepping randomly (stuck).
  2153 | D:4      | 2153 ||| Stepping randomly (stuck).
  2154 | D:4      | 2154 ||| Stepping randomly (stuck).
  2155 | D:4      | 2155 ||| Stepping randomly (stuck).
  2156 | D:4      | 2156 ||| Stepping randomly (stuck).
  2157 | D:4      | 2157 ||| Stepping randomly (stuck).
  2158 | D:4      | 2158 ||| Stepping randomly (stuck).
  2159 | D:4      | 2159 ||| Stepping randomly (stuck).
  2160 | D:4      | 2160 ||| Stepping randomly (stuck).
  2161 | D:4      | 2161 ||| Stepping randomly (stuck).
  2162 | D:4      | 2162 ||| Stepping randomly (stuck).
  2163 | D:4      | 2163 ||| Stepping randomly (stuck).
  2164 | D:4      | 2164 ||| Stepping randomly (stuck).
  2165 | D:4      | 2165 ||| Stepping randomly (stuck).
  2166 | D:4      | 2166 ||| Stepping randomly (stuck).
  2167 | D:4      | 2167 ||| Stepping randomly (stuck).
  2168 | D:4      | 2168 ||| Stepping randomly (stuck).
  2169 | D:4      | 2169 ||| Stepping randomly (stuck).
  2170 | D:4      | 2170 ||| Stepping randomly (stuck).
  2171 | D:4      | 2171 ||| Stepping randomly (stuck).
  2172 | D:4      | 2172 ||| Stepping randomly (stuck).
  2173 | D:4      | 2173 ||| Stepping randomly (stuck).
  2174 | D:4      | 2174 ||| Stepping randomly (stuck).
  2175 | D:4      | 2175 ||| Stepping randomly (stuck).
  2176 | D:4      | 2176 ||| Stepping randomly (stuck).
  2177 | D:4      | 2177 ||| Stepping randomly (stuck).
  2178 | D:4      | 2178 ||| Stepping randomly (stuck).
  2179 | D:4      | 2179 ||| Stepping randomly (stuck).
  2180 | D:4      | 2180 ||| Stepping randomly (stuck).
  2181 | D:4      | 2181 ||| Stepping randomly (stuck).
  2182 | D:4      | 2182 ||| Stepping randomly (stuck).
  2183 | D:4      | 2183 ||| Stepping randomly (stuck).
  2184 | D:4      | 2184 ||| Stepping randomly (stuck).
  2185 | D:4      | 2185 ||| Stepping randomly (stuck).
  2186 | D:4      | 2186 ||| Stepping randomly (stuck).
  2187 | D:4      | 2187 ||| Stepping randomly (stuck).
  2188 | D:4      | 2188 ||| Stepping randomly (stuck).
  2189 | D:4      | 2189 ||| Stepping randomly (stuck).
  2190 | D:4      | 2190 ||| Stepping randomly (stuck).
  2191 | D:4      | 2191 ||| Stepping randomly (stuck).
  2192 | D:4      | 2192 ||| Stepping randomly (stuck).
  2193 | D:4      | 2193 ||| Stepping randomly (stuck).
  2194 | D:4      | 2194 ||| Stepping randomly (stuck).
  2195 | D:4      | 2195 ||| Stepping randomly (stuck).
  2196 | D:4      | 2196 ||| Stepping randomly (stuck).
  2197 | D:4      | 2197 ||| Stepping randomly (stuck).
  2198 | D:4      | 2198 ||| Stepping randomly (stuck).
  2199 | D:4      | 2199 ||| Stepping randomly (stuck).
  2200 | D:4      | 2200 ||| Stepping randomly (stuck).
  2201 | D:4      | 2201 ||| Stepping randomly (stuck).
  2202 | D:4      | 2202 ||| Stepping randomly (stuck).
  2203 | D:4      | 2203 ||| Stepping randomly (stuck).
  2204 | D:4      | 2204 ||| Stepping randomly (stuck).
  2205 | D:4      | 2205 ||| Stepping randomly (stuck).
  2206 | D:4      | 2206 ||| Stepping randomly (stuck).
  2207 | D:4      | 2207 ||| Stepping randomly (stuck).
  2208 | D:4      | 2208 ||| Stepping randomly (stuck).
  2209 | D:4      | 2209 ||| Stepping randomly (stuck).
  2210 | D:4      | 2210 ||| Stepping randomly (stuck).
  2211 | D:4      | 2211 ||| Stepping randomly (stuck).
  2212 | D:4      | 2212 ||| Stepping randomly (stuck).
  2213 | D:4      | 2213 ||| Stepping randomly (stuck).
  2214 | D:4      | 2214 ||| Stepping randomly (stuck).
  2215 | D:4      | 2215 ||| Stepping randomly (stuck).
  2216 | D:4      | 2216 ||| Stepping randomly (stuck).
  2217 | D:4      | 2217 ||| Stepping randomly (stuck).
  2218 | D:4      | 2218 ||| Stepping randomly (stuck).
  2219 | D:4      | 2219 ||| Stepping randomly (stuck).
  2220 | D:4      | 2220 ||| Stepping randomly (stuck).
  2221 | D:4      | 2221 ||| Stepping randomly (stuck).
  2222 | D:4      | 2222 ||| Stepping randomly (stuck).
  2223 | D:4      | 2223 ||| Stepping randomly (stuck).
  2224 | D:4      | 2224 ||| Stepping randomly (stuck).
  2225 | D:4      | 2225 ||| Stepping randomly (stuck).
  2226 | D:4      | 2226 ||| Stepping randomly (stuck).
  2227 | D:4      | 2227 ||| Stepping randomly (stuck).
  2228 | D:4      | 2228 ||| Stepping randomly (stuck).
  2229 | D:4      | 2229 ||| Stepping randomly (stuck).
  2230 | D:4      | 2230 ||| Stepping randomly (stuck).
  2231 | D:4      | 2231 ||| Stepping randomly (stuck).
  2232 | D:4      | 2232 ||| Stepping randomly (stuck).
  2233 | D:4      | 2233 ||| Stepping randomly (stuck).
  2234 | D:4      | 2234 ||| Stepping randomly (stuck).
  2235 | D:4      | 2235 ||| Stepping randomly (stuck).
  2236 | D:4      | 2236 ||| Stepping randomly (stuck).
  2237 | D:4      | 2237 ||| Stepping randomly (stuck).
  2238 | D:4      | 2238 ||| Stepping randomly (stuck).
  2239 | D:4      | 2239 ||| Stepping randomly (stuck).
  2240 | D:4      | 2240 ||| Stepping randomly (stuck).
  2241 | D:4      | 2241 ||| Stepping randomly (stuck).
  2242 | D:4      | 2242 ||| Stepping randomly (stuck).
  2243 | D:4      | 2243 ||| Stepping randomly (stuck).
  2244 | D:4      | 2244 ||| Stepping randomly (stuck).
  2245 | D:4      | 2245 ||| Stepping randomly (stuck).
  2246 | D:4      | 2246 ||| Stepping randomly (stuck).
  2247 | D:4      | 2247 ||| Stepping randomly (stuck).
  2248 | D:4      | 2248 ||| Stepping randomly (stuck).
  2249 | D:4      | 2249 ||| Stepping randomly (stuck).
  2250 | D:4      | 2250 ||| Stepping randomly (stuck).
  2251 | D:4      | 2251 ||| Stepping randomly (stuck).
  2252 | D:4      | 2252 ||| Stepping randomly (stuck).
  2253 | D:4      | 2253 ||| Stepping randomly (stuck).
  2254 | D:4      | 2254 ||| Stepping randomly (stuck).
  2255 | D:4      | 2255 ||| Stepping randomly (stuck).
  2256 | D:4      | 2256 ||| Stepping randomly (stuck).
  2257 | D:4      | 2257 ||| Stepping randomly (stuck).
  2258 | D:4      | 2258 ||| Stepping randomly (stuck).
  2259 | D:4      | 2259 ||| Stepping randomly (stuck).
  2260 | D:4      | 2260 ||| Stepping randomly (stuck).
  2261 | D:4      | 2261 ||| Stepping randomly (stuck).
  2262 | D:4      | 2262 ||| Stepping randomly (stuck).
  2263 | D:4      | 2263 ||| Stepping randomly (stuck).
  2264 | D:4      | 2264 ||| Stepping randomly (stuck).
  2265 | D:4      | 2265 ||| Stepping randomly (stuck).
  2266 | D:4      | 2266 ||| Stepping randomly (stuck).
  2267 | D:4      | 2267 ||| Stepping randomly (stuck).
  2268 | D:4      | 2268 ||| Stepping randomly (stuck).
  2269 | D:4      | 2269 ||| Stepping randomly (stuck).
  2270 | D:4      | 2270 ||| Stepping randomly (stuck).
  2271 | D:4      | 2271 ||| Stepping randomly (stuck).
  2272 | D:4      | 2272 ||| Stepping randomly (stuck).
  2273 | D:4      | 2273 ||| Stepping randomly (stuck).
  2274 | D:4      | 2274 ||| Stepping randomly (stuck).
  2275 | D:4      | 2275 ||| Stepping randomly (stuck).
  2276 | D:4      | 2276 ||| Stepping randomly (stuck).
  2277 | D:4      | 2277 ||| Stepping randomly (stuck).
  2278 | D:4      | 2278 ||| Stepping randomly (stuck).
  2279 | D:4      | 2279 ||| Stepping randomly (stuck).
  2280 | D:4      | 2280 ||| Stepping randomly (stuck).
  2281 | D:4      | 2281 ||| Stepping randomly (stuck).
  2282 | D:4      | 2282 ||| Stepping randomly (stuck).
  2283 | D:4      | 2283 ||| Stepping randomly (stuck).
  2284 | D:4      | 2284 ||| Stepping randomly (stuck).
  2285 | D:4      | 2285 ||| Stepping randomly (stuck).
  2286 | D:4      | 2286 ||| Stepping randomly (stuck).
  2287 | D:4      | 2287 ||| Stepping randomly (stuck).
  2288 | D:4      | 2288 ||| Stepping randomly (stuck).
  2289 | D:4      | 2289 ||| Stepping randomly (stuck).
  2290 | D:4      | 2290 ||| Stepping randomly (stuck).
  2291 | D:4      | 2291 ||| Stepping randomly (stuck).
  2292 | D:4      | 2292 ||| Stepping randomly (stuck).
  2293 | D:4      | 2293 ||| Stepping randomly (stuck).
  2294 | D:4      | 2294 ||| Stepping randomly (stuck).
  2295 | D:4      | 2295 ||| Stepping randomly (stuck).
  2296 | D:4      | 2296 ||| Stepping randomly (stuck).
  2297 | D:4      | 2297 ||| Stepping randomly (stuck).
  2298 | D:4      | 2298 ||| Stepping randomly (stuck).
  2299 | D:4      | 2299 ||| Stepping randomly (stuck).
  2300 | D:4      | 2300 ||| Stepping randomly (stuck).
  2301 | D:4      | 2301 ||| Stepping randomly (stuck).
  2302 | D:4      | 2302 ||| Stepping randomly (stuck).
  2303 | D:4      | 2303 ||| Stepping randomly (stuck).
  2304 | D:4      | 2304 ||| Stepping randomly (stuck).
  2305 | D:4      | 2305 ||| Stepping randomly (stuck).
  2306 | D:4      | 2306 ||| Stepping randomly (stuck).
  2307 | D:4      | 2307 ||| Stepping randomly (stuck).
  2308 | D:4      | 2308 ||| Stepping randomly (stuck).
  2309 | D:4      | 2309 ||| Stepping randomly (stuck).
  2310 | D:4      | 2310 ||| Stepping randomly (stuck).
  2311 | D:4      | 2311 ||| Stepping randomly (stuck).
  2312 | D:4      | 2312 ||| Stepping randomly (stuck).
  2313 | D:4      | 2313 ||| Stepping randomly (stuck).
  2314 | D:4      | 2314 ||| Stepping randomly (stuck).
  2315 | D:4      | 2315 ||| Stepping randomly (stuck).
  2316 | D:4      | 2316 ||| Stepping randomly (stuck).
  2317 | D:4      | 2317 ||| Stepping randomly (stuck).
  2318 | D:4      | 2318 ||| Stepping randomly (stuck).
  2319 | D:4      | 2319 ||| Stepping randomly (stuck).
  2320 | D:4      | 2320 ||| Stepping randomly (stuck).
  2321 | D:4      | 2321 ||| Stepping randomly (stuck).
  2322 | D:4      | 2322 ||| Stepping randomly (stuck).
  2323 | D:4      | 2323 ||| Stepping randomly (stuck).
  2324 | D:4      | 2324 ||| Stepping randomly (stuck).
  2325 | D:4      | 2325 ||| Stepping randomly (stuck).
  2326 | D:4      | 2326 ||| Stepping randomly (stuck).
  2327 | D:4      | 2327 ||| Stepping randomly (stuck).
  2328 | D:4      | 2328 ||| Stepping randomly (stuck).
  2329 | D:4      | 2329 ||| Stepping randomly (stuck).
  2330 | D:4      | 2330 ||| Stepping randomly (stuck).
  2331 | D:4      | 2331 ||| Stepping randomly (stuck).
  2332 | D:4      | 2332 ||| Stepping randomly (stuck).
  2333 | D:4      | 2333 ||| Stepping randomly (stuck).
  2334 | D:4      | 2334 ||| Stepping randomly (stuck).
  2335 | D:4      | 2335 ||| Stepping randomly (stuck).
  2336 | D:4      | 2336 ||| Stepping randomly (stuck).
  2337 | D:4      | 2337 ||| Stepping randomly (stuck).
  2338 | D:4      | 2338 ||| Stepping randomly (stuck).
  2339 | D:4      | 2339 ||| Stepping randomly (stuck).
  2340 | D:4      | 2340 ||| Stepping randomly (stuck).
  2341 | D:4      | 2341 ||| Stepping randomly (stuck).
  2342 | D:4      | 2342 ||| Stepping randomly (stuck).
  2343 | D:4      | 2343 ||| Stepping randomly (stuck).
  2344 | D:4      | 2344 ||| Stepping randomly (stuck).
  2345 | D:4      | 2345 ||| Stepping randomly (stuck).
  2346 | D:4      | 2346 ||| Stepping randomly (stuck).
  2347 | D:4      | 2347 ||| Stepping randomly (stuck).
  2348 | D:4      | 2348 ||| Stepping randomly (stuck).
  2349 | D:4      | 2349 ||| Stepping randomly (stuck).
  2350 | D:4      | 2350 ||| Stepping randomly (stuck).
  2351 | D:4      | 2351 ||| Stepping randomly (stuck).
  2352 | D:4      | 2352 ||| Stepping randomly (stuck).
  2353 | D:4      | 2353 ||| Stepping randomly (stuck).
  2354 | D:4      | 2354 ||| Stepping randomly (stuck).
  2355 | D:4      | 2355 ||| Stepping randomly (stuck).
  2356 | D:4      | 2356 ||| Stepping randomly (stuck).
  2357 | D:4      | 2357 ||| Stepping randomly (stuck).
  2358 | D:4      | 2358 ||| Stepping randomly (stuck).
  2359 | D:4      | 2359 ||| Stepping randomly (stuck).
  2360 | D:4      | 2360 ||| Stepping randomly (stuck).
  2361 | D:4      | 2361 ||| Stepping randomly (stuck).
  2362 | D:4      | 2362 ||| Stepping randomly (stuck).
  2363 | D:4      | 2363 ||| Stepping randomly (stuck).
  2364 | D:4      | 2364 ||| Stepping randomly (stuck).
  2365 | D:4      | 2365 ||| Stepping randomly (stuck).
  2366 | D:4      | 2366 ||| Stepping randomly (stuck).
  2367 | D:4      | 2367 ||| Stepping randomly (stuck).
  2368 | D:4      | 2368 ||| Stepping randomly (stuck).
  2369 | D:4      | 2369 ||| Stepping randomly (stuck).
  2370 | D:4      | 2370 ||| Stepping randomly (stuck).
  2371 | D:4      | 2371 ||| Stepping randomly (stuck).
  2372 | D:4      | 2372 ||| Stepping randomly (stuck).
  2373 | D:4      | 2373 ||| Stepping randomly (stuck).
  2374 | D:4      | 2374 ||| Stepping randomly (stuck).
  2375 | D:4      | 2375 ||| Stepping randomly (stuck).
  2376 | D:4      | 2376 ||| Stepping randomly (stuck).
  2377 | D:4      | 2377 ||| Stepping randomly (stuck).
  2378 | D:4      | 2378 ||| Stepping randomly (stuck).
  2379 | D:4      | 2379 ||| Stepping randomly (stuck).
  2380 | D:4      | 2380 ||| Stepping randomly (stuck).
  2381 | D:4      | 2381 ||| Stepping randomly (stuck).
  2382 | D:4      | 2382 ||| Stepping randomly (stuck).
  2383 | D:4      | 2383 ||| Stepping randomly (stuck).
  2384 | D:4      | 2384 ||| Stepping randomly (stuck).
  2385 | D:4      | 2385 ||| Stepping randomly (stuck).
  2386 | D:4      | 2386 ||| Stepping randomly (stuck).
  2387 | D:4      | 2387 ||| Stepping randomly (stuck).
  2388 | D:4      | 2388 ||| Stepping randomly (stuck).
  2389 | D:4      | 2389 ||| Stepping randomly (stuck).
  2390 | D:4      | 2390 ||| Stepping randomly (stuck).
  2391 | D:4      | 2391 ||| Stepping randomly (stuck).
  2392 | D:4      | 2392 ||| Stepping randomly (stuck).
  2393 | D:4      | 2393 ||| Stepping randomly (stuck).
  2394 | D:4      | 2394 ||| Stepping randomly (stuck).
  2395 | D:4      | 2395 ||| Stepping randomly (stuck).
  2396 | D:4      | 2396 ||| Stepping randomly (stuck).
  2397 | D:4      | 2397 ||| Stepping randomly (stuck).
  2398 | D:4      | 2398 ||| Stepping randomly (stuck).
  2399 | D:4      | 2399 ||| Stepping randomly (stuck).
  2400 | D:4      | 2400 ||| Stepping randomly (stuck).
  2401 | D:4      | 2401 ||| Stepping randomly (stuck).
  2402 | D:4      | 2402 ||| Stepping randomly (stuck).
  2403 | D:4      | 2403 ||| Stepping randomly (stuck).
  2404 | D:4      | 2404 ||| Stepping randomly (stuck).
  2405 | D:4      | 2405 ||| Stepping randomly (stuck).
  2406 | D:4      | 2406 ||| Stepping randomly (stuck).
  2407 | D:4      | 2407 ||| Stepping randomly (stuck).
  2408 | D:4      | 2408 ||| Stepping randomly (stuck).
  2409 | D:4      | 2409 ||| Stepping randomly (stuck).
  2410 | D:4      | 2410 ||| Stepping randomly (stuck).
  2411 | D:4      | 2411 ||| Stepping randomly (stuck).
  2412 | D:4      | 2412 ||| Stepping randomly (stuck).
  2413 | D:4      | 2413 ||| Stepping randomly (stuck).
  2414 | D:4      | 2414 ||| Stepping randomly (stuck).
  2415 | D:4      | 2415 ||| Stepping randomly (stuck).
  2416 | D:4      | 2416 ||| Stepping randomly (stuck).
  2417 | D:4      | 2417 ||| Stepping randomly (stuck).
  2418 | D:4      | 2418 ||| Stepping randomly (stuck).
  2419 | D:4      | 2419 ||| Stepping randomly (stuck).
  2420 | D:4      | 2420 ||| Stepping randomly (stuck).
  2421 | D:4      | 2421 ||| Stepping randomly (stuck).
  2422 | D:4      | 2422 ||| Stepping randomly (stuck).
  2423 | D:4      | 2423 ||| Stepping randomly (stuck).
  2424 | D:4      | 2424 ||| Stepping randomly (stuck).
  2425 | D:4      | 2425 ||| Stepping randomly (stuck).
  2426 | D:4      | 2426 ||| Stepping randomly (stuck).
  2427 | D:4      | 2427 ||| Stepping randomly (stuck).
  2428 | D:4      | 2428 ||| Stepping randomly (stuck).
  2429 | D:4      | 2429 ||| Stepping randomly (stuck).
  2430 | D:4      | 2430 ||| Stepping randomly (stuck).
  2431 | D:4      | 2431 ||| Stepping randomly (stuck).
  2432 | D:4      | 2432 ||| Stepping randomly (stuck).
  2433 | D:4      | 2433 ||| Stepping randomly (stuck).
  2434 | D:4      | 2434 ||| Stepping randomly (stuck).
  2435 | D:4      | 2435 ||| Stepping randomly (stuck).
  2436 | D:4      | 2436 ||| Stepping randomly (stuck).
  2437 | D:4      | 2437 ||| Stepping randomly (stuck).
  2438 | D:4      | 2438 ||| Stepping randomly (stuck).
  2439 | D:4      | 2439 ||| Stepping randomly (stuck).
  2440 | D:4      | 2440 ||| Stepping randomly (stuck).
  2441 | D:4      | 2441 ||| Stepping randomly (stuck).
  2442 | D:4      | 2442 ||| Stepping randomly (stuck).
  2443 | D:4      | 2443 ||| Stepping randomly (stuck).
  2444 | D:4      | 2444 ||| Stepping randomly (stuck).
  2445 | D:4      | 2445 ||| Stepping randomly (stuck).
  2446 | D:4      | 2446 ||| Stepping randomly (stuck).
  2447 | D:4      | 2447 ||| Stepping randomly (stuck).
  2448 | D:4      | 2448 ||| Stepping randomly (stuck).
  2449 | D:4      | 2449 ||| Stepping randomly (stuck).
  2450 | D:4      | 2450 ||| Stepping randomly (stuck).
  2451 | D:4      | 2451 ||| Stepping randomly (stuck).
  2452 | D:4      | 2452 ||| Stepping randomly (stuck).
  2453 | D:4      | 2453 ||| Stepping randomly (stuck).
  2454 | D:4      | 2454 ||| Stepping randomly (stuck).
  2455 | D:4      | 2455 ||| Stepping randomly (stuck).
  2456 | D:4      | 2456 ||| Stepping randomly (stuck).
  2457 | D:4      | 2457 ||| Stepping randomly (stuck).
  2458 | D:4      | 2458 ||| Stepping randomly (stuck).
  2459 | D:4      | 2459 ||| Stepping randomly (stuck).
  2460 | D:4      | 2460 ||| Stepping randomly (stuck).
  2461 | D:4      | 2461 ||| Stepping randomly (stuck).
  2462 | D:4      | 2462 ||| Stepping randomly (stuck).
  2463 | D:4      | 2463 ||| Stepping randomly (stuck).
  2464 | D:4      | 2464 ||| Stepping randomly (stuck).
  2465 | D:4      | 2465 ||| Stepping randomly (stuck).
  2466 | D:4      | 2466 ||| Stepping randomly (stuck).
  2467 | D:4      | 2467 ||| Stepping randomly (stuck).
  2468 | D:4      | 2468 ||| Stepping randomly (stuck).
  2469 | D:4      | 2469 ||| Stepping randomly (stuck).
  2470 | D:4      | 2470 ||| Stepping randomly (stuck).
  2471 | D:4      | 2471 ||| Stepping randomly (stuck).
  2472 | D:4      | 2472 ||| Stepping randomly (stuck).
  2473 | D:4      | 2473 ||| Stepping randomly (stuck).
  2474 | D:4      | 2474 ||| Stepping randomly (stuck).
  2475 | D:4      | 2475 ||| Stepping randomly (stuck).
  2476 | D:4      | 2476 ||| Stepping randomly (stuck).
  2477 | D:4      | 2477 ||| Stepping randomly (stuck).
  2478 | D:4      | 2478 ||| Stepping randomly (stuck).
  2479 | D:4      | 2479 ||| Stepping randomly (stuck).
  2480 | D:4      | 2480 ||| Stepping randomly (stuck).
  2481 | D:4      | 2481 ||| Stepping randomly (stuck).
  2482 | D:4      | 2482 ||| Stepping randomly (stuck).
  2483 | D:4      | 2483 ||| Stepping randomly (stuck).
  2484 | D:4      | 2484 ||| Stepping randomly (stuck).
  2485 | D:4      | 2485 ||| Stepping randomly (stuck).
  2486 | D:4      | 2486 ||| Stepping randomly (stuck).
  2487 | D:4      | 2487 ||| Stepping randomly (stuck).
  2488 | D:4      | 2488 ||| Stepping randomly (stuck).
  2489 | D:4      | 2489 ||| Stepping randomly (stuck).
  2490 | D:4      | 2490 ||| Stepping randomly (stuck).
  2491 | D:4      | 2491 ||| Stepping randomly (stuck).
  2492 | D:4      | 2492 ||| Stepping randomly (stuck).
  2493 | D:4      | 2493 ||| Stepping randomly (stuck).
  2494 | D:4      | 2494 ||| Stepping randomly (stuck).
  2495 | D:4      | 2495 ||| Stepping randomly (stuck).
  2496 | D:4      | 2496 ||| Stepping randomly (stuck).
  2497 | D:4      | 2497 ||| Stepping randomly (stuck).
  2498 | D:4      | 2498 ||| Stepping randomly (stuck).
  2499 | D:4      | 2499 ||| Stepping randomly (stuck).
  2500 | D:4      | 2500 ||| Stepping randomly (stuck).
  2501 | D:4      | 2501 ||| Stepping randomly (stuck).
  2502 | D:4      | 2502 ||| Stepping randomly (stuck).
  2503 | D:4      | 2503 ||| Stepping randomly (stuck).
  2504 | D:4      | 2504 ||| Stepping randomly (stuck).
  2505 | D:4      | 2505 ||| Stepping randomly (stuck).
  2506 | D:4      | 2506 ||| Stepping randomly (stuck).
  2507 | D:4      | 2507 ||| Stepping randomly (stuck).
  2508 | D:4      | 2508 ||| Stepping randomly (stuck).
  2509 | D:4      | 2509 ||| Stepping randomly (stuck).
  2510 | D:4      | 2510 ||| Stepping randomly (stuck).
  2511 | D:4      | 2511 ||| Stepping randomly (stuck).
  2512 | D:4      | 2512 ||| Stepping randomly (stuck).
  2513 | D:4      | 2513 ||| Stepping randomly (stuck).
  2514 | D:4      | 2514 ||| Stepping randomly (stuck).
  2515 | D:4      | 2515 ||| Stepping randomly (stuck).
  2516 | D:4      | 2516 ||| Stepping randomly (stuck).
  2517 | D:4      | 2517 ||| Stepping randomly (stuck).
  2518 | D:4      | 2518 ||| Stepping randomly (stuck).
  2519 | D:4      | 2519 ||| Stepping randomly (stuck).
  2520 | D:4      | 2520 ||| Stepping randomly (stuck).
  2521 | D:4      | 2521 ||| Stepping randomly (stuck).
  2522 | D:4      | 2522 ||| Stepping randomly (stuck).
  2523 | D:4      | 2523 ||| Stepping randomly (stuck).
  2524 | D:4      | 2524 ||| Stepping randomly (stuck).
  2525 | D:4      | 2525 ||| Stepping randomly (stuck).
  2526 | D:4      | 2526 ||| Stepping randomly (stuck).
  2527 | D:4      | 2527 ||| Stepping randomly (stuck).
  2528 | D:4      | 2528 ||| Stepping randomly (stuck).
  2529 | D:4      | 2529 ||| Stepping randomly (stuck).
  2530 | D:4      | 2530 ||| Stepping randomly (stuck).
  2531 | D:4      | 2531 ||| Stepping randomly (stuck).
  2532 | D:4      | 2532 ||| Stepping randomly (stuck).
  2533 | D:4      | 2533 ||| Stepping randomly (stuck).
  2534 | D:4      | 2534 ||| Stepping randomly (stuck).
  2535 | D:4      | 2535 ||| Stepping randomly (stuck).
  2536 | D:4      | 2536 ||| Stepping randomly (stuck).
  2537 | D:4      | 2537 ||| Stepping randomly (stuck).
  2538 | D:4      | 2538 ||| Stepping randomly (stuck).
  2539 | D:4      | 2539 ||| Stepping randomly (stuck).
  2540 | D:4      | 2540 ||| Stepping randomly (stuck).
  2541 | D:4      | 2541 ||| Stepping randomly (stuck).
  2542 | D:4      | 2542 ||| Stepping randomly (stuck).
  2543 | D:4      | 2543 ||| Stepping randomly (stuck).
  2544 | D:4      | 2544 ||| Stepping randomly (stuck).
  2545 | D:4      | 2545 ||| Stepping randomly (stuck).
  2546 | D:4      | 2546 ||| Stepping randomly (stuck).
  2547 | D:4      | 2547 ||| Stepping randomly (stuck).
  2548 | D:4      | 2548 ||| Stepping randomly (stuck).
  2549 | D:4      | 2549 ||| Stepping randomly (stuck).
  2550 | D:4      | 2550 ||| Stepping randomly (stuck).
  2551 | D:4      | 2551 ||| Stepping randomly (stuck).
  2552 | D:4      | 2552 ||| Stepping randomly (stuck).
  2553 | D:4      | 2553 ||| Stepping randomly (stuck).
  2554 | D:4      | 2554 ||| Stepping randomly (stuck).
  2555 | D:4      | 2555 ||| Stepping randomly (stuck).
  2556 | D:4      | 2556 ||| Stepping randomly (stuck).
  2557 | D:4      | 2557 ||| Stepping randomly (stuck).
  2558 | D:4      | 2558 ||| Stepping randomly (stuck).
  2559 | D:4      | 2559 ||| Stepping randomly (stuck).
  2560 | D:4      | 2560 ||| Stepping randomly (stuck).
  2561 | D:4      | 2561 ||| Stepping randomly (stuck).
  2562 | D:4      | 2562 ||| Stepping randomly (stuck).
  2563 | D:4      | 2563 ||| Stepping randomly (stuck).
  2564 | D:4      | 2564 ||| Stepping randomly (stuck).
  2565 | D:4      | 2565 ||| Stepping randomly (stuck).
  2566 | D:4      | 2566 ||| Stepping randomly (stuck).
  2567 | D:4      | 2567 ||| Stepping randomly (stuck).
  2568 | D:4      | 2568 ||| Stepping randomly (stuck).
  2569 | D:4      | 2569 ||| Stepping randomly (stuck).
  2570 | D:4      | 2570 ||| Stepping randomly (stuck).
  2571 | D:4      | 2571 ||| Stepping randomly (stuck).
  2572 | D:4      | 2572 ||| Stepping randomly (stuck).
  2573 | D:4      | 2573 ||| Stepping randomly (stuck).
  2574 | D:4      | 2574 ||| Stepping randomly (stuck).
  2575 | D:4      | 2575 ||| Stepping randomly (stuck).
  2576 | D:4      | 2576 ||| Stepping randomly (stuck).
  2577 | D:4      | 2577 ||| Stepping randomly (stuck).
  2578 | D:4      | 2578 ||| Stepping randomly (stuck).
  2579 | D:4      | 2579 ||| Stepping randomly (stuck).
  2580 | D:4      | 2580 ||| Stepping randomly (stuck).
  2581 | D:4      | 2581 ||| Stepping randomly (stuck).
  2582 | D:4      | 2582 ||| Stepping randomly (stuck).
  2583 | D:4      | 2583 ||| Stepping randomly (stuck).
  2584 | D:4      | 2584 ||| Stepping randomly (stuck).
  2585 | D:4      | 2585 ||| Stepping randomly (stuck).
  2586 | D:4      | 2586 ||| Stepping randomly (stuck).
  2587 | D:4      | 2587 ||| Stepping randomly (stuck).
  2588 | D:4      | 2588 ||| Stepping randomly (stuck).
  2589 | D:4      | 2589 ||| Stepping randomly (stuck).
  2590 | D:4      | 2590 ||| Stepping randomly (stuck).
  2591 | D:4      | 2591 ||| Stepping randomly (stuck).
  2592 | D:4      | 2592 ||| Stepping randomly (stuck).
  2593 | D:4      | 2593 ||| Stepping randomly (stuck).
  2594 | D:4      | 2594 ||| Stepping randomly (stuck).
  2595 | D:4      | 2595 ||| Stepping randomly (stuck).
  2596 | D:4      | 2596 ||| Stepping randomly (stuck).
  2597 | D:4      | 2597 ||| Stepping randomly (stuck).
  2598 | D:4      | 2598 ||| Stepping randomly (stuck).
  2599 | D:4      | 2599 ||| Stepping randomly (stuck).
  2600 | D:4      | 2600 ||| Stepping randomly (stuck).
  2601 | D:4      | 2601 ||| Stepping randomly (stuck).
  2602 | D:4      | 2602 ||| Stepping randomly (stuck).
  2603 | D:4      | 2603 ||| Stepping randomly (stuck).
  2604 | D:4      | 2604 ||| Stepping randomly (stuck).
  2605 | D:4      | 2605 ||| Stepping randomly (stuck).
  2606 | D:4      | 2606 ||| Stepping randomly (stuck).
  2607 | D:4      | 2607 ||| Stepping randomly (stuck).
  2608 | D:4      | 2608 ||| Stepping randomly (stuck).
  2609 | D:4      | 2609 ||| Stepping randomly (stuck).
  2610 | D:4      | 2610 ||| Stepping randomly (stuck).
  2611 | D:4      | 2611 ||| Stepping randomly (stuck).
  2612 | D:4      | 2612 ||| Stepping randomly (stuck).
  2613 | D:4      | 2613 ||| Stepping randomly (stuck).
  2614 | D:4      | 2614 ||| Stepping randomly (stuck).
  2615 | D:4      | 2615 ||| Stepping randomly (stuck).
  2616 | D:4      | 2616 ||| Stepping randomly (stuck).
  2617 | D:4      | 2617 ||| Stepping randomly (stuck).
  2618 | D:4      | 2618 ||| Stepping randomly (stuck).
  2619 | D:4      | 2619 ||| Stepping randomly (stuck).
  2620 | D:4      | 2620 ||| Stepping randomly (stuck).
  2621 | D:4      | 2621 ||| Stepping randomly (stuck).
  2622 | D:4      | 2622 ||| Stepping randomly (stuck).
  2623 | D:4      | 2623 ||| Stepping randomly (stuck).
  2624 | D:4      | 2624 ||| Stepping randomly (stuck).
  2625 | D:4      | 2625 ||| Stepping randomly (stuck).
  2626 | D:4      | 2626 ||| Stepping randomly (stuck).
  2627 | D:4      | 2627 ||| Stepping randomly (stuck).
  2628 | D:4      | 2628 ||| Stepping randomly (stuck).
  2629 | D:4      | 2629 ||| Stepping randomly (stuck).
  2630 | D:4      | 2630 ||| Stepping randomly (stuck).
  2631 | D:4      | 2631 ||| Stepping randomly (stuck).
  2632 | D:4      | 2632 ||| Stepping randomly (stuck).
  2633 | D:4      | 2633 ||| Stepping randomly (stuck).
  2634 | D:4      | 2634 ||| Stepping randomly (stuck).
  2635 | D:4      | 2635 ||| Stepping randomly (stuck).
  2636 | D:4      | 2636 ||| Stepping randomly (stuck).
  2637 | D:4      | 2637 ||| Stepping randomly (stuck).
  2638 | D:4      | 2638 ||| Stepping randomly (stuck).
  2639 | D:4      | 2639 ||| Stepping randomly (stuck).
  2640 | D:4      | 2640 ||| Stepping randomly (stuck).
  2641 | D:4      | 2641 ||| Stepping randomly (stuck).
  2642 | D:4      | 2642 ||| Stepping randomly (stuck).
  2643 | D:4      | 2643 ||| Stepping randomly (stuck).
  2644 | D:4      | 2644 ||| Stepping randomly (stuck).
  2645 | D:4      | 2645 ||| Stepping randomly (stuck).
  2646 | D:4      | 2646 ||| Stepping randomly (stuck).
  2647 | D:4      | 2647 ||| Stepping randomly (stuck).
  2648 | D:4      | 2648 ||| Stepping randomly (stuck).
  2649 | D:4      | 2649 ||| Stepping randomly (stuck).
  2650 | D:4      | 2650 ||| Stepping randomly (stuck).
  2651 | D:4      | 2651 ||| Stepping randomly (stuck).
  2652 | D:4      | 2652 ||| Stepping randomly (stuck).
  2653 | D:4      | 2653 ||| Stepping randomly (stuck).
  2654 | D:4      | 2654 ||| Stepping randomly (stuck).
  2655 | D:4      | 2655 ||| Stepping randomly (stuck).
  2656 | D:4      | 2656 ||| Stepping randomly (stuck).
  2657 | D:4      | 2657 ||| Stepping randomly (stuck).
  2658 | D:4      | 2658 ||| Stepping randomly (stuck).
  2659 | D:4      | 2659 ||| Stepping randomly (stuck).
  2660 | D:4      | 2660 ||| Stepping randomly (stuck).
  2661 | D:4      | 2661 ||| Stepping randomly (stuck).
  2662 | D:4      | 2662 ||| Stepping randomly (stuck).
  2663 | D:4      | 2663 ||| Stepping randomly (stuck).
  2664 | D:4      | 2664 ||| Stepping randomly (stuck).
  2665 | D:4      | 2665 ||| Stepping randomly (stuck).
  2666 | D:4      | 2666 ||| Stepping randomly (stuck).
  2667 | D:4      | 2667 ||| Stepping randomly (stuck).
  2668 | D:4      | 2668 ||| Stepping randomly (stuck).
  2669 | D:4      | 2669 ||| Stepping randomly (stuck).
  2670 | D:4      | 2670 ||| Stepping randomly (stuck).
  2671 | D:4      | 2671 ||| Stepping randomly (stuck).
  2672 | D:4      | 2672 ||| Stepping randomly (stuck).
  2673 | D:4      | 2673 ||| Stepping randomly (stuck).
  2674 | D:4      | 2674 ||| Stepping randomly (stuck).
  2675 | D:4      | 2675 ||| Stepping randomly (stuck).
  2676 | D:4      | 2676 ||| Stepping randomly (stuck).
  2677 | D:4      | 2677 ||| Stepping randomly (stuck).
  2678 | D:4      | 2678 ||| Stepping randomly (stuck).
  2679 | D:4      | 2679 ||| Stepping randomly (stuck).
  2680 | D:4      | 2680 ||| Stepping randomly (stuck).
  2681 | D:4      | 2681 ||| Stepping randomly (stuck).
  2682 | D:4      | 2682 ||| Stepping randomly (stuck).
  2683 | D:4      | 2683 ||| Stepping randomly (stuck).
  2684 | D:4      | 2684 ||| Stepping randomly (stuck).
  2685 | D:4      | 2685 ||| Stepping randomly (stuck).
  2686 | D:4      | 2686 ||| Stepping randomly (stuck).
  2687 | D:4      | 2687 ||| Stepping randomly (stuck).
  2688 | D:4      | 2688 ||| Stepping randomly (stuck).
  2689 | D:4      | 2689 ||| Stepping randomly (stuck).
  2690 | D:4      | 2690 ||| Stepping randomly (stuck).
  2691 | D:4      | 2691 ||| Stepping randomly (stuck).
  2692 | D:4      | 2692 ||| Stepping randomly (stuck).
  2693 | D:4      | 2693 ||| Stepping randomly (stuck).
  2694 | D:4      | 2694 ||| Stepping randomly (stuck).
  2695 | D:4      | 2695 ||| Stepping randomly (stuck).
  2696 | D:4      | 2696 ||| Stepping randomly (stuck).
  2697 | D:4      | 2697 ||| Stepping randomly (stuck).
  2698 | D:4      | 2698 ||| Stepping randomly (stuck).
  2699 | D:4      | 2699 ||| Stepping randomly (stuck).
  2700 | D:4      | 2700 ||| Stepping randomly (stuck).
  2701 | D:4      | 2701 ||| Stepping randomly (stuck).
  2702 | D:4      | 2702 ||| Stepping randomly (stuck).
  2703 | D:4      | 2703 ||| Stepping randomly (stuck).
  2704 | D:4      | 2704 ||| Stepping randomly (stuck).
  2705 | D:4      | 2705 ||| Stepping randomly (stuck).
  2706 | D:4      | 2706 ||| Stepping randomly (stuck).
  2707 | D:4      | 2707 ||| Stepping randomly (stuck).
  2708 | D:4      | 2708 ||| Stepping randomly (stuck).
  2709 | D:4      | 2709 ||| Stepping randomly (stuck).
  2710 | D:4      | 2710 ||| Stepping randomly (stuck).
  2711 | D:4      | 2711 ||| Stepping randomly (stuck).
  2712 | D:4      | 2712 ||| Stepping randomly (stuck).
  2713 | D:4      | 2713 ||| Stepping randomly (stuck).
  2714 | D:4      | 2714 ||| Stepping randomly (stuck).
  2715 | D:4      | 2715 ||| Stepping randomly (stuck).
  2716 | D:4      | 2716 ||| Stepping randomly (stuck).
  2717 | D:4      | 2717 ||| Stepping randomly (stuck).
  2718 | D:4      | 2718 ||| Stepping randomly (stuck).
  2719 | D:4      | 2719 ||| Stepping randomly (stuck).
  2720 | D:4      | 2720 ||| Stepping randomly (stuck).
  2721 | D:4      | 2721 ||| Stepping randomly (stuck).
  2722 | D:4      | 2722 ||| Stepping randomly (stuck).
  2723 | D:4      | 2723 ||| Stepping randomly (stuck).
  2724 | D:4      | 2724 ||| Stepping randomly (stuck).
  2725 | D:4      | 2725 ||| Stepping randomly (stuck).
  2726 | D:4      | 2726 ||| Stepping randomly (stuck).
  2727 | D:4      | 2727 ||| Stepping randomly (stuck).
  2728 | D:4      | 2728 ||| Stepping randomly (stuck).
  2729 | D:4      | 2729 ||| Stepping randomly (stuck).
  2730 | D:4      | 2730 ||| Stepping randomly (stuck).
  2731 | D:4      | 2731 ||| Stepping randomly (stuck).
  2732 | D:4      | 2732 ||| Stepping randomly (stuck).
  2733 | D:4      | 2733 ||| Stepping randomly (stuck).
  2734 | D:4      | 2734 ||| Stepping randomly (stuck).
  2735 | D:4      | 2735 ||| Stepping randomly (stuck).
  2736 | D:4      | 2736 ||| Stepping randomly (stuck).
  2737 | D:4      | 2737 ||| Stepping randomly (stuck).
  2738 | D:4      | 2738 ||| Stepping randomly (stuck).
  2739 | D:4      | 2739 ||| Stepping randomly (stuck).
  2740 | D:4      | 2740 ||| Stepping randomly (stuck).
  2741 | D:4      | 2741 ||| Stepping randomly (stuck).
  2742 | D:4      | 2742 ||| Stepping randomly (stuck).
  2743 | D:4      | 2743 ||| Stepping randomly (stuck).
  2744 | D:4      | 2744 ||| Stepping randomly (stuck).
  2745 | D:4      | 2745 ||| Stepping randomly (stuck).
  2746 | D:4      | 2746 ||| Stepping randomly (stuck).
  2747 | D:4      | 2747 ||| Stepping randomly (stuck).
  2748 | D:4      | 2748 ||| Stepping randomly (stuck).
  2749 | D:4      | 2749 ||| Stepping randomly (stuck).
  2750 | D:4      | 2750 ||| Stepping randomly (stuck).
  2751 | D:4      | 2751 ||| Stepping randomly (stuck).
  2752 | D:4      | 2752 ||| Stepping randomly (stuck).
  2753 | D:4      | 2753 ||| Stepping randomly (stuck).
  2754 | D:4      | 2754 ||| Stepping randomly (stuck).
  2755 | D:4      | 2755 ||| Stepping randomly (stuck).
  2756 | D:4      | 2756 ||| Stepping randomly (stuck).
  2757 | D:4      | 2757 ||| Stepping randomly (stuck).
  2758 | D:4      | 2758 ||| Stepping randomly (stuck).
  2759 | D:4      | 2759 ||| Stepping randomly (stuck).
  2760 | D:4      | 2760 ||| Stepping randomly (stuck).
  2761 | D:4      | 2761 ||| Stepping randomly (stuck).
  2762 | D:4      | 2762 ||| Stepping randomly (stuck).
  2763 | D:4      | 2763 ||| Stepping randomly (stuck).
  2764 | D:4      | 2764 ||| Stepping randomly (stuck).
  2765 | D:4      | 2765 ||| Stepping randomly (stuck).
  2766 | D:4      | 2766 ||| Stepping randomly (stuck).
  2767 | D:4      | 2767 ||| Stepping randomly (stuck).
  2768 | D:4      | 2768 ||| Stepping randomly (stuck).
  2769 | D:4      | 2769 ||| Stepping randomly (stuck).
  2770 | D:4      | 2770 ||| Stepping randomly (stuck).
  2771 | D:4      | 2771 ||| Stepping randomly (stuck).
  2772 | D:4      | 2772 ||| Stepping randomly (stuck).
  2773 | D:4      | 2773 ||| Stepping randomly (stuck).
  2774 | D:4      | 2774 ||| Stepping randomly (stuck).
  2775 | D:4      | 2775 ||| Stepping randomly (stuck).
  2776 | D:4      | 2776 ||| Stepping randomly (stuck).
  2777 | D:4      | 2777 ||| Stepping randomly (stuck).
  2778 | D:4      | 2778 ||| Stepping randomly (stuck).
  2779 | D:4      | 2779 ||| Stepping randomly (stuck).
  2780 | D:4      | 2780 ||| Stepping randomly (stuck).
  2781 | D:4      | 2781 ||| Stepping randomly (stuck).
  2782 | D:4      | 2782 ||| Stepping randomly (stuck).
  2783 | D:4      | 2783 ||| Stepping randomly (stuck).
  2784 | D:4      | 2784 ||| Stepping randomly (stuck).
  2785 | D:4      | 2785 ||| Stepping randomly (stuck).
  2786 | D:4      | 2786 ||| Stepping randomly (stuck).
  2787 | D:4      | 2787 ||| Stepping randomly (stuck).
  2788 | D:4      | 2788 ||| Stepping randomly (stuck).
  2789 | D:4      | 2789 ||| Stepping randomly (stuck).
  2790 | D:4      | 2790 ||| Stepping randomly (stuck).
  2791 | D:4      | 2791 ||| Stepping randomly (stuck).
  2792 | D:4      | 2792 ||| Stepping randomly (stuck).
  2793 | D:4      | 2793 ||| Stepping randomly (stuck).
  2794 | D:4      | 2794 ||| Stepping randomly (stuck).
  2795 | D:4      | 2795 ||| Stepping randomly (stuck).
  2796 | D:4      | 2796 ||| Stepping randomly (stuck).
  2797 | D:4      | 2797 ||| Stepping randomly (stuck).
  2798 | D:4      | 2798 ||| Stepping randomly (stuck).
  2799 | D:4      | 2799 ||| Stepping randomly (stuck).
  2800 | D:4      | 2800 ||| Stepping randomly (stuck).
  2801 | D:4      | 2801 ||| Stepping randomly (stuck).
  2802 | D:4      | 2802 ||| Stepping randomly (stuck).
  2803 | D:4      | 2803 ||| Stepping randomly (stuck).
  2804 | D:4      | 2804 ||| Stepping randomly (stuck).
  2805 | D:4      | 2805 ||| Stepping randomly (stuck).
  2806 | D:4      | 2806 ||| Stepping randomly (stuck).
  2807 | D:4      | 2807 ||| Stepping randomly (stuck).
  2808 | D:4      | 2808 ||| Stepping randomly (stuck).
  2809 | D:4      | 2809 ||| Stepping randomly (stuck).
  2810 | D:4      | 2810 ||| Stepping randomly (stuck).
  2811 | D:4      | 2811 ||| Stepping randomly (stuck).
  2812 | D:4      | 2812 ||| Stepping randomly (stuck).
  2813 | D:4      | 2813 ||| Stepping randomly (stuck).
  2814 | D:4      | 2814 ||| Stepping randomly (stuck).
  2815 | D:4      | 2815 ||| Stepping randomly (stuck).
  2816 | D:4      | 2816 ||| Stepping randomly (stuck).
  2817 | D:4      | 2817 ||| Stepping randomly (stuck).
  2818 | D:4      | 2818 ||| Stepping randomly (stuck).
  2819 | D:4      | 2819 ||| Stepping randomly (stuck).
  2820 | D:4      | 2820 ||| Stepping randomly (stuck).
  2821 | D:4      | 2821 ||| Stepping randomly (stuck).
  2822 | D:4      | 2822 ||| Stepping randomly (stuck).
  2823 | D:4      | 2823 ||| Stepping randomly (stuck).
  2824 | D:4      | 2824 ||| Stepping randomly (stuck).
  2825 | D:4      | 2825 ||| Stepping randomly (stuck).
  2826 | D:4      | 2826 ||| Stepping randomly (stuck).
  2827 | D:4      | 2827 ||| Stepping randomly (stuck).
  2828 | D:4      | 2828 ||| Stepping randomly (stuck).
  2829 | D:4      | 2829 ||| Stepping randomly (stuck).
  2830 | D:4      | 2830 ||| Stepping randomly (stuck).
  2831 | D:4      | 2831 ||| Stepping randomly (stuck).
  2832 | D:4      | 2832 ||| Stepping randomly (stuck).
  2833 | D:4      | 2833 ||| Stepping randomly (stuck).
  2834 | D:4      | 2834 ||| Stepping randomly (stuck).
  2835 | D:4      | 2835 ||| Stepping randomly (stuck).
  2836 | D:4      | 2836 ||| Stepping randomly (stuck).
  2837 | D:4      | 2837 ||| Stepping randomly (stuck).
  2838 | D:4      | 2838 ||| Stepping randomly (stuck).
  2839 | D:4      | 2839 ||| Stepping randomly (stuck).
  2840 | D:4      | 2840 ||| Stepping randomly (stuck).
  2841 | D:4      | 2841 ||| Stepping randomly (stuck).
  2842 | D:4      | 2842 ||| Stepping randomly (stuck).
  2843 | D:4      | 2843 ||| Stepping randomly (stuck).
  2844 | D:4      | 2844 ||| Stepping randomly (stuck).
  2845 | D:4      | 2845 ||| Stepping randomly (stuck).
  2846 | D:4      | 2846 ||| Stepping randomly (stuck).
  2847 | D:4      | 2847 ||| Stepping randomly (stuck).
  2848 | D:4      | 2848 ||| Stepping randomly (stuck).
  2849 | D:4      | 2849 ||| Stepping randomly (stuck).
  2850 | D:4      | 2850 ||| Stepping randomly (stuck).
  2851 | D:4      | 2851 ||| Stepping randomly (stuck).
  2852 | D:4      | 2852 ||| Stepping randomly (stuck).
  2853 | D:4      | 2853 ||| Stepping randomly (stuck).
  2854 | D:4      | 2854 ||| Stepping randomly (stuck).
  2855 | D:4      | 2855 ||| Stepping randomly (stuck).
  2856 | D:4      | 2856 ||| Stepping randomly (stuck).
  2857 | D:4      | 2857 ||| Stepping randomly (stuck).
  2858 | D:4      | 2858 ||| Stepping randomly (stuck).
  2859 | D:4      | 2859 ||| Stepping randomly (stuck).
  2860 | D:4      | 2860 ||| Stepping randomly (stuck).
  2861 | D:4      | 2861 ||| Stepping randomly (stuck).
  2862 | D:4      | 2862 ||| Stepping randomly (stuck).
  2863 | D:4      | 2863 ||| Stepping randomly (stuck).
  2864 | D:4      | 2864 ||| Stepping randomly (stuck).
  2865 | D:4      | 2865 ||| Stepping randomly (stuck).
  2866 | D:4      | 2866 ||| Stepping randomly (stuck).
  2867 | D:4      | 2867 ||| Stepping randomly (stuck).
  2868 | D:4      | 2868 ||| Stepping randomly (stuck).
  2869 | D:4      | 2869 ||| Stepping randomly (stuck).
  2870 | D:4      | 2870 ||| Stepping randomly (stuck).
  2871 | D:4      | 2871 ||| Stepping randomly (stuck).
  2872 | D:4      | 2872 ||| Stepping randomly (stuck).
  2873 | D:4      | 2873 ||| Stepping randomly (stuck).
  2874 | D:4      | 2874 ||| Stepping randomly (stuck).
  2875 | D:4      | 2875 ||| Stepping randomly (stuck).
  2876 | D:4      | 2876 ||| Stepping randomly (stuck).
  2877 | D:4      | 2877 ||| Stepping randomly (stuck).
  2878 | D:4      | 2878 ||| Stepping randomly (stuck).
  2879 | D:4      | 2879 ||| Stepping randomly (stuck).
  2880 | D:4      | 2880 ||| Stepping randomly (stuck).
  2881 | D:4      | 2881 ||| Stepping randomly (stuck).
  2882 | D:4      | 2882 ||| Stepping randomly (stuck).
  2883 | D:4      | 2883 ||| Stepping randomly (stuck).
  2884 | D:4      | 2884 ||| Stepping randomly (stuck).
  2885 | D:4      | 2885 ||| Stepping randomly (stuck).
  2886 | D:4      | 2886 ||| Stepping randomly (stuck).
  2887 | D:4      | 2887 ||| Stepping randomly (stuck).
  2888 | D:4      | 2888 ||| Stepping randomly (stuck).
  2889 | D:4      | 2889 ||| Stepping randomly (stuck).
  2890 | D:4      | 2890 ||| Stepping randomly (stuck).
  2891 | D:4      | 2891 ||| Stepping randomly (stuck).
  2892 | D:4      | 2892 ||| Stepping randomly (stuck).
  2893 | D:4      | 2893 ||| Stepping randomly (stuck).
  2894 | D:4      | 2894 ||| Stepping randomly (stuck).
  2895 | D:4      | 2895 ||| Stepping randomly (stuck).
  2896 | D:4      | 2896 ||| Stepping randomly (stuck).
  2897 | D:4      | 2897 ||| Stepping randomly (stuck).
  2898 | D:4      | 2898 ||| Stepping randomly (stuck).
  2899 | D:4      | 2899 ||| Stepping randomly (stuck).
  2900 | D:4      | 2900 ||| Stepping randomly (stuck).
  2901 | D:4      | 2901 ||| Stepping randomly (stuck).
  2902 | D:4      | 2902 ||| Stepping randomly (stuck).
  2903 | D:4      | 2903 ||| Stepping randomly (stuck).
  2904 | D:4      | 2904 ||| Stepping randomly (stuck).
  2905 | D:4      | 2905 ||| Stepping randomly (stuck).
  2906 | D:4      | 2906 ||| Stepping randomly (stuck).
  2907 | D:4      | 2907 ||| Stepping randomly (stuck).
  2908 | D:4      | 2908 ||| Stepping randomly (stuck).
  2909 | D:4      | 2909 ||| Stepping randomly (stuck).
  2910 | D:4      | 2910 ||| Stepping randomly (stuck).
  2911 | D:4      | 2911 ||| Stepping randomly (stuck).
  2912 | D:4      | 2912 ||| Stepping randomly (stuck).
  2913 | D:4      | 2913 ||| Stepping randomly (stuck).
  2914 | D:4      | 2914 ||| Stepping randomly (stuck).
  2915 | D:4      | 2915 ||| Stepping randomly (stuck).
  2916 | D:4      | 2916 ||| Stepping randomly (stuck).
  2917 | D:4      | 2917 ||| Stepping randomly (stuck).
  2918 | D:4      | 2918 ||| Stepping randomly (stuck).
  2919 | D:4      | 2919 ||| Stepping randomly (stuck).
  2920 | D:4      | 2920 ||| Stepping randomly (stuck).
  2921 | D:4      | 2921 ||| Stepping randomly (stuck).
  2922 | D:4      | 2922 ||| Stepping randomly (stuck).
  2923 | D:4      | 2923 ||| Stepping randomly (stuck).
  2924 | D:4      | 2924 ||| Stepping randomly (stuck).
  2925 | D:4      | 2925 ||| Stepping randomly (stuck).
  2926 | D:4      | 2926 ||| Stepping randomly (stuck).
  2927 | D:4      | 2927 ||| Stepping randomly (stuck).
  2928 | D:4      | 2928 ||| Stepping randomly (stuck).
  2929 | D:4      | 2929 ||| Stepping randomly (stuck).
  2930 | D:4      | 2930 ||| Stepping randomly (stuck).
  2931 | D:4      | 2931 ||| Stepping randomly (stuck).
  2932 | D:4      | 2932 ||| Stepping randomly (stuck).
  2933 | D:4      | 2933 ||| Stepping randomly (stuck).
  2934 | D:4      | 2934 ||| Stepping randomly (stuck).
  2935 | D:4      | 2935 ||| Stepping randomly (stuck).
  2936 | D:4      | 2936 ||| Stepping randomly (stuck).
  2937 | D:4      | 2937 ||| Stepping randomly (stuck).
  2938 | D:4      | 2938 ||| Stepping randomly (stuck).
  2939 | D:4      | 2939 ||| Stepping randomly (stuck).
  2940 | D:4      | 2940 ||| Stepping randomly (stuck).
  2941 | D:4      | 2941 ||| Stepping randomly (stuck).
  2942 | D:4      | 2942 ||| Stepping randomly (stuck).
  2943 | D:4      | 2943 ||| Stepping randomly (stuck).
  2944 | D:4      | 2944 ||| Stepping randomly (stuck).
  2945 | D:4      | 2945 ||| Stepping randomly (stuck).
  2946 | D:4      | 2946 ||| Stepping randomly (stuck).
  2947 | D:4      | 2947 ||| Stepping randomly (stuck).
  2948 | D:4      | 2948 ||| Stepping randomly (stuck).
  2949 | D:4      | 2949 ||| Stepping randomly (stuck).
  2950 | D:4      | 2950 ||| Stepping randomly (stuck).
  2951 | D:4      | 2951 ||| Stepping randomly (stuck).
  2952 | D:4      | 2952 ||| Stepping randomly (stuck).
  2953 | D:4      | 2953 ||| Stepping randomly (stuck).
  2954 | D:4      | 2954 ||| Stepping randomly (stuck).
  2955 | D:4      | 2955 ||| Stepping randomly (stuck).
  2956 | D:4      | 2956 ||| Stepping randomly (stuck).
  2957 | D:4      | 2957 ||| Stepping randomly (stuck).
  2958 | D:4      | 2958 ||| Stepping randomly (stuck).
  2959 | D:4      | 2959 ||| Stepping randomly (stuck).
  2960 | D:4      | 2960 ||| Stepping randomly (stuck).
  2961 | D:4      | 2961 ||| Stepping randomly (stuck).
  2962 | D:4      | 2962 ||| Stepping randomly (stuck).
  2963 | D:4      | 2963 ||| Stepping randomly (stuck).
  2964 | D:4      | 2964 ||| Stepping randomly (stuck).
  2965 | D:4      | 2965 ||| Stepping randomly (stuck).
  2966 | D:4      | 2966 ||| Stepping randomly (stuck).
  2967 | D:4      | 2967 ||| Stepping randomly (stuck).
  2968 | D:4      | 2968 ||| Stepping randomly (stuck).
  2969 | D:4      | 2969 ||| Stepping randomly (stuck).
  2970 | D:4      | 2970 ||| Stepping randomly (stuck).
  2971 | D:4      | 2971 ||| Stepping randomly (stuck).
  2972 | D:4      | 2972 ||| Stepping randomly (stuck).
  2973 | D:4      | 2973 ||| Stepping randomly (stuck).
  2974 | D:4      | 2974 ||| Stepping randomly (stuck).
  2975 | D:4      | 2975 ||| Stepping randomly (stuck).
  2976 | D:4      | 2976 ||| Stepping randomly (stuck).
  2977 | D:4      | 2977 ||| Stepping randomly (stuck).
  2978 | D:4      | 2978 ||| Stepping randomly (stuck).
  2979 | D:4      | 2979 ||| Stepping randomly (stuck).
  2980 | D:4      | 2980 ||| Stepping randomly (stuck).
  2981 | D:4      | 2981 ||| Stepping randomly (stuck).
  2982 | D:4      | 2982 ||| Stepping randomly (stuck).
  2983 | D:4      | 2983 ||| Stepping randomly (stuck).
  2984 | D:4      | 2984 ||| Stepping randomly (stuck).
  2985 | D:4      | 2985 ||| Stepping randomly (stuck).
  2986 | D:4      | 2986 ||| Stepping randomly (stuck).
  2987 | D:4      | 2987 ||| Stepping randomly (stuck).
  2988 | D:4      | 2988 ||| Stepping randomly (stuck).
  2989 | D:4      | 2989 ||| Stepping randomly (stuck).
  2990 | D:4      | 2990 ||| Stepping randomly (stuck).
  2991 | D:4      | 2991 ||| Stepping randomly (stuck).
  2992 | D:4      | 2992 ||| Stepping randomly (stuck).
  2993 | D:4      | 2993 ||| Stepping randomly (stuck).
  2994 | D:4      | 2994 ||| Stepping randomly (stuck).
  2995 | D:4      | 2995 ||| Stepping randomly (stuck).
  2996 | D:4      | 2996 ||| Stepping randomly (stuck).
  2997 | D:4      | 2997 ||| Stepping randomly (stuck).
  2998 | D:4      | 2998 ||| Stepping randomly (stuck).
  2999 | D:4      | 2999 ||| Stepping randomly (stuck).
  3000 | D:4      | 3000 ||| Stepping randomly (stuck).
  3001 | D:4      | 3001 ||| Stepping randomly (stuck).
  3002 | D:4      | 3002 ||| Stepping randomly (stuck).
  3003 | D:4      | 3003 ||| Stepping randomly (stuck).
  3004 | D:4      | 3004 ||| Stepping randomly (stuck).
  3005 | D:4      | 3005 ||| Stepping randomly (stuck).
  3006 | D:4      | 3006 ||| Stepping randomly (stuck).
  3007 | D:4      | 3007 ||| Stepping randomly (stuck).
  3008 | D:4      | 3008 ||| Stepping randomly (stuck).
  3009 | D:4      | 3009 ||| Stepping randomly (stuck).
  3010 | D:4      | 3010 ||| Stepping randomly (stuck).
  3011 | D:4      | 3011 ||| Stepping randomly (stuck).
  3012 | D:4      | 3012 ||| Stepping randomly (stuck).
  3013 | D:4      | 3013 ||| Stepping randomly (stuck).
  3014 | D:4      | 3014 ||| Stepping randomly (stuck).
  3015 | D:4      | 3015 ||| Stepping randomly (stuck).
  3016 | D:4      | 3016 ||| Stepping randomly (stuck).
  3017 | D:4      | 3017 ||| Stepping randomly (stuck).
  3018 | D:4      | 3018 ||| Stepping randomly (stuck).
  3019 | D:4      | 3019 ||| Stepping randomly (stuck).
  3020 | D:4      | 3020 ||| Stepping randomly (stuck).
  3021 | D:4      | 3021 ||| Stepping randomly (stuck).
  3022 | D:4      | 3022 ||| Stepping randomly (stuck).
  3023 | D:4      | 3023 ||| Stepping randomly (stuck).
  3024 | D:4      | 3024 ||| Stepping randomly (stuck).
  3025 | D:4      | 3025 ||| Stepping randomly (stuck).
  3026 | D:4      | 3026 ||| Stepping randomly (stuck).
  3027 | D:4      | 3027 ||| Stepping randomly (stuck).
  3028 | D:4      | 3028 ||| Stepping randomly (stuck).
  3029 | D:4      | 3029 ||| Stepping randomly (stuck).
  3030 | D:4      | 3030 ||| Stepping randomly (stuck).
  3031 | D:4      | 3031 ||| Stepping randomly (stuck).
  3032 | D:4      | 3032 ||| Stepping randomly (stuck).
  3033 | D:4      | 3033 ||| Stepping randomly (stuck).
  3034 | D:4      | 3034 ||| Stepping randomly (stuck).
  3035 | D:4      | 3035 ||| Stepping randomly (stuck).
  3036 | D:4      | 3036 ||| Stepping randomly (stuck).
  3037 | D:4      | 3037 ||| Stepping randomly (stuck).
  3038 | D:4      | 3038 ||| Stepping randomly (stuck).
  3039 | D:4      | 3039 ||| Stepping randomly (stuck).
  3040 | D:4      | 3040 ||| Stepping randomly (stuck).
  3041 | D:4      | 3041 ||| Stepping randomly (stuck).
  3042 | D:4      | 3042 ||| Stepping randomly (stuck).
  3043 | D:4      | 3043 ||| Stepping randomly (stuck).
  3044 | D:4      | 3044 ||| Stepping randomly (stuck).
  3045 | D:4      | 3045 ||| Stepping randomly (stuck).
  3046 | D:4      | 3046 ||| Stepping randomly (stuck).
  3047 | D:4      | 3047 ||| Stepping randomly (stuck).
  3048 | D:4      | 3048 ||| Stepping randomly (stuck).
  3049 | D:4      | 3049 ||| Stepping randomly (stuck).
  3050 | D:4      | 3050 ||| Stepping randomly (stuck).
  3051 | D:4      | 3051 ||| Stepping randomly (stuck).
  3052 | D:4      | 3052 ||| Stepping randomly (stuck).
  3053 | D:4      | 3053 ||| Stepping randomly (stuck).
  3054 | D:4      | 3054 ||| Stepping randomly (stuck).
  3055 | D:4      | 3055 ||| Stepping randomly (stuck).
  3056 | D:4      | 3056 ||| Stepping randomly (stuck).
  3057 | D:4      | 3057 ||| Stepping randomly (stuck).
  3058 | D:4      | 3058 ||| Stepping randomly (stuck).
  3059 | D:4      | 3059 ||| Stepping randomly (stuck).
  3060 | D:4      | 3060 ||| Stepping randomly (stuck).
  3061 | D:4      | 3061 ||| Stepping randomly (stuck).
  3062 | D:4      | 3062 ||| Stepping randomly (stuck).
  3063 | D:4      | 3063 ||| Stepping randomly (stuck).
  3064 | D:4      | 3064 ||| Stepping randomly (stuck).
  3065 | D:4      | 3065 ||| Stepping randomly (stuck).
  3066 | D:4      | 3066 ||| Stepping randomly (stuck).
  3067 | D:4      | 3067 ||| Stepping randomly (stuck).
  3068 | D:4      | 3068 ||| Stepping randomly (stuck).
  3069 | D:4      | 3069 ||| Stepping randomly (stuck).
  3070 | D:4      | 3070 ||| Stepping randomly (stuck).
  3071 | D:4      | 3071 ||| Stepping randomly (stuck).
  3072 | D:4      | 3072 ||| Stepping randomly (stuck).
  3073 | D:4      | 3073 ||| Stepping randomly (stuck).
  3074 | D:4      | 3074 ||| Stepping randomly (stuck).
  3075 | D:4      | 3075 ||| Stepping randomly (stuck).
  3076 | D:4      | 3076 ||| Stepping randomly (stuck).
  3077 | D:4      | 3077 ||| Stepping randomly (stuck).
  3078 | D:4      | 3078 ||| Stepping randomly (stuck).
  3079 | D:4      | 3079 ||| Stepping randomly (stuck).
  3080 | D:4      | 3080 ||| Stepping randomly (stuck).
  3081 | D:4      | 3081 ||| Stepping randomly (stuck).
  3082 | D:4      | 3082 ||| Stepping randomly (stuck).
  3083 | D:4      | 3083 ||| Stepping randomly (stuck).
  3084 | D:4      | 3084 ||| Stepping randomly (stuck).
  3085 | D:4      | 3085 ||| Stepping randomly (stuck).
  3086 | D:4      | 3086 ||| Stepping randomly (stuck).
  3087 | D:4      | 3087 ||| Stepping randomly (stuck).
  3088 | D:4      | 3088 ||| Stepping randomly (stuck).
  3089 | D:4      | 3089 ||| Stepping randomly (stuck).
  3090 | D:4      | 3090 ||| Stepping randomly (stuck).
  3091 | D:4      | 3091 ||| Stepping randomly (stuck).
  3092 | D:4      | 3092 ||| Stepping randomly (stuck).
  3093 | D:4      | 3093 ||| Stepping randomly (stuck).
  3094 | D:4      | 3094 ||| Stepping randomly (stuck).
  3095 | D:4      | 3095 ||| Stepping randomly (stuck).
  3096 | D:4      | 3096 ||| Stepping randomly (stuck).
  3097 | D:4      | 3097 ||| Stepping randomly (stuck).
  3098 | D:4      | 3098 ||| Stepping randomly (stuck).
  3099 | D:4      | 3099 ||| Stepping randomly (stuck).
  3100 | D:4      | 3100 ||| Stepping randomly (stuck).
  3101 | D:4      | 3101 ||| Stepping randomly (stuck).
  3102 | D:4      | 3102 ||| Stepping randomly (stuck).
  3103 | D:4      | 3103 ||| Stepping randomly (stuck).
  3104 | D:4      | 3104 ||| Stepping randomly (stuck).
  3105 | D:4      | 3105 ||| Stepping randomly (stuck).
  3106 | D:4      | 3106 ||| Stepping randomly (stuck).
  3107 | D:4      | 3107 ||| Stepping randomly (stuck).
  3108 | D:4      | 3108 ||| Stepping randomly (stuck).
  3109 | D:4      | 3109 ||| Stepping randomly (stuck).
  3110 | D:4      | 3110 ||| Stepping randomly (stuck).
  3111 | D:4      | 3111 ||| Stepping randomly (stuck).
  3112 | D:4      | 3112 ||| Stepping randomly (stuck).
  3113 | D:4      | 3113 ||| Stepping randomly (stuck).
  3114 | D:4      | 3114 ||| Stepping randomly (stuck).
  3115 | D:4      | 3115 ||| Stepping randomly (stuck).
  3116 | D:4      | 3116 ||| Stepping randomly (stuck).
  3117 | D:4      | 3117 ||| Stepping randomly (stuck).
  3118 | D:4      | 3118 ||| Stepping randomly (stuck).
  3119 | D:4      | 3119 ||| Stepping randomly (stuck).
  3120 | D:4      | 3120 ||| Stepping randomly (stuck).
  3121 | D:4      | 3121 ||| Stepping randomly (stuck).
  3122 | D:4      | 3122 ||| Stepping randomly (stuck).
  3123 | D:4      | 3123 ||| Stepping randomly (stuck).
  3124 | D:4      | 3124 ||| Stepping randomly (stuck).
  3125 | D:4      | 3125 ||| Stepping randomly (stuck).
  3126 | D:4      | 3126 ||| Stepping randomly (stuck).
  3127 | D:4      | 3127 ||| Stepping randomly (stuck).
  3128 | D:4      | 3128 ||| Stepping randomly (stuck).
  3129 | D:4      | 3129 ||| Stepping randomly (stuck).
  3130 | D:4      | 3130 ||| Stepping randomly (stuck).
  3131 | D:4      | 3131 ||| Stepping randomly (stuck).
  3132 | D:4      | 3132 ||| Stepping randomly (stuck).
  3133 | D:4      | 3133 ||| Stepping randomly (stuck).
  3134 | D:4      | 3134 ||| Stepping randomly (stuck).
  3135 | D:4      | 3135 ||| Stepping randomly (stuck).
  3136 | D:4      | 3136 ||| Stepping randomly (stuck).
  3137 | D:4      | 3137 ||| Stepping randomly (stuck).
  3138 | D:4      | 3138 ||| Stepping randomly (stuck).
  3139 | D:4      | 3139 ||| Stepping randomly (stuck).
  3140 | D:4      | 3140 ||| Stepping randomly (stuck).
  3141 | D:4      | 3141 ||| Stepping randomly (stuck).
  3142 | D:4      | 3142 ||| Stepping randomly (stuck).
  3143 | D:4      | 3143 ||| Stepping randomly (stuck).
  3144 | D:4      | 3144 ||| Stepping randomly (stuck).
  3145 | D:4      | 3145 ||| Stepping randomly (stuck).
  3146 | D:4      | 3146 ||| Stepping randomly (stuck).
  3147 | D:4      | 3147 ||| Stepping randomly (stuck).
  3148 | D:4      | 3148 ||| Stepping randomly (stuck).
  3149 | D:4      | 3149 ||| Stepping randomly (stuck).
  3150 | D:4      | 3150 ||| Stepping randomly (stuck).
  3151 | D:4      | 3151 ||| Stepping randomly (stuck).
  3152 | D:4      | 3152 ||| Stepping randomly (stuck).
  3153 | D:4      | 3153 ||| Stepping randomly (stuck).
  3154 | D:4      | 3154 ||| Stepping randomly (stuck).
  3155 | D:4      | 3155 ||| Stepping randomly (stuck).
  3156 | D:4      | 3156 ||| Stepping randomly (stuck).
  3157 | D:4      | 3157 ||| Stepping randomly (stuck).
  3158 | D:4      | 3158 ||| Stepping randomly (stuck).
  3159 | D:4      | 3159 ||| Stepping randomly (stuck).
  3160 | D:4      | 3160 ||| Stepping randomly (stuck).
  3161 | D:4      | 3161 ||| Stepping randomly (stuck).
  3162 | D:4      | 3162 ||| Stepping randomly (stuck).
  3163 | D:4      | 3163 ||| Stepping randomly (stuck).
  3164 | D:4      | 3164 ||| Stepping randomly (stuck).
  3165 | D:4      | 3165 ||| Stepping randomly (stuck).
  3166 | D:4      | 3166 ||| Stepping randomly (stuck).
  3167 | D:4      | 3167 ||| Stepping randomly (stuck).
  3168 | D:4      | 3168 ||| Stepping randomly (stuck).
  3169 | D:4      | 3169 ||| Stepping randomly (stuck).
  3170 | D:4      | 3170 ||| Stepping randomly (stuck).
  3171 | D:4      | 3171 ||| Stepping randomly (stuck).
  3172 | D:4      | 3172 ||| Stepping randomly (stuck).
  3173 | D:4      | 3173 ||| Stepping randomly (stuck).
  3174 | D:4      | 3174 ||| Stepping randomly (stuck).
  3175 | D:4      | 3175 ||| Stepping randomly (stuck).
  3176 | D:4      | 3176 ||| Stepping randomly (stuck).
  3177 | D:4      | 3177 ||| Stepping randomly (stuck).
  3178 | D:4      | 3178 ||| Stepping randomly (stuck).
  3179 | D:4      | 3179 ||| Stepping randomly (stuck).
  3180 | D:4      | 3180 ||| Stepping randomly (stuck).
  3181 | D:4      | 3181 ||| Stepping randomly (stuck).
  3182 | D:4      | 3182 ||| Stepping randomly (stuck).
  3183 | D:4      | 3183 ||| Stepping randomly (stuck).
  3184 | D:4      | 3184 ||| Stepping randomly (stuck).
  3185 | D:4      | 3185 ||| Stepping randomly (stuck).
  3186 | D:4      | 3186 ||| Stepping randomly (stuck).
  3187 | D:4      | 3187 ||| Stepping randomly (stuck).
  3188 | D:4      | 3188 ||| Stepping randomly (stuck).
  3189 | D:4      | 3189 ||| Stepping randomly (stuck).
  3190 | D:4      | 3190 ||| Stepping randomly (stuck).
  3191 | D:4      | 3191 ||| Stepping randomly (stuck).
  3192 | D:4      | 3192 ||| Stepping randomly (stuck).
  3193 | D:4      | 3193 ||| Stepping randomly (stuck).
  3194 | D:4      | 3194 ||| Stepping randomly (stuck).
  3195 | D:4      | 3195 ||| Stepping randomly (stuck).
  3196 | D:4      | 3196 ||| Stepping randomly (stuck).
  3197 | D:4      | 3197 ||| Stepping randomly (stuck).
  3198 | D:4      | 3198 ||| Stepping randomly (stuck).
  3199 | D:4      | 3199 ||| Stepping randomly (stuck).
  3200 | D:4      | 3200 ||| Stepping randomly (stuck).
  3201 | D:4      | 3201 ||| Stepping randomly (stuck).
  3202 | D:4      | 3202 ||| Stepping randomly (stuck).
  3203 | D:4      | 3203 ||| Stepping randomly (stuck).
  3204 | D:4      | 3204 ||| Stepping randomly (stuck).
  3205 | D:4      | 3205 ||| Stepping randomly (stuck).
  3206 | D:4      | 3206 ||| Stepping randomly (stuck).
  3207 | D:4      | 3207 ||| Stepping randomly (stuck).
  3208 | D:4      | 3208 ||| Stepping randomly (stuck).
  3209 | D:4      | 3209 ||| Stepping randomly (stuck).
  3210 | D:4      | 3210 ||| Stepping randomly (stuck).
  3211 | D:4      | 3211 ||| Stepping randomly (stuck).
  3212 | D:4      | 3212 ||| Stepping randomly (stuck).
  3213 | D:4      | 3213 ||| Stepping randomly (stuck).
  3214 | D:4      | 3214 ||| Stepping randomly (stuck).
  3215 | D:4      | 3215 ||| Stepping randomly (stuck).
  3216 | D:4      | 3216 ||| Stepping randomly (stuck).
  3217 | D:4      | 3217 ||| Stepping randomly (stuck).
  3218 | D:4      | 3218 ||| Stepping randomly (stuck).
  3219 | D:4      | 3219 ||| Stepping randomly (stuck).
  3220 | D:4      | 3220 ||| Stepping randomly (stuck).
  3221 | D:4      | 3221 ||| Stepping randomly (stuck).
  3222 | D:4      | 3222 ||| Stepping randomly (stuck).
  3223 | D:4      | 3223 ||| Stepping randomly (stuck).
  3224 | D:4      | 3224 ||| Stepping randomly (stuck).
  3225 | D:4      | 3225 ||| Stepping randomly (stuck).
  3226 | D:4      | 3226 ||| Stepping randomly (stuck).
  3227 | D:4      | 3227 ||| Stepping randomly (stuck).
  3228 | D:4      | 3228 ||| Stepping randomly (stuck).
  3229 | D:4      | 3229 ||| Stepping randomly (stuck).
  3230 | D:4      | 3230 ||| Stepping randomly (stuck).
  3231 | D:4      | 3231 ||| Stepping randomly (stuck).
  3232 | D:4      | 3232 ||| Stepping randomly (stuck).
  3233 | D:4      | 3233 ||| Stepping randomly (stuck).
  3234 | D:4      | 3234 ||| Stepping randomly (stuck).
  3235 | D:4      | 3235 ||| Stepping randomly (stuck).
  3236 | D:4      | 3236 ||| Stepping randomly (stuck).
  3237 | D:4      | 3237 ||| Stepping randomly (stuck).
  3238 | D:4      | 3238 ||| Stepping randomly (stuck).
  3239 | D:4      | 3239 ||| Stepping randomly (stuck).
  3240 | D:4      | 3240 ||| Stepping randomly (stuck).
  3241 | D:4      | 3241 ||| Stepping randomly (stuck).
  3242 | D:4      | 3242 ||| Stepping randomly (stuck).
  3243 | D:4      | 3243 ||| Stepping randomly (stuck).
  3244 | D:4      | 3244 ||| Stepping randomly (stuck).
  3245 | D:4      | 3245 ||| Stepping randomly (stuck).
  3246 | D:4      | 3246 ||| Stepping randomly (stuck).
  3247 | D:4      | 3247 ||| Stepping randomly (stuck).
  3248 | D:4      | 3248 ||| Stepping randomly (stuck).
  3249 | D:4      | 3249 ||| Stepping randomly (stuck).
  3250 | D:4      | 3250 ||| Stepping randomly (stuck).
  3251 | D:4      | 3251 ||| Stepping randomly (stuck).
  3252 | D:4      | 3252 ||| Stepping randomly (stuck).
  3253 | D:4      | 3253 ||| Stepping randomly (stuck).
  3254 | D:4      | 3254 ||| Stepping randomly (stuck).
  3255 | D:4      | 3255 ||| Stepping randomly (stuck).
  3256 | D:4      | 3256 ||| Stepping randomly (stuck).
  3257 | D:4      | 3257 ||| Stepping randomly (stuck).
  3258 | D:4      | 3258 ||| Stepping randomly (stuck).
  3259 | D:4      | 3259 ||| Stepping randomly (stuck).
  3260 | D:4      | 3260 ||| Stepping randomly (stuck).
  3261 | D:4      | 3261 ||| Stepping randomly (stuck).
  3262 | D:4      | 3262 ||| Stepping randomly (stuck).
  3263 | D:4      | 3263 ||| Stepping randomly (stuck).
  3264 | D:4      | 3264 ||| Stepping randomly (stuck).
  3265 | D:4      | 3265 ||| Stepping randomly (stuck).
  3266 | D:4      | 3266 ||| Stepping randomly (stuck).
  3267 | D:4      | 3267 ||| Stepping randomly (stuck).
  3268 | D:4      | 3268 ||| Stepping randomly (stuck).
  3269 | D:4      | 3269 ||| Stepping randomly (stuck).
  3270 | D:4      | 3270 ||| Stepping randomly (stuck).
  3271 | D:4      | 3271 ||| Stepping randomly (stuck).
  3272 | D:4      | 3272 ||| Stepping randomly (stuck).
  3273 | D:4      | 3273 ||| Stepping randomly (stuck).
  3274 | D:4      | 3274 ||| Stepping randomly (stuck).
  3275 | D:4      | 3275 ||| Stepping randomly (stuck).
  3276 | D:4      | 3276 ||| Stepping randomly (stuck).
  3277 | D:4      | 3277 ||| Stepping randomly (stuck).
  3278 | D:4      | 3278 ||| Stepping randomly (stuck).
  3279 | D:4      | 3279 ||| Stepping randomly (stuck).
  3280 | D:4      | 3280 ||| Stepping randomly (stuck).
  3281 | D:4      | 3281 ||| Stepping randomly (stuck).
  3282 | D:4      | 3282 ||| Stepping randomly (stuck).
  3283 | D:4      | 3283 ||| Stepping randomly (stuck).
  3284 | D:4      | 3284 ||| Stepping randomly (stuck).
  3285 | D:4      | 3285 ||| Stepping randomly (stuck).
  3286 | D:4      | 3286 ||| Stepping randomly (stuck).
  3287 | D:4      | 3287 ||| Stepping randomly (stuck).
  3288 | D:4      | 3288 ||| Stepping randomly (stuck).
  3289 | D:4      | 3289 ||| Stepping randomly (stuck).
  3290 | D:4      | 3290 ||| Stepping randomly (stuck).
  3291 | D:4      | 3291 ||| Stepping randomly (stuck).
  3292 | D:4      | 3292 ||| Stepping randomly (stuck).
  3293 | D:4      | 3293 ||| Stepping randomly (stuck).
  3294 | D:4      | 3294 ||| Stepping randomly (stuck).
  3295 | D:4      | 3295 ||| Stepping randomly (stuck).
  3296 | D:4      | 3296 ||| Stepping randomly (stuck).
  3297 | D:4      | 3297 ||| Stepping randomly (stuck).
  3298 | D:4      | 3298 ||| Stepping randomly (stuck).
  3299 | D:4      | 3299 ||| Stepping randomly (stuck).
  3300 | D:4      | 3300 ||| Stepping randomly (stuck).
  3301 | D:4      | 3301 ||| Stepping randomly (stuck).
  3302 | D:4      | 3302 ||| Stepping randomly (stuck).
  3303 | D:4      | 3303 ||| Stepping randomly (stuck).
  3304 | D:4      | 3304 ||| Stepping randomly (stuck).
  3305 | D:4      | 3305 ||| Stepping randomly (stuck).
  3306 | D:4      | 3306 ||| Stepping randomly (stuck).
  3307 | D:4      | 3307 ||| Stepping randomly (stuck).
  3308 | D:4      | 3308 ||| Stepping randomly (stuck).
  3309 | D:4      | 3309 ||| Stepping randomly (stuck).
  3310 | D:4      | 3310 ||| Stepping randomly (stuck).
  3311 | D:4      | 3311 ||| Stepping randomly (stuck).
  3312 | D:4      | 3312 ||| Stepping randomly (stuck).
  3313 | D:4      | 3313 ||| Stepping randomly (stuck).
  3314 | D:4      | 3314 ||| Stepping randomly (stuck).
  3315 | D:4      | 3315 ||| Stepping randomly (stuck).
  3316 | D:4      | 3316 ||| Stepping randomly (stuck).
  3317 | D:4      | 3317 ||| Stepping randomly (stuck).
  3318 | D:4      | 3318 ||| Stepping randomly (stuck).
  3319 | D:4      | 3319 ||| Stepping randomly (stuck).
  3320 | D:4      | 3320 ||| Stepping randomly (stuck).
  3321 | D:4      | 3321 ||| Stepping randomly (stuck).
  3322 | D:4      | 3322 ||| Stepping randomly (stuck).
  3323 | D:4      | 3323 ||| Stepping randomly (stuck).
  3324 | D:4      | 3324 ||| Stepping randomly (stuck).
  3325 | D:4      | 3325 ||| Stepping randomly (stuck).
  3326 | D:4      | 3326 ||| Stepping randomly (stuck).
  3327 | D:4      | 3327 ||| Stepping randomly (stuck).
  3328 | D:4      | 3328 ||| Stepping randomly (stuck).
  3329 | D:4      | 3329 ||| Stepping randomly (stuck).
  3330 | D:4      | 3330 ||| Stepping randomly (stuck).
  3331 | D:4      | 3331 ||| Stepping randomly (stuck).
  3332 | D:4      | 3332 ||| Stepping randomly (stuck).
  3333 | D:4      | 3333 ||| Stepping randomly (stuck).
  3334 | D:4      | 3334 ||| Stepping randomly (stuck).
  3335 | D:4      | 3335 ||| Stepping randomly (stuck).
  3336 | D:4      | 3336 ||| Stepping randomly (stuck).
  3337 | D:4      | 3337 ||| Stepping randomly (stuck).
  3338 | D:4      | 3338 ||| Stepping randomly (stuck).
  3339 | D:4      | 3339 ||| Stepping randomly (stuck).
  3340 | D:4      | 3340 ||| Stepping randomly (stuck).
  3341 | D:4      | 3341 ||| Stepping randomly (stuck).
  3342 | D:4      | 3342 ||| Stepping randomly (stuck).
  3343 | D:4      | 3343 ||| Stepping randomly (stuck).
  3344 | D:4      | 3344 ||| Stepping randomly (stuck).
  3345 | D:4      | 3345 ||| Stepping randomly (stuck).
  3346 | D:4      | 3346 ||| Stepping randomly (stuck).
  3347 | D:4      | 3347 ||| Stepping randomly (stuck).
  3348 | D:4      | 3348 ||| Stepping randomly (stuck).
  3349 | D:4      | 3349 ||| Stepping randomly (stuck).
  3350 | D:4      | 3350 ||| Stepping randomly (stuck).
  3351 | D:4      | 3351 ||| Stepping randomly (stuck).
  3352 | D:4      | 3352 ||| Stepping randomly (stuck).
  3353 | D:4      | 3353 ||| Stepping randomly (stuck).
  3354 | D:4      | 3354 ||| Stepping randomly (stuck).
  3355 | D:4      | 3355 ||| Stepping randomly (stuck).
  3356 | D:4      | 3356 ||| Stepping randomly (stuck).
  3357 | D:4      | 3357 ||| Stepping randomly (stuck).
  3358 | D:4      | 3358 ||| Stepping randomly (stuck).
  3359 | D:4      | 3359 ||| Stepping randomly (stuck).
  3360 | D:4      | 3360 ||| Stepping randomly (stuck).
  3361 | D:4      | 3361 ||| Stepping randomly (stuck).
  3362 | D:4      | 3362 ||| Stepping randomly (stuck).
  3363 | D:4      | 3363 ||| Stepping randomly (stuck).
  3364 | D:4      | 3364 ||| Stepping randomly (stuck).
  3365 | D:4      | 3365 ||| Stepping randomly (stuck).
  3366 | D:4      | 3366 ||| Stepping randomly (stuck).
  3367 | D:4      | 3367 ||| Stepping randomly (stuck).
  3368 | D:4      | 3368 ||| Stepping randomly (stuck).
  3369 | D:4      | 3369 ||| Stepping randomly (stuck).
  3370 | D:4      | 3370 ||| Stepping randomly (stuck).
  3371 | D:4      | 3371 ||| Stepping randomly (stuck).
  3372 | D:4      | 3372 ||| Stepping randomly (stuck).
  3373 | D:4      | 3373 ||| Stepping randomly (stuck).
  3374 | D:4      | 3374 ||| Stepping randomly (stuck).
  3375 | D:4      | 3375 ||| Stepping randomly (stuck).
  3376 | D:4      | 3376 ||| Stepping randomly (stuck).
  3377 | D:4      | 3377 ||| Stepping randomly (stuck).
  3378 | D:4      | 3378 ||| Stepping randomly (stuck).
  3379 | D:4      | 3379 ||| Stepping randomly (stuck).
  3380 | D:4      | 3380 ||| Stepping randomly (stuck).
  3381 | D:4      | 3381 ||| Stepping randomly (stuck).
  3382 | D:4      | 3382 ||| Stepping randomly (stuck).
  3383 | D:4      | 3383 ||| Stepping randomly (stuck).
  3384 | D:4      | 3384 ||| Stepping randomly (stuck).
  3385 | D:4      | 3385 ||| Stepping randomly (stuck).
  3386 | D:4      | 3386 ||| Stepping randomly (stuck).
  3387 | D:4      | 3387 ||| Stepping randomly (stuck).
  3388 | D:4      | 3388 ||| Stepping randomly (stuck).
  3389 | D:4      | 3389 ||| Stepping randomly (stuck).
  3390 | D:4      | 3390 ||| Stepping randomly (stuck).
  3391 | D:4      | 3391 ||| Stepping randomly (stuck).
  3392 | D:4      | 3392 ||| Stepping randomly (stuck).
  3393 | D:4      | 3393 ||| Stepping randomly (stuck).
  3394 | D:4      | 3394 ||| Stepping randomly (stuck).
  3395 | D:4      | 3395 ||| Stepping randomly (stuck).
  3396 | D:4      | 3396 ||| Stepping randomly (stuck).
  3397 | D:4      | 3397 ||| Stepping randomly (stuck).
  3398 | D:4      | 3398 ||| Stepping randomly (stuck).
  3399 | D:4      | 3399 ||| Stepping randomly (stuck).
  3400 | D:4      | 3400 ||| Stepping randomly (stuck).
  3401 | D:4      | 3401 ||| Stepping randomly (stuck).
  3402 | D:4      | 3402 ||| Stepping randomly (stuck).
  3403 | D:4      | 3403 ||| Stepping randomly (stuck).
  3404 | D:4      | 3404 ||| Stepping randomly (stuck).
  3405 | D:4      | 3405 ||| Stepping randomly (stuck).
  3406 | D:4      | 3406 ||| Stepping randomly (stuck).
  3407 | D:4      | 3407 ||| Stepping randomly (stuck).
  3408 | D:4      | 3408 ||| Stepping randomly (stuck).
  3409 | D:4      | 3409 ||| Stepping randomly (stuck).
  3410 | D:4      | 3410 ||| Stepping randomly (stuck).
  3411 | D:4      | 3411 ||| Stepping randomly (stuck).
  3412 | D:4      | 3412 ||| Stepping randomly (stuck).
  3413 | D:4      | 3413 ||| Stepping randomly (stuck).
  3414 | D:4      | 3414 ||| Stepping randomly (stuck).
  3415 | D:4      | 3415 ||| Stepping randomly (stuck).
  3416 | D:4      | 3416 ||| Stepping randomly (stuck).
  3417 | D:4      | 3417 ||| Stepping randomly (stuck).
  3418 | D:4      | 3418 ||| Stepping randomly (stuck).
  3419 | D:4      | 3419 ||| Stepping randomly (stuck).
  3420 | D:4      | 3420 ||| Stepping randomly (stuck).
  3421 | D:4      | 3421 ||| Stepping randomly (stuck).
  3422 | D:4      | 3422 ||| Stepping randomly (stuck).
  3423 | D:4      | 3423 ||| Stepping randomly (stuck).
  3424 | D:4      | 3424 ||| Stepping randomly (stuck).
  3425 | D:4      | 3425 ||| Stepping randomly (stuck).
  3426 | D:4      | 3426 ||| Stepping randomly (stuck).
  3427 | D:4      | 3427 ||| Stepping randomly (stuck).
  3428 | D:4      | 3428 ||| Stepping randomly (stuck).
  3429 | D:4      | 3429 ||| Stepping randomly (stuck).
  3430 | D:4      | 3430 ||| Stepping randomly (stuck).
  3431 | D:4      | 3431 ||| Stepping randomly (stuck).
  3432 | D:4      | 3432 ||| Stepping randomly (stuck).
  3433 | D:4      | 3433 ||| Stepping randomly (stuck).
  3434 | D:4      | 3434 ||| Stepping randomly (stuck).
  3435 | D:4      | 3435 ||| Stepping randomly (stuck).
  3436 | D:4      | 3436 ||| Stepping randomly (stuck).
  3437 | D:4      | 3437 ||| Stepping randomly (stuck).
  3438 | D:4      | 3438 ||| Stepping randomly (stuck).
  3439 | D:4      | 3439 ||| Stepping randomly (stuck).
  3440 | D:4      | 3440 ||| Stepping randomly (stuck).
  3441 | D:4      | 3441 ||| Stepping randomly (stuck).
  3442 | D:4      | 3442 ||| Stepping randomly (stuck).
  3443 | D:4      | 3443 ||| Stepping randomly (stuck).
  3444 | D:4      | 3444 ||| Stepping randomly (stuck).
  3445 | D:4      | 3445 ||| Stepping randomly (stuck).
  3446 | D:4      | 3446 ||| Stepping randomly (stuck).
  3447 | D:4      | 3447 ||| Stepping randomly (stuck).
  3448 | D:4      | 3448 ||| Stepping randomly (stuck).
  3449 | D:4      | 3449 ||| Stepping randomly (stuck).
  3450 | D:4      | 3450 ||| Stepping randomly (stuck).
  3451 | D:4      | 3451 ||| Stepping randomly (stuck).
  3452 | D:4      | 3452 ||| Stepping randomly (stuck).
  3453 | D:4      | 3453 ||| Stepping randomly (stuck).
  3454 | D:4      | 3454 ||| Stepping randomly (stuck).
  3455 | D:4      | 3455 ||| Stepping randomly (stuck).
  3456 | D:4      | 3456 ||| Stepping randomly (stuck).
  3457 | D:4      | 3457 ||| Stepping randomly (stuck).
  3458 | D:4      | 3458 ||| Stepping randomly (stuck).
  3459 | D:4      | 3459 ||| Stepping randomly (stuck).
  3460 | D:4      | 3460 ||| Stepping randomly (stuck).
  3461 | D:4      | 3461 ||| Stepping randomly (stuck).
  3462 | D:4      | 3462 ||| Stepping randomly (stuck).
  3463 | D:4      | 3463 ||| Stepping randomly (stuck).
  3464 | D:4      | 3464 ||| Stepping randomly (stuck).
  3465 | D:4      | 3465 ||| Stepping randomly (stuck).
  3466 | D:4      | 3466 ||| Stepping randomly (stuck).
  3467 | D:4      | 3467 ||| Stepping randomly (stuck).
  3468 | D:4      | 3468 ||| Stepping randomly (stuck).
  3469 | D:4      | 3469 ||| Stepping randomly (stuck).
  3470 | D:4      | 3470 ||| Stepping randomly (stuck).
  3471 | D:4      | 3471 ||| Stepping randomly (stuck).
  3472 | D:4      | 3472 ||| Stepping randomly (stuck).
  3473 | D:4      | 3473 ||| Stepping randomly (stuck).
  3474 | D:4      | 3474 ||| Stepping randomly (stuck).
  3475 | D:4      | 3475 ||| Stepping randomly (stuck).
  3476 | D:4      | 3476 ||| Stepping randomly (stuck).
  3477 | D:4      | 3477 ||| Stepping randomly (stuck).
  3478 | D:4      | 3478 ||| Stepping randomly (stuck).
  3479 | D:4      | 3479 ||| Stepping randomly (stuck).
  3480 | D:4      | 3480 ||| Stepping randomly (stuck).
  3481 | D:4      | 3481 ||| Stepping randomly (stuck).
  3482 | D:4      | 3482 ||| Stepping randomly (stuck).
  3483 | D:4      | 3483 ||| Stepping randomly (stuck).
  3484 | D:4      | 3484 ||| Stepping randomly (stuck).
  3485 | D:4      | 3485 ||| Stepping randomly (stuck).
  3486 | D:4      | 3486 ||| Stepping randomly (stuck).
  3487 | D:4      | 3487 ||| Stepping randomly (stuck).
  3488 | D:4      | 3488 ||| Stepping randomly (stuck).
  3489 | D:4      | 3489 ||| Stepping randomly (stuck).
  3490 | D:4      | 3490 ||| Stepping randomly (stuck).
  3491 | D:4      | 3491 ||| Stepping randomly (stuck).
  3492 | D:4      | 3492 ||| Stepping randomly (stuck).
  3493 | D:4      | 3493 ||| Stepping randomly (stuck).
  3494 | D:4      | 3494 ||| Stepping randomly (stuck).
  3495 | D:4      | 3495 ||| Stepping randomly (stuck).
  3496 | D:4      | 3496 ||| Stepping randomly (stuck).
  3497 | D:4      | 3497 ||| Stepping randomly (stuck).
  3498 | D:4      | 3498 ||| Stepping randomly (stuck).
  3499 | D:4      | 3499 ||| Stepping randomly (stuck).
  3500 | D:4      | 3500 ||| Stepping randomly (stuck).
  3501 | D:4      | 3501 ||| Stepping randomly (stuck).
  3502 | D:4      | 3502 ||| Stepping randomly (stuck).
  3503 | D:4      | 3503 ||| Stepping randomly (stuck).
  3504 | D:4      | 3504 ||| Stepping randomly (stuck).
  3505 | D:4      | 3505 ||| Stepping randomly (stuck).
  3506 | D:4      | 3506 ||| Stepping randomly (stuck).
  3507 | D:4      | 3507 ||| Stepping randomly (stuck).
  3508 | D:4      | 3508 ||| Stepping randomly (stuck).
  3509 | D:4      | 3509 ||| Stepping randomly (stuck).
  3510 | D:4      | 3510 ||| Stepping randomly (stuck).
  3511 | D:4      | 3511 ||| Stepping randomly (stuck).
  3512 | D:4      | 3512 ||| Stepping randomly (stuck).
  3513 | D:4      | 3513 ||| Stepping randomly (stuck).
  3514 | D:4      | 3514 ||| Stepping randomly (stuck).
  3515 | D:4      | 3515 ||| Stepping randomly (stuck).
  3516 | D:4      | 3516 ||| Stepping randomly (stuck).
  3517 | D:4      | 3517 ||| Stepping randomly (stuck).
  3518 | D:4      | 3518 ||| Stepping randomly (stuck).
  3519 | D:4      | 3519 ||| Stepping randomly (stuck).
  3520 | D:4      | 3520 ||| Stepping randomly (stuck).
  3521 | D:4      | 3521 ||| Stepping randomly (stuck).
  3522 | D:4      | 3522 ||| Stepping randomly (stuck).
  3523 | D:4      | 3523 ||| Stepping randomly (stuck).
  3524 | D:4      | 3524 ||| Stepping randomly (stuck).
  3525 | D:4      | 3525 ||| Stepping randomly (stuck).
  3526 | D:4      | 3526 ||| Stepping randomly (stuck).
  3527 | D:4      | 3527 ||| Stepping randomly (stuck).
  3528 | D:4      | 3528 ||| Stepping randomly (stuck).
  3529 | D:4      | 3529 ||| Stepping randomly (stuck).
  3530 | D:4      | 3530 ||| Stepping randomly (stuck).
  3531 | D:4      | 3531 ||| Stepping randomly (stuck).
  3532 | D:4      | 3532 ||| Stepping randomly (stuck).
  3533 | D:4      | 3533 ||| Stepping randomly (stuck).
  3534 | D:4      | 3534 ||| Stepping randomly (stuck).
  3535 | D:4      | 3535 ||| Stepping randomly (stuck).
  3536 | D:4      | 3536 ||| Stepping randomly (stuck).
  3537 | D:4      | 3537 ||| Stepping randomly (stuck).
  3538 | D:4      | 3538 ||| Stepping randomly (stuck).
  3539 | D:4      | 3539 ||| Stepping randomly (stuck).
  3540 | D:4      | 3540 ||| Stepping randomly (stuck).
  3541 | D:4      | 3541 ||| Stepping randomly (stuck).
  3542 | D:4      | 3542 ||| Stepping randomly (stuck).
  3543 | D:4      | 3543 ||| Stepping randomly (stuck).
  3544 | D:4      | 3544 ||| Stepping randomly (stuck).
  3545 | D:4      | 3545 ||| Stepping randomly (stuck).
  3546 | D:4      | 3546 ||| Stepping randomly (stuck).
  3547 | D:4      | 3547 ||| Stepping randomly (stuck).
  3548 | D:4      | 3548 ||| Stepping randomly (stuck).
  3549 | D:4      | 3549 ||| Stepping randomly (stuck).
  3550 | D:4      | 3550 ||| Stepping randomly (stuck).
  3551 | D:4      | 3551 ||| Stepping randomly (stuck).
  3552 | D:4      | 3552 ||| Stepping randomly (stuck).
  3553 | D:4      | 3553 ||| Stepping randomly (stuck).
  3554 | D:4      | 3554 ||| Stepping randomly (stuck).
  3555 | D:4      | 3555 ||| Stepping randomly (stuck).
  3556 | D:4      | 3556 ||| Stepping randomly (stuck).
  3557 | D:4      | 3557 ||| Stepping randomly (stuck).
  3558 | D:4      | 3558 ||| Stepping randomly (stuck).
  3559 | D:4      | 3559 ||| Stepping randomly (stuck).
  3560 | D:4      | 3560 ||| Stepping randomly (stuck).
  3561 | D:4      | 3561 ||| Stepping randomly (stuck).
  3562 | D:4      | 3562 ||| Stepping randomly (stuck).
  3563 | D:4      | 3563 ||| Stepping randomly (stuck).
  3564 | D:4      | 3564 ||| Stepping randomly (stuck).
  3565 | D:4      | 3565 ||| Stepping randomly (stuck).
  3566 | D:4      | 3566 ||| Stepping randomly (stuck).
  3567 | D:4      | 3567 ||| Stepping randomly (stuck).
  3568 | D:4      | 3568 ||| Stepping randomly (stuck).
  3569 | D:4      | 3569 ||| Stepping randomly (stuck).
  3570 | D:4      | 3570 ||| Stepping randomly (stuck).
  3571 | D:4      | 3571 ||| Stepping randomly (stuck).
  3572 | D:4      | 3572 ||| Stepping randomly (stuck).
  3573 | D:4      | 3573 ||| Stepping randomly (stuck).
  3574 | D:4      | 3574 ||| Stepping randomly (stuck).
  3575 | D:4      | 3575 ||| Stepping randomly (stuck).
  3576 | D:4      | 3576 ||| Stepping randomly (stuck).
  3577 | D:4      | 3577 ||| Stepping randomly (stuck).
  3578 | D:4      | 3578 ||| Stepping randomly (stuck).
  3579 | D:4      | 3579 ||| Stepping randomly (stuck).
  3580 | D:4      | 3580 ||| Stepping randomly (stuck).
  3581 | D:4      | 3581 ||| Stepping randomly (stuck).
  3582 | D:4      | 3582 ||| Stepping randomly (stuck).
  3583 | D:4      | 3583 ||| Stepping randomly (stuck).
  3584 | D:4      | 3584 ||| Stepping randomly (stuck).
  3585 | D:4      | 3585 ||| Stepping randomly (stuck).
  3586 | D:4      | 3586 ||| Stepping randomly (stuck).
  3587 | D:4      | 3587 ||| Stepping randomly (stuck).
  3588 | D:4      | 3588 ||| Stepping randomly (stuck).
  3589 | D:4      | 3589 ||| Stepping randomly (stuck).
  3590 | D:4      | 3590 ||| Stepping randomly (stuck).
  3591 | D:4      | 3591 ||| Stepping randomly (stuck).
  3592 | D:4      | 3592 ||| Stepping randomly (stuck).
  3593 | D:4      | 3593 ||| Stepping randomly (stuck).
  3594 | D:4      | 3594 ||| Stepping randomly (stuck).
  3595 | D:4      | 3595 ||| Stepping randomly (stuck).
  3596 | D:4      | 3596 ||| Stepping randomly (stuck).
  3597 | D:4      | 3597 ||| Stepping randomly (stuck).
  3598 | D:4      | 3598 ||| Stepping randomly (stuck).
  3599 | D:4      | 3599 ||| Stepping randomly (stuck).
  3600 | D:4      | 3600 ||| Stepping randomly (stuck).
  3601 | D:4      | 3601 ||| Stepping randomly (stuck).
  3602 | D:4      | 3602 ||| Stepping randomly (stuck).
  3603 | D:4      | 3603 ||| Stepping randomly (stuck).
  3604 | D:4      | 3604 ||| Stepping randomly (stuck).
  3605 | D:4      | 3605 ||| Stepping randomly (stuck).
  3606 | D:4      | 3606 ||| Stepping randomly (stuck).
  3607 | D:4      | 3607 ||| Stepping randomly (stuck).
  3608 | D:4      | 3608 ||| Stepping randomly (stuck).
  3609 | D:4      | 3609 ||| Stepping randomly (stuck).
  3610 | D:4      | 3610 ||| Stepping randomly (stuck).
  3611 | D:4      | 3611 ||| Stepping randomly (stuck).
  3612 | D:4      | 3612 ||| Stepping randomly (stuck).
  3613 | D:4      | 3613 ||| Stepping randomly (stuck).
  3614 | D:4      | 3614 ||| Stepping randomly (stuck).
  3615 | D:4      | 3615 ||| Stepping randomly (stuck).
  3616 | D:4      | 3616 ||| Stepping randomly (stuck).
  3617 | D:4      | 3617 ||| Stepping randomly (stuck).
  3618 | D:4      | 3618 ||| Stepping randomly (stuck).
  3619 | D:4      | 3619 ||| Stepping randomly (stuck).
  3620 | D:4      | 3620 ||| Stepping randomly (stuck).
  3621 | D:4      | 3621 ||| Stepping randomly (stuck).
  3622 | D:4      | 3622 ||| Stepping randomly (stuck).
  3623 | D:4      | 3623 ||| Stepping randomly (stuck).
  3624 | D:4      | 3624 ||| Stepping randomly (stuck).
  3625 | D:4      | 3625 ||| Stepping randomly (stuck).
  3626 | D:4      | 3626 ||| Stepping randomly (stuck).
  3627 | D:4      | 3627 ||| Stepping randomly (stuck).
  3628 | D:4      | 3628 ||| Stepping randomly (stuck).
  3629 | D:4      | 3629 ||| Stepping randomly (stuck).
  3630 | D:4      | 3630 ||| Stepping randomly (stuck).
  3631 | D:4      | 3631 ||| Stepping randomly (stuck).
  3632 | D:4      | 3632 ||| Stepping randomly (stuck).
  3633 | D:4      | 3633 ||| Stepping randomly (stuck).
  3634 | D:4      | 3634 ||| Stepping randomly (stuck).
  3635 | D:4      | 3635 ||| Stepping randomly (stuck).
  3636 | D:4      | 3636 ||| Stepping randomly (stuck).
  3637 | D:4      | 3637 ||| Stepping randomly (stuck).
  3638 | D:4      | 3638 ||| Stepping randomly (stuck).
  3639 | D:4      | 3639 ||| Stepping randomly (stuck).
  3640 | D:4      | 3640 ||| Stepping randomly (stuck).
  3641 | D:4      | 3641 ||| Stepping randomly (stuck).
  3642 | D:4      | 3642 ||| Stepping randomly (stuck).
  3643 | D:4      | 3643 ||| Stepping randomly (stuck).
  3644 | D:4      | 3644 ||| Stepping randomly (stuck).
  3645 | D:4      | 3645 ||| Stepping randomly (stuck).
  3646 | D:4      | 3646 ||| Stepping randomly (stuck).
  3647 | D:4      | 3647 ||| Stepping randomly (stuck).
  3648 | D:4      | 3648 ||| Stepping randomly (stuck).
  3649 | D:4      | 3649 ||| Stepping randomly (stuck).
  3650 | D:4      | 3650 ||| Stepping randomly (stuck).
  3651 | D:4      | 3651 ||| Stepping randomly (stuck).
  3652 | D:4      | 3652 ||| Stepping randomly (stuck).
  3653 | D:4      | 3653 ||| Stepping randomly (stuck).
  3654 | D:4      | 3654 ||| Stepping randomly (stuck).
  3655 | D:4      | 3655 ||| Stepping randomly (stuck).
  3656 | D:4      | 3656 ||| Stepping randomly (stuck).
  3657 | D:4      | 3657 ||| Stepping randomly (stuck).
  3658 | D:4      | 3658 ||| Stepping randomly (stuck).
  3659 | D:4      | 3659 ||| Stepping randomly (stuck).
  3660 | D:4      | 3660 ||| Stepping randomly (stuck).
  3661 | D:4      | 3661 ||| Stepping randomly (stuck).
  3662 | D:4      | 3662 ||| Stepping randomly (stuck).
  3663 | D:4      | 3663 ||| Stepping randomly (stuck).
  3664 | D:4      | 3664 ||| Stepping randomly (stuck).
  3665 | D:4      | 3665 ||| Stepping randomly (stuck).
  3666 | D:4      | 3666 ||| Stepping randomly (stuck).
  3667 | D:4      | 3667 ||| Stepping randomly (stuck).
  3668 | D:4      | 3668 ||| Stepping randomly (stuck).
  3669 | D:4      | 3669 ||| Stepping randomly (stuck).
  3670 | D:4      | 3670 ||| Stepping randomly (stuck).
  3671 | D:4      | 3671 ||| Stepping randomly (stuck).
  3672 | D:4      | 3672 ||| Stepping randomly (stuck).
  3673 | D:4      | 3673 ||| Stepping randomly (stuck).
  3674 | D:4      | 3674 ||| Stepping randomly (stuck).
  3675 | D:4      | 3675 ||| Stepping randomly (stuck).
  3676 | D:4      | 3676 ||| Stepping randomly (stuck).
  3677 | D:4      | 3677 ||| Stepping randomly (stuck).
  3678 | D:4      | 3678 ||| Stepping randomly (stuck).
  3679 | D:4      | 3679 ||| Stepping randomly (stuck).
  3680 | D:4      | 3680 ||| Stepping randomly (stuck).
  3681 | D:4      | 3681 ||| Stepping randomly (stuck).
  3682 | D:4      | 3682 ||| Stepping randomly (stuck).
  3683 | D:4      | 3683 ||| Stepping randomly (stuck).
  3684 | D:4      | 3684 ||| Stepping randomly (stuck).
  3685 | D:4      | 3685 ||| Stepping randomly (stuck).
  3686 | D:4      | 3686 ||| Stepping randomly (stuck).
  3687 | D:4      | 3687 ||| Stepping randomly (stuck).
  3688 | D:4      | 3688 ||| Stepping randomly (stuck).
  3689 | D:4      | 3689 ||| Stepping randomly (stuck).
  3690 | D:4      | 3690 ||| Stepping randomly (stuck).
  3691 | D:4      | 3691 ||| Stepping randomly (stuck).
  3692 | D:4      | 3692 ||| Stepping randomly (stuck).
  3693 | D:4      | 3693 ||| Stepping randomly (stuck).
  3694 | D:4      | 3694 ||| Stepping randomly (stuck).
  3695 | D:4      | 3695 ||| Stepping randomly (stuck).
  3696 | D:4      | 3696 ||| Stepping randomly (stuck).
  3697 | D:4      | 3697 ||| Stepping randomly (stuck).
  3698 | D:4      | 3698 ||| Stepping randomly (stuck).
  3699 | D:4      | 3699 ||| Stepping randomly (stuck).
  3700 | D:4      | 3700 ||| Stepping randomly (stuck).
  3701 | D:4      | 3701 ||| Stepping randomly (stuck).
  3702 | D:4      | 3702 ||| Stepping randomly (stuck).
  3703 | D:4      | 3703 ||| Stepping randomly (stuck).
  3704 | D:4      | 3704 ||| Stepping randomly (stuck).
  3705 | D:4      | 3705 ||| Stepping randomly (stuck).
  3706 | D:4      | 3706 ||| Stepping randomly (stuck).
  3707 | D:4      | 3707 ||| Stepping randomly (stuck).
  3708 | D:4      | 3708 ||| Stepping randomly (stuck).
  3709 | D:4      | 3709 ||| Stepping randomly (stuck).
  3710 | D:4      | 3710 ||| Stepping randomly (stuck).
  3711 | D:4      | 3711 ||| Stepping randomly (stuck).
  3712 | D:4      | 3712 ||| Stepping randomly (stuck).
  3713 | D:4      | 3713 ||| Stepping randomly (stuck).
  3714 | D:4      | 3714 ||| Stepping randomly (stuck).
  3715 | D:4      | 3715 ||| Stepping randomly (stuck).
  3716 | D:4      | 3716 ||| Stepping randomly (stuck).
  3717 | D:4      | 3717 ||| Stepping randomly (stuck).
  3718 | D:4      | 3718 ||| Stepping randomly (stuck).
  3719 | D:4      | 3719 ||| Stepping randomly (stuck).
  3720 | D:4      | 3720 ||| Stepping randomly (stuck).
  3721 | D:4      | 3721 ||| Stepping randomly (stuck).
  3722 | D:4      | 3722 ||| Stepping randomly (stuck).
  3723 | D:4      | 3723 ||| Stepping randomly (stuck).
  3724 | D:4      | 3724 ||| Stepping randomly (stuck).
  3725 | D:4      | 3725 ||| Stepping randomly (stuck).
  3726 | D:4      | 3726 ||| Stepping randomly (stuck).
  3727 | D:4      | 3727 ||| Stepping randomly (stuck).
  3728 | D:4      | 3728 ||| Stepping randomly (stuck).
  3729 | D:4      | 3729 ||| Stepping randomly (stuck).
  3730 | D:4      | 3730 ||| Stepping randomly (stuck).
  3731 | D:4      | 3731 ||| Stepping randomly (stuck).
  3732 | D:4      | 3732 ||| Stepping randomly (stuck).
  3733 | D:4      | 3733 ||| Stepping randomly (stuck).
  3734 | D:4      | 3734 ||| Stepping randomly (stuck).
  3735 | D:4      | 3735 ||| Stepping randomly (stuck).
  3736 | D:4      | 3736 ||| Stepping randomly (stuck).
  3737 | D:4      | 3737 ||| Stepping randomly (stuck).
  3738 | D:4      | 3738 ||| Stepping randomly (stuck).
  3739 | D:4      | 3739 ||| Stepping randomly (stuck).
  3740 | D:4      | 3740 ||| Stepping randomly (stuck).
  3741 | D:4      | 3741 ||| Stepping randomly (stuck).
  3742 | D:4      | 3742 ||| Stepping randomly (stuck).
  3743 | D:4      | 3743 ||| Stepping randomly (stuck).
  3744 | D:4      | 3744 ||| Stepping randomly (stuck).
  3745 | D:4      | 3745 ||| Stepping randomly (stuck).
  3746 | D:4      | 3746 ||| Stepping randomly (stuck).
  3747 | D:4      | 3747 ||| Stepping randomly (stuck).
  3748 | D:4      | 3748 ||| Stepping randomly (stuck).
  3749 | D:4      | 3749 ||| Stepping randomly (stuck).
  3750 | D:4      | 3750 ||| Stepping randomly (stuck).
  3751 | D:4      | 3751 ||| Stepping randomly (stuck).
  3752 | D:4      | 3752 ||| Stepping randomly (stuck).
  3753 | D:4      | 3753 ||| Stepping randomly (stuck).
  3754 | D:4      | 3754 ||| Stepping randomly (stuck).
  3755 | D:4      | 3755 ||| Stepping randomly (stuck).
  3756 | D:4      | 3756 ||| Stepping randomly (stuck).
  3757 | D:4      | 3757 ||| Stepping randomly (stuck).
  3758 | D:4      | 3758 ||| Stepping randomly (stuck).
  3759 | D:4      | 3759 ||| Stepping randomly (stuck).
  3760 | D:4      | 3760 ||| Stepping randomly (stuck).
  3761 | D:4      | 3761 ||| Stepping randomly (stuck).
  3762 | D:4      | 3762 ||| Stepping randomly (stuck).
  3763 | D:4      | 3763 ||| Stepping randomly (stuck).
  3764 | D:4      | 3764 ||| Stepping randomly (stuck).
  3765 | D:4      | 3765 ||| Stepping randomly (stuck).
  3766 | D:4      | 3766 ||| Stepping randomly (stuck).
  3767 | D:4      | 3767 ||| Stepping randomly (stuck).
  3768 | D:4      | 3768 ||| Stepping randomly (stuck).
  3769 | D:4      | 3769 ||| Stepping randomly (stuck).
  3770 | D:4      | 3770 ||| Stepping randomly (stuck).
  3771 | D:4      | 3771 ||| Stepping randomly (stuck).
  3772 | D:4      | 3772 ||| Stepping randomly (stuck).
  3773 | D:4      | 3773 ||| Stepping randomly (stuck).
  3774 | D:4      | 3774 ||| Stepping randomly (stuck).
  3775 | D:4      | 3775 ||| Stepping randomly (stuck).
  3776 | D:4      | 3776 ||| Stepping randomly (stuck).
  3777 | D:4      | 3777 ||| Stepping randomly (stuck).
  3778 | D:4      | 3778 ||| Stepping randomly (stuck).
  3779 | D:4      | 3779 ||| Stepping randomly (stuck).
  3780 | D:4      | 3780 ||| Stepping randomly (stuck).
  3781 | D:4      | 3781 ||| Stepping randomly (stuck).
  3782 | D:4      | 3782 ||| Stepping randomly (stuck).
  3783 | D:4      | 3783 ||| Stepping randomly (stuck).
  3784 | D:4      | 3784 ||| Stepping randomly (stuck).
  3785 | D:4      | 3785 ||| Stepping randomly (stuck).
  3786 | D:4      | 3786 ||| Stepping randomly (stuck).
  3787 | D:4      | 3787 ||| Stepping randomly (stuck).
  3788 | D:4      | 3788 ||| Stepping randomly (stuck).
  3789 | D:4      | 3789 ||| Stepping randomly (stuck).
  3790 | D:4      | 3790 ||| Stepping randomly (stuck).
  3791 | D:4      | 3791 ||| Stepping randomly (stuck).
  3792 | D:4      | 3792 ||| Stepping randomly (stuck).
  3793 | D:4      | 3793 ||| Stepping randomly (stuck).
  3794 | D:4      | 3794 ||| Stepping randomly (stuck).
  3795 | D:4      | 3795 ||| Stepping randomly (stuck).
  3796 | D:4      | 3796 ||| Stepping randomly (stuck).
  3797 | D:4      | 3797 ||| Stepping randomly (stuck).
  3798 | D:4      | 3798 ||| Stepping randomly (stuck).
  3799 | D:4      | 3799 ||| Stepping randomly (stuck).
  3800 | D:4      | 3800 ||| Stepping randomly (stuck).
  3801 | D:4      | 3801 ||| Stepping randomly (stuck).
  3802 | D:4      | 3802 ||| Stepping randomly (stuck).
  3803 | D:4      | 3803 ||| Stepping randomly (stuck).
  3804 | D:4      | 3804 ||| Stepping randomly (stuck).
  3805 | D:4      | 3805 ||| Stepping randomly (stuck).
  3806 | D:4      | 3806 ||| Stepping randomly (stuck).
  3807 | D:4      | 3807 ||| Stepping randomly (stuck).
  3808 | D:4      | 3808 ||| Stepping randomly (stuck).
  3809 | D:4      | 3809 ||| Stepping randomly (stuck).
  3810 | D:4      | 3810 ||| Stepping randomly (stuck).
  3811 | D:4      | 3811 ||| Stepping randomly (stuck).
  3812 | D:4      | 3812 ||| Stepping randomly (stuck).
  3813 | D:4      | 3813 ||| Stepping randomly (stuck).
  3814 | D:4      | 3814 ||| Stepping randomly (stuck).
  3815 | D:4      | 3815 ||| Stepping randomly (stuck).
  3816 | D:4      | 3816 ||| Stepping randomly (stuck).
  3817 | D:4      | 3817 ||| Stepping randomly (stuck).
  3818 | D:4      | 3818 ||| Stepping randomly (stuck).
  3819 | D:4      | 3819 ||| Stepping randomly (stuck).
  3820 | D:4      | 3820 ||| Stepping randomly (stuck).
  3821 | D:4      | 3821 ||| Stepping randomly (stuck).
  3822 | D:4      | 3822 ||| Stepping randomly (stuck).
  3823 | D:4      | 3823 ||| Stepping randomly (stuck).
  3824 | D:4      | 3824 ||| Stepping randomly (stuck).
  3825 | D:4      | 3825 ||| Stepping randomly (stuck).
  3826 | D:4      | 3826 ||| Stepping randomly (stuck).
  3827 | D:4      | 3827 ||| Stepping randomly (stuck).
  3828 | D:4      | 3828 ||| Stepping randomly (stuck).
  3829 | D:4      | 3829 ||| Stepping randomly (stuck).
  3830 | D:4      | 3830 ||| Stepping randomly (stuck).
  3831 | D:4      | 3831 ||| Stepping randomly (stuck).
  3832 | D:4      | 3832 ||| Stepping randomly (stuck).
  3833 | D:4      | 3833 ||| Stepping randomly (stuck).
  3834 | D:4      | 3834 ||| Stepping randomly (stuck).
  3835 | D:4      | 3835 ||| Stepping randomly (stuck).
  3836 | D:4      | 3836 ||| Stepping randomly (stuck).
  3837 | D:4      | 3837 ||| Stepping randomly (stuck).
  3838 | D:4      | 3838 ||| Stepping randomly (stuck).
  3839 | D:4      | 3839 ||| Stepping randomly (stuck).
  3840 | D:4      | 3840 ||| Stepping randomly (stuck).
  3841 | D:4      | 3841 ||| Stepping randomly (stuck).
  3842 | D:4      | 3842 ||| Stepping randomly (stuck).
  3843 | D:4      | 3843 ||| Stepping randomly (stuck).
  3844 | D:4      | 3844 ||| Stepping randomly (stuck).
  3845 | D:4      | 3845 ||| Stepping randomly (stuck).
  3846 | D:4      | 3846 ||| Stepping randomly (stuck).
  3847 | D:4      | 3847 ||| Stepping randomly (stuck).
  3848 | D:4      | 3848 ||| Stepping randomly (stuck).
  3849 | D:4      | 3849 ||| Stepping randomly (stuck).
  3850 | D:4      | 3850 ||| Stepping randomly (stuck).
  3851 | D:4      | 3851 ||| Stepping randomly (stuck).
  3852 | D:4      | 3852 ||| Stepping randomly (stuck).
  3853 | D:4      | 3853 ||| Stepping randomly (stuck).
  3854 | D:4      | 3854 ||| Stepping randomly (stuck).
  3855 | D:4      | 3855 ||| Stepping randomly (stuck).
  3856 | D:4      | 3856 ||| Stepping randomly (stuck).
  3857 | D:4      | 3857 ||| Stepping randomly (stuck).
  3858 | D:4      | 3858 ||| Stepping randomly (stuck).
  3859 | D:4      | 3859 ||| Stepping randomly (stuck).
  3860 | D:4      | 3860 ||| Stepping randomly (stuck).
  3861 | D:4      | 3861 ||| Stepping randomly (stuck).
  3862 | D:4      | 3862 ||| Stepping randomly (stuck).
  3863 | D:4      | 3863 ||| Stepping randomly (stuck).
  3864 | D:4      | 3864 ||| Stepping randomly (stuck).
  3865 | D:4      | 3865 ||| Stepping randomly (stuck).
  3866 | D:4      | 3866 ||| Stepping randomly (stuck).
  3867 | D:4      | 3867 ||| Stepping randomly (stuck).
  3868 | D:4      | 3868 ||| Stepping randomly (stuck).
  3869 | D:4      | 3869 ||| Stepping randomly (stuck).
  3870 | D:4      | 3870 ||| Stepping randomly (stuck).
  3871 | D:4      | 3871 ||| Stepping randomly (stuck).
  3872 | D:4      | 3872 ||| Stepping randomly (stuck).
  3873 | D:4      | 3873 ||| Stepping randomly (stuck).
  3874 | D:4      | 3874 ||| Stepping randomly (stuck).
  3875 | D:4      | 3875 ||| Stepping randomly (stuck).
  3876 | D:4      | 3876 ||| Stepping randomly (stuck).
  3877 | D:4      | 3877 ||| Stepping randomly (stuck).
  3878 | D:4      | 3878 ||| Stepping randomly (stuck).
  3879 | D:4      | 3879 ||| Stepping randomly (stuck).
  3880 | D:4      | 3880 ||| Stepping randomly (stuck).
  3881 | D:4      | 3881 ||| Stepping randomly (stuck).
  3882 | D:4      | 3882 ||| Stepping randomly (stuck).
  3883 | D:4      | 3883 ||| Stepping randomly (stuck).
  3884 | D:4      | 3884 ||| Stepping randomly (stuck).
  3885 | D:4      | 3885 ||| Stepping randomly (stuck).
  3886 | D:4      | 3886 ||| Stepping randomly (stuck).
  3887 | D:4      | 3887 ||| Stepping randomly (stuck).
  3888 | D:4      | 3888 ||| Stepping randomly (stuck).
  3889 | D:4      | 3889 ||| Stepping randomly (stuck).
  3890 | D:4      | 3890 ||| Stepping randomly (stuck).
  3891 | D:4      | 3891 ||| Stepping randomly (stuck).
  3892 | D:4      | 3892 ||| Stepping randomly (stuck).
  3893 | D:4      | 3893 ||| Stepping randomly (stuck).
  3894 | D:4      | 3894 ||| Stepping randomly (stuck).
  3895 | D:4      | 3895 ||| Stepping randomly (stuck).
  3896 | D:4      | 3896 ||| Stepping randomly (stuck).
  3897 | D:4      | 3897 ||| Stepping randomly (stuck).
  3898 | D:4      | 3898 ||| Stepping randomly (stuck).
  3899 | D:4      | 3899 ||| Stepping randomly (stuck).
  3900 | D:4      | 3900 ||| Stepping randomly (stuck).
  3901 | D:4      | 3901 ||| Stepping randomly (stuck).
  3902 | D:4      | 3902 ||| Stepping randomly (stuck).
  3903 | D:4      | 3903 ||| Stepping randomly (stuck).
  3904 | D:4      | 3904 ||| Stepping randomly (stuck).
  3905 | D:4      | 3905 ||| Stepping randomly (stuck).
  3906 | D:4      | 3906 ||| Stepping randomly (stuck).
  3907 | D:4      | 3907 ||| Stepping randomly (stuck).
  3908 | D:4      | 3908 ||| Stepping randomly (stuck).
  3909 | D:4      | 3909 ||| Stepping randomly (stuck).
  3910 | D:4      | 3910 ||| Stepping randomly (stuck).
  3911 | D:4      | 3911 ||| Stepping randomly (stuck).
  3912 | D:4      | 3912 ||| Stepping randomly (stuck).
  3913 | D:4      | 3913 ||| Stepping randomly (stuck).
  3914 | D:4      | 3914 ||| Stepping randomly (stuck).
  3915 | D:4      | 3915 ||| Stepping randomly (stuck).
  3916 | D:4      | 3916 ||| Stepping randomly (stuck).
  3917 | D:4      | 3917 ||| Stepping randomly (stuck).
  3918 | D:4      | 3918 ||| Stepping randomly (stuck).
  3919 | D:4      | 3919 ||| Stepping randomly (stuck).
  3920 | D:4      | 3920 ||| Stepping randomly (stuck).
  3921 | D:4      | 3921 ||| Stepping randomly (stuck).
  3922 | D:4      | 3922 ||| Stepping randomly (stuck).
  3923 | D:4      | 3923 ||| Stepping randomly (stuck).
  3924 | D:4      | 3924 ||| Stepping randomly (stuck).
  3925 | D:4      | 3925 ||| Stepping randomly (stuck).
  3926 | D:4      | 3926 ||| Stepping randomly (stuck).
  3927 | D:4      | 3927 ||| Stepping randomly (stuck).
  3928 | D:4      | 3928 ||| Stepping randomly (stuck).
  3929 | D:4      | 3929 ||| Stepping randomly (stuck).
  3930 | D:4      | 3930 ||| Stepping randomly (stuck).
  3931 | D:4      | 3931 ||| Stepping randomly (stuck).
  3932 | D:4      | 3932 ||| Stepping randomly (stuck).
  3933 | D:4      | 3933 ||| Stepping randomly (stuck).
  3934 | D:4      | 3934 ||| Stepping randomly (stuck).
  3935 | D:4      | 3935 ||| Stepping randomly (stuck).
  3936 | D:4      | 3936 ||| Stepping randomly (stuck).
  3937 | D:4      | 3937 ||| Stepping randomly (stuck).
  3938 | D:4      | 3938 ||| Stepping randomly (stuck).
  3939 | D:4      | 3939 ||| Stepping randomly (stuck).
  3940 | D:4      | 3940 ||| Stepping randomly (stuck).
  3941 | D:4      | 3941 ||| Stepping randomly (stuck).
  3942 | D:4      | 3942 ||| Stepping randomly (stuck).
  3943 | D:4      | 3943 ||| Stepping randomly (stuck).
  3944 | D:4      | 3944 ||| Stepping randomly (stuck).
  3945 | D:4      | 3945 ||| Stepping randomly (stuck).
  3946 | D:4      | 3946 ||| Stepping randomly (stuck).
  3947 | D:4      | 3947 ||| Stepping randomly (stuck).
  3948 | D:4      | 3948 ||| Stepping randomly (stuck).
  3949 | D:4      | 3949 ||| Stepping randomly (stuck).
  3950 | D:4      | 3950 ||| Stepping randomly (stuck).
  3951 | D:4      | 3951 ||| Stepping randomly (stuck).
  3952 | D:4      | 3952 ||| Stepping randomly (stuck).
  3953 | D:4      | 3953 ||| Stepping randomly (stuck).
  3954 | D:4      | 3954 ||| Stepping randomly (stuck).
  3955 | D:4      | 3955 ||| Stepping randomly (stuck).
  3956 | D:4      | 3956 ||| Stepping randomly (stuck).
  3957 | D:4      | 3957 ||| Stepping randomly (stuck).
  3958 | D:4      | 3958 ||| Stepping randomly (stuck).
  3959 | D:4      | 3959 ||| Stepping randomly (stuck).
  3960 | D:4      | 3960 ||| Stepping randomly (stuck).
  3961 | D:4      | 3961 ||| Stepping randomly (stuck).
  3962 | D:4      | 3962 ||| Stepping randomly (stuck).
  3963 | D:4      | 3963 ||| Stepping randomly (stuck).
  3964 | D:4      | 3964 ||| Stepping randomly (stuck).
  3965 | D:4      | 3965 ||| Stepping randomly (stuck).
  3966 | D:4      | 3966 ||| Stepping randomly (stuck).
  3967 | D:4      | 3967 ||| Stepping randomly (stuck).
  3968 | D:4      | 3968 ||| Stepping randomly (stuck).
  3969 | D:4      | 3969 ||| Stepping randomly (stuck).
  3970 | D:4      | 3970 ||| Stepping randomly (stuck).
  3971 | D:4      | 3971 ||| Stepping randomly (stuck).
  3972 | D:4      | 3972 ||| Stepping randomly (stuck).
  3973 | D:4      | 3973 ||| Stepping randomly (stuck).
  3974 | D:4      | 3974 ||| Stepping randomly (stuck).
  3975 | D:4      | 3975 ||| Stepping randomly (stuck).
  3976 | D:4      | 3976 ||| Stepping randomly (stuck).
  3977 | D:4      | 3977 ||| Stepping randomly (stuck).
  3978 | D:4      | 3978 ||| Stepping randomly (stuck).
  3979 | D:4      | 3979 ||| Stepping randomly (stuck).
  3980 | D:4      | 3980 ||| Stepping randomly (stuck).
  3981 | D:4      | 3981 ||| Stepping randomly (stuck).
  3982 | D:4      | 3982 ||| Stepping randomly (stuck).
  3983 | D:4      | 3983 ||| Stepping randomly (stuck).
  3984 | D:4      | 3984 ||| Stepping randomly (stuck).
  3985 | D:4      | 3985 ||| Stepping randomly (stuck).
  3986 | D:4      | 3986 ||| Stepping randomly (stuck).
  3987 | D:4      | 3987 ||| Stepping randomly (stuck).
  3988 | D:4      | 3988 ||| Stepping randomly (stuck).
  3989 | D:4      | 3989 ||| Stepping randomly (stuck).
  3990 | D:4      | 3990 ||| Stepping randomly (stuck).
  3991 | D:4      | 3991 ||| Stepping randomly (stuck).
  3992 | D:4      | 3992 ||| Stepping randomly (stuck).
  3993 | D:4      | 3993 ||| Stepping randomly (stuck).
  3994 | D:4      | 3994 ||| Stepping randomly (stuck).
  3995 | D:4      | 3995 ||| Stepping randomly (stuck).
  3996 | D:4      | 3996 ||| Stepping randomly (stuck).
  3997 | D:4      | 3997 ||| Stepping randomly (stuck).
  3998 | D:4      | 3998 ||| Stepping randomly (stuck).
  3999 | D:4      | 3999 ||| Stepping randomly (stuck).
  4000 | D:4      | 4000 ||| Stepping randomly (stuck).
  4001 | D:4      | 4001 ||| Stepping randomly (stuck).
  4002 | D:4      | 4002 ||| Stepping randomly (stuck).
  4003 | D:4      | 4003 ||| Stepping randomly (stuck).
  4004 | D:4      | 4004 ||| Stepping randomly (stuck).
  4005 | D:4      | 4005 ||| Stepping randomly (stuck).
  4006 | D:4      | 4006 ||| Stepping randomly (stuck).
  4007 | D:4      | 4007 ||| Stepping randomly (stuck).
  4008 | D:4      | 4008 ||| Stepping randomly (stuck).
  4009 | D:4      | 4009 ||| Stepping randomly (stuck).
  4010 | D:4      | 4010 ||| Stepping randomly (stuck).
  4011 | D:4      | 4011 ||| Stepping randomly (stuck).
  4012 | D:4      | 4012 ||| Stepping randomly (stuck).
  4013 | D:4      | 4013 ||| Stepping randomly (stuck).
  4014 | D:4      | 4014 ||| Stepping randomly (stuck).
  4015 | D:4      | 4015 ||| Stepping randomly (stuck).
  4016 | D:4      | 4016 ||| Stepping randomly (stuck).
  4017 | D:4      | 4017 ||| Stepping randomly (stuck).
  4018 | D:4      | 4018 ||| Stepping randomly (stuck).
  4019 | D:4      | 4019 ||| Stepping randomly (stuck).
  4020 | D:4      | 4020 ||| Stepping randomly (stuck).
  4021 | D:4      | 4021 ||| Stepping randomly (stuck).
  4022 | D:4      | 4022 ||| Stepping randomly (stuck).
  4023 | D:4      | 4023 ||| Stepping randomly (stuck).
  4024 | D:4      | 4024 ||| Stepping randomly (stuck).
  4025 | D:4      | 4025 ||| Stepping randomly (stuck).
  4026 | D:4      | 4026 ||| Stepping randomly (stuck).
  4027 | D:4      | 4027 ||| Stepping randomly (stuck).
  4028 | D:4      | 4028 ||| Stepping randomly (stuck).
  4029 | D:4      | 4029 ||| Stepping randomly (stuck).
  4030 | D:4      | 4030 ||| Stepping randomly (stuck).
  4031 | D:4      | 4031 ||| Stepping randomly (stuck).
  4032 | D:4      | 4032 ||| Stepping randomly (stuck).
  4033 | D:4      | 4033 ||| Stepping randomly (stuck).
  4034 | D:4      | 4034 ||| Stepping randomly (stuck).
  4035 | D:4      | 4035 ||| Stepping randomly (stuck).
  4036 | D:4      | 4036 ||| Stepping randomly (stuck).
  4037 | D:4      | 4037 ||| Stepping randomly (stuck).
  4038 | D:4      | 4038 ||| Stepping randomly (stuck).
  4039 | D:4      | 4039 ||| Stepping randomly (stuck).
  4040 | D:4      | 4040 ||| Stepping randomly (stuck).
  4041 | D:4      | 4041 ||| Stepping randomly (stuck).
  4042 | D:4      | 4042 ||| Stepping randomly (stuck).
  4043 | D:4      | 4043 ||| Stepping randomly (stuck).
  4044 | D:4      | 4044 ||| Stepping randomly (stuck).
  4045 | D:4      | 4045 ||| Stepping randomly (stuck).
  4046 | D:4      | 4046 ||| Stepping randomly (stuck).
  4047 | D:4      | 4047 ||| Stepping randomly (stuck).
  4048 | D:4      | 4048 ||| Stepping randomly (stuck).
  4049 | D:4      | 4049 ||| Stepping randomly (stuck).
  4050 | D:4      | 4050 ||| Stepping randomly (stuck).
  4051 | D:4      | 4051 ||| Stepping randomly (stuck).
  4052 | D:4      | 4052 ||| Stepping randomly (stuck).
  4053 | D:4      | 4053 ||| Stepping randomly (stuck).
  4054 | D:4      | 4054 ||| Stepping randomly (stuck).
  4055 | D:4      | 4055 ||| Stepping randomly (stuck).
  4056 | D:4      | 4056 ||| Stepping randomly (stuck).
  4057 | D:4      | 4057 ||| Stepping randomly (stuck).
  4058 | D:4      | 4058 ||| Stepping randomly (stuck).
  4059 | D:4      | 4059 ||| Stepping randomly (stuck).
  4060 | D:4      | 4060 ||| Stepping randomly (stuck).
  4061 | D:4      | 4061 ||| Stepping randomly (stuck).
  4062 | D:4      | 4062 ||| Stepping randomly (stuck).
  4063 | D:4      | 4063 ||| Stepping randomly (stuck).
  4064 | D:4      | 4064 ||| Stepping randomly (stuck).
  4065 | D:4      | 4065 ||| Stepping randomly (stuck).
  4066 | D:4      | 4066 ||| Stepping randomly (stuck).
  4067 | D:4      | 4067 ||| Stepping randomly (stuck).
  4068 | D:4      | 4068 ||| Stepping randomly (stuck).
  4069 | D:4      | 4069 ||| Stepping randomly (stuck).
  4070 | D:4      | 4070 ||| Stepping randomly (stuck).
  4071 | D:4      | 4071 ||| Stepping randomly (stuck).
  4072 | D:4      | 4072 ||| Stepping randomly (stuck).
  4073 | D:4      | 4073 ||| Stepping randomly (stuck).
  4074 | D:4      | 4074 ||| Stepping randomly (stuck).
  4075 | D:4      | 4075 ||| Stepping randomly (stuck).
  4076 | D:4      | 4076 ||| Stepping randomly (stuck).
  4077 | D:4      | 4077 ||| Stepping randomly (stuck).
  4078 | D:4      | 4078 ||| Stepping randomly (stuck).
  4079 | D:4      | 4079 ||| Stepping randomly (stuck).
  4080 | D:4      | 4080 ||| Stepping randomly (stuck).
  4081 | D:4      | 4081 ||| Stepping randomly (stuck).
  4082 | D:4      | 4082 ||| Stepping randomly (stuck).
  4083 | D:4      | 4083 ||| Stepping randomly (stuck).
  4084 | D:4      | 4084 ||| Stepping randomly (stuck).
  4085 | D:4      | 4085 ||| Stepping randomly (stuck).
  4086 | D:4      | 4086 ||| Stepping randomly (stuck).
  4087 | D:4      | 4087 ||| Stepping randomly (stuck).
  4088 | D:4      | 4088 ||| Stepping randomly (stuck).
  4089 | D:4      | 4089 ||| Stepping randomly (stuck).
  4090 | D:4      | 4090 ||| Stepping randomly (stuck).
  4091 | D:4      | 4091 ||| Stepping randomly (stuck).
  4092 | D:4      | 4092 ||| Stepping randomly (stuck).
  4093 | D:4      | 4093 ||| Stepping randomly (stuck).
  4094 | D:4      | 4094 ||| Stepping randomly (stuck).
  4095 | D:4      | 4095 ||| Stepping randomly (stuck).
  4096 | D:4      | 4096 ||| Stepping randomly (stuck).
  4097 | D:4      | 4097 ||| Stepping randomly (stuck).
  4098 | D:4      | 4098 ||| Stepping randomly (stuck).
  4099 | D:4      | 4099 ||| Stepping randomly (stuck).
  4100 | D:4      | 4100 ||| Stepping randomly (stuck).
  4101 | D:4      | 4101 ||| Stepping randomly (stuck).
  4102 | D:4      | 4102 ||| Stepping randomly (stuck).
  4103 | D:4      | 4103 ||| Stepping randomly (stuck).
  4104 | D:4      | 4104 ||| Stepping randomly (stuck).
  4105 | D:4      | 4105 ||| Stepping randomly (stuck).
  4106 | D:4      | 4106 ||| Stepping randomly (stuck).
  4107 | D:4      | 4107 ||| Stepping randomly (stuck).
  4108 | D:4      | 4108 ||| Stepping randomly (stuck).
  4109 | D:4      | 4109 ||| Stepping randomly (stuck).
  4110 | D:4      | 4110 ||| Stepping randomly (stuck).
  4111 | D:4      | 4111 ||| Stepping randomly (stuck).
  4112 | D:4      | 4112 ||| Stepping randomly (stuck).
  4113 | D:4      | 4113 ||| Stepping randomly (stuck).
  4114 | D:4      | 4114 ||| Stepping randomly (stuck).
  4115 | D:4      | 4115 ||| Stepping randomly (stuck).
  4116 | D:4      | 4116 ||| Stepping randomly (stuck).
  4117 | D:4      | 4117 ||| Stepping randomly (stuck).
  4118 | D:4      | 4118 ||| Stepping randomly (stuck).
  4119 | D:4      | 4119 ||| Stepping randomly (stuck).
  4120 | D:4      | 4120 ||| Stepping randomly (stuck).
  4121 | D:4      | 4121 ||| Stepping randomly (stuck).
  4122 | D:4      | 4122 ||| Stepping randomly (stuck).
  4123 | D:4      | 4123 ||| Stepping randomly (stuck).
  4124 | D:4      | 4124 ||| Stepping randomly (stuck).
  4125 | D:4      | 4125 ||| Stepping randomly (stuck).
  4126 | D:4      | 4126 ||| Stepping randomly (stuck).
  4127 | D:4      | 4127 ||| Stepping randomly (stuck).
  4128 | D:4      | 4128 ||| Stepping randomly (stuck).
  4129 | D:4      | 4129 ||| Stepping randomly (stuck).
  4130 | D:4      | 4130 ||| Stepping randomly (stuck).
  4131 | D:4      | 4131 ||| Stepping randomly (stuck).
  4132 | D:4      | 4132 ||| Stepping randomly (stuck).
  4133 | D:4      | 4133 ||| Stepping randomly (stuck).
  4134 | D:4      | 4134 ||| Stepping randomly (stuck).
  4135 | D:4      | 4135 ||| Stepping randomly (stuck).
  4136 | D:4      | 4136 ||| Stepping randomly (stuck).
  4137 | D:4      | 4137 ||| Stepping randomly (stuck).
  4138 | D:4      | 4138 ||| Stepping randomly (stuck).
  4139 | D:4      | 4139 ||| Stepping randomly (stuck).
  4140 | D:4      | 4140 ||| Stepping randomly (stuck).
  4141 | D:4      | 4141 ||| Stepping randomly (stuck).
  4142 | D:4      | 4142 ||| Stepping randomly (stuck).
  4143 | D:4      | 4143 ||| Stepping randomly (stuck).
  4144 | D:4      | 4144 ||| Stepping randomly (stuck).
  4145 | D:4      | 4145 ||| Stepping randomly (stuck).
  4146 | D:4      | 4146 ||| Stepping randomly (stuck).
  4147 | D:4      | 4147 ||| Stepping randomly (stuck).
  4148 | D:4      | 4148 ||| Stepping randomly (stuck).
  4149 | D:4      | 4149 ||| Stepping randomly (stuck).
  4150 | D:4      | 4150 ||| Stepping randomly (stuck).
  4151 | D:4      | 4151 ||| Stepping randomly (stuck).
  4152 | D:4      | 4152 ||| Stepping randomly (stuck).
  4153 | D:4      | 4153 ||| Stepping randomly (stuck).
  4154 | D:4      | 4154 ||| Stepping randomly (stuck).
  4155 | D:4      | 4155 ||| Stepping randomly (stuck).
  4156 | D:4      | 4156 ||| Stepping randomly (stuck).
  4157 | D:4      | 4157 ||| Stepping randomly (stuck).
  4158 | D:4      | 4158 ||| Stepping randomly (stuck).
  4159 | D:4      | 4159 ||| Stepping randomly (stuck).
  4160 | D:4      | 4160 ||| Stepping randomly (stuck).
  4161 | D:4      | 4161 ||| Stepping randomly (stuck).
  4162 | D:4      | 4162 ||| Stepping randomly (stuck).
  4163 | D:4      | 4163 ||| Stepping randomly (stuck).
  4164 | D:4      | 4164 ||| Stepping randomly (stuck).
  4165 | D:4      | 4165 ||| Stepping randomly (stuck).
  4166 | D:4      | 4166 ||| Stepping randomly (stuck).
  4167 | D:4      | 4167 ||| Stepping randomly (stuck).
  4168 | D:4      | 4168 ||| Stepping randomly (stuck).
  4169 | D:4      | 4169 ||| Stepping randomly (stuck).
  4170 | D:4      | 4170 ||| Stepping randomly (stuck).
  4171 | D:4      | 4171 ||| Stepping randomly (stuck).
  4172 | D:4      | 4172 ||| Stepping randomly (stuck).
  4173 | D:4      | 4173 ||| Stepping randomly (stuck).
  4174 | D:4      | 4174 ||| Stepping randomly (stuck).
  4175 | D:4      | 4175 ||| Stepping randomly (stuck).
  4176 | D:4      | 4176 ||| Stepping randomly (stuck).
  4177 | D:4      | 4177 ||| Stepping randomly (stuck).
  4178 | D:4      | 4178 ||| Stepping randomly (stuck).
  4179 | D:4      | 4179 ||| Stepping randomly (stuck).
  4180 | D:4      | 4180 ||| Stepping randomly (stuck).
  4181 | D:4      | 4181 ||| Stepping randomly (stuck).
  4182 | D:4      | 4182 ||| Stepping randomly (stuck).
  4183 | D:4      | 4183 ||| Stepping randomly (stuck).
  4184 | D:4      | 4184 ||| Stepping randomly (stuck).
  4185 | D:4      | 4185 ||| Stepping randomly (stuck).
  4186 | D:4      | 4186 ||| Stepping randomly (stuck).
  4187 | D:4      | 4187 ||| Stepping randomly (stuck).
  4188 | D:4      | 4188 ||| Stepping randomly (stuck).
  4189 | D:4      | 4189 ||| Stepping randomly (stuck).
  4190 | D:4      | 4190 ||| Stepping randomly (stuck).
  4191 | D:4      | 4191 ||| Stepping randomly (stuck).
  4192 | D:4      | 4192 ||| Stepping randomly (stuck).
  4193 | D:4      | 4193 ||| Stepping randomly (stuck).
  4194 | D:4      | 4194 ||| Stepping randomly (stuck).
  4195 | D:4      | 4195 ||| Stepping randomly (stuck).
  4196 | D:4      | 4196 ||| Stepping randomly (stuck).
  4197 | D:4      | 4197 ||| Stepping randomly (stuck).
  4198 | D:4      | 4198 ||| Stepping randomly (stuck).
  4199 | D:4      | 4199 ||| Stepping randomly (stuck).
  4200 | D:4      | 4200 ||| Stepping randomly (stuck).
  4201 | D:4      | 4201 ||| Stepping randomly (stuck).
  4202 | D:4      | 4202 ||| Stepping randomly (stuck).
  4203 | D:4      | 4203 ||| Stepping randomly (stuck).
  4204 | D:4      | 4204 ||| Stepping randomly (stuck).
  4205 | D:4      | 4205 ||| Stepping randomly (stuck).
  4206 | D:4      | 4206 ||| Stepping randomly (stuck).
  4207 | D:4      | 4207 ||| Stepping randomly (stuck).
  4208 | D:4      | 4208 ||| Stepping randomly (stuck).
  4209 | D:4      | 4209 ||| Stepping randomly (stuck).
  4210 | D:4      | 4210 ||| Stepping randomly (stuck).
  4211 | D:4      | 4211 ||| Stepping randomly (stuck).
  4212 | D:4      | 4212 ||| Stepping randomly (stuck).
  4213 | D:4      | 4213 ||| Stepping randomly (stuck).
  4214 | D:4      | 4214 ||| Stepping randomly (stuck).
  4215 | D:4      | 4215 ||| Stepping randomly (stuck).
  4216 | D:4      | 4216 ||| Stepping randomly (stuck).
  4217 | D:4      | 4217 ||| Stepping randomly (stuck).
  4218 | D:4      | 4218 ||| Stepping randomly (stuck).
  4219 | D:4      | 4219 ||| Stepping randomly (stuck).
  4220 | D:4      | 4220 ||| Stepping randomly (stuck).
  4221 | D:4      | 4221 ||| Stepping randomly (stuck).
  4222 | D:4      | 4222 ||| Stepping randomly (stuck).
  4223 | D:4      | 4223 ||| Stepping randomly (stuck).
  4224 | D:4      | 4224 ||| Stepping randomly (stuck).
  4225 | D:4      | 4225 ||| Stepping randomly (stuck).
  4226 | D:4      | 4226 ||| Stepping randomly (stuck).
  4227 | D:4      | 4227 ||| Stepping randomly (stuck).
  4228 | D:4      | 4228 ||| Stepping randomly (stuck).
  4229 | D:4      | 4229 ||| Stepping randomly (stuck).
  4230 | D:4      | 4230 ||| Stepping randomly (stuck).
  4231 | D:4      | 4231 ||| Stepping randomly (stuck).
  4232 | D:4      | 4232 ||| Stepping randomly (stuck).
  4233 | D:4      | 4233 ||| Stepping randomly (stuck).
  4234 | D:4      | 4234 ||| Stepping randomly (stuck).
  4235 | D:4      | 4235 ||| Stepping randomly (stuck).
  4236 | D:4      | 4236 ||| Stepping randomly (stuck).
  4237 | D:4      | 4237 ||| Stepping randomly (stuck).
  4238 | D:4      | 4238 ||| Stepping randomly (stuck).
  4239 | D:4      | 4239 ||| Stepping randomly (stuck).
  4240 | D:4      | 4240 ||| Stepping randomly (stuck).
  4241 | D:4      | 4241 ||| Stepping randomly (stuck).
  4242 | D:4      | 4242 ||| Stepping randomly (stuck).
  4243 | D:4      | 4243 ||| Stepping randomly (stuck).
  4244 | D:4      | 4244 ||| Stepping randomly (stuck).
  4245 | D:4      | 4245 ||| Stepping randomly (stuck).
  4246 | D:4      | 4246 ||| Stepping randomly (stuck).
  4247 | D:4      | 4247 ||| Stepping randomly (stuck).
  4248 | D:4      | 4248 ||| Stepping randomly (stuck).
  4249 | D:4      | 4249 ||| Stepping randomly (stuck).
  4250 | D:4      | 4250 ||| Stepping randomly (stuck).
  4251 | D:4      | 4251 ||| Stepping randomly (stuck).
  4252 | D:4      | 4252 ||| Stepping randomly (stuck).
  4253 | D:4      | 4253 ||| Stepping randomly (stuck).
  4254 | D:4      | 4254 ||| Stepping randomly (stuck).
  4255 | D:4      | 4255 ||| Stepping randomly (stuck).
  4256 | D:4      | 4256 ||| Stepping randomly (stuck).
  4257 | D:4      | 4257 ||| Stepping randomly (stuck).
  4258 | D:4      | 4258 ||| Stepping randomly (stuck).
  4259 | D:4      | 4259 ||| Stepping randomly (stuck).
  4260 | D:4      | 4260 ||| Stepping randomly (stuck).
  4261 | D:4      | 4261 ||| Stepping randomly (stuck).
  4262 | D:4      | 4262 ||| Stepping randomly (stuck).
  4263 | D:4      | 4263 ||| Stepping randomly (stuck).
  4264 | D:4      | 4264 ||| Stepping randomly (stuck).
  4265 | D:4      | 4265 ||| Stepping randomly (stuck).
  4266 | D:4      | 4266 ||| Stepping randomly (stuck).
  4267 | D:4      | 4267 ||| Stepping randomly (stuck).
  4268 | D:4      | 4268 ||| Stepping randomly (stuck).
  4269 | D:4      | 4269 ||| Stepping randomly (stuck).
  4270 | D:4      | 4270 ||| Stepping randomly (stuck).
  4271 | D:4      | 4271 ||| Stepping randomly (stuck).
  4272 | D:4      | 4272 ||| Stepping randomly (stuck).
  4273 | D:4      | 4273 ||| Stepping randomly (stuck).
  4274 | D:4      | 4274 ||| Stepping randomly (stuck).
  4275 | D:4      | 4275 ||| Stepping randomly (stuck).
  4276 | D:4      | 4276 ||| Stepping randomly (stuck).
  4278 | D:4      | 4278 ||| Stepping randomly (stuck).
  4279 | D:4      | 4279 ||| Stepping randomly (stuck).
  4280 | D:4      | 4280 ||| Stepping randomly (stuck).
  4281 | D:4      | 4281 ||| Stepping randomly (stuck).
  4282 | D:4      | 4282 ||| Stepping randomly (stuck).
  4283 | D:4      | 4283 ||| Stepping randomly (stuck).
  4284 | D:4      | 4284 ||| Stepping randomly (stuck).
  4285 | D:4      | 4285 ||| Stepping randomly (stuck).
  4286 | D:4      | 4286 ||| Stepping randomly (stuck).
  4287 | D:4      | 4287 ||| Stepping randomly (stuck).
  4288 | D:4      | 4288 ||| Stepping randomly (stuck).
  4289 | D:4      | 4289 ||| Stepping randomly (stuck).
  4290 | D:4      | 4290 ||| Stepping randomly (stuck).
  4291 | D:4      | 4291 ||| Stepping randomly (stuck).
  4292 | D:4      | 4292 ||| Stepping randomly (stuck).
  4293 | D:4      | 4293 ||| Stepping randomly (stuck).
  4294 | D:4      | 4294 ||| Stepping randomly (stuck).
  4295 | D:4      | 4295 ||| Stepping randomly (stuck).
  4296 | D:4      | 4296 ||| Stepping randomly (stuck).
  4297 | D:4      | 4297 ||| Stepping randomly (stuck).
  4298 | D:4      | 4298 ||| Stepping randomly (stuck).
  4299 | D:4      | 4299 ||| Stepping randomly (stuck).
  4300 | D:4      | 4300 ||| Stepping randomly (stuck).
  4301 | D:4      | 4301 ||| Stepping randomly (stuck).
  4302 | D:4      | 4302 ||| Stepping randomly (stuck).
  4303 | D:4      | 4303 ||| Stepping randomly (stuck).
  4304 | D:4      | 4304 ||| Stepping randomly (stuck).
  4305 | D:4      | 4305 ||| Stepping randomly (stuck).
  4306 | D:4      | 4306 ||| Stepping randomly (stuck).
  4307 | D:4      | 4307 ||| Stepping randomly (stuck).
  4308 | D:4      | 4308 ||| Stepping randomly (stuck).
  4309 | D:4      | 4309 ||| Stepping randomly (stuck).
  4310 | D:4      | 4310 ||| Stepping randomly (stuck).
  4311 | D:4      | 4311 ||| Stepping randomly (stuck).
  4312 | D:4      | 4312 ||| Stepping randomly (stuck).
  4313 | D:4      | 4313 ||| Stepping randomly (stuck).
  4314 | D:4      | 4314 ||| Stepping randomly (stuck).
  4315 | D:4      | 4315 ||| Stepping randomly (stuck).
  4316 | D:4      | 4316 ||| Stepping randomly (stuck).
  4317 | D:4      | 4317 ||| Stepping randomly (stuck).
  4318 | D:4      | 4318 ||| Stepping randomly (stuck).
  4319 | D:4      | 4319 ||| Stepping randomly (stuck).
  4320 | D:4      | 4320 ||| Stepping randomly (stuck).
  4321 | D:4      | 4321 ||| Stepping randomly (stuck).
  4322 | D:4      | 4322 ||| Stepping randomly (stuck).
  4323 | D:4      | 4323 ||| Stepping randomly (stuck).
  4324 | D:4      | 4324 ||| Stepping randomly (stuck).
  4325 | D:4      | 4325 ||| Stepping randomly (stuck).
  4326 | D:4      | 4326 ||| Stepping randomly (stuck).
  4327 | D:4      | 4327 ||| Stepping randomly (stuck).
  4328 | D:4      | 4328 ||| Stepping randomly (stuck).
  4329 | D:4      | 4329 ||| Stepping randomly (stuck).
  4330 | D:4      | 4330 ||| Stepping randomly (stuck).
  4331 | D:4      | 4331 ||| Stepping randomly (stuck).
  4332 | D:4      | 4332 ||| Stepping randomly (stuck).
  4333 | D:4      | 4333 ||| Stepping randomly (stuck).
  4334 | D:4      | 4334 ||| Stepping randomly (stuck).
  4335 | D:4      | 4335 ||| Stepping randomly (stuck).
  4336 | D:4      | 4336 ||| Stepping randomly (stuck).
  4337 | D:4      | 4337 ||| Stepping randomly (stuck).
  4338 | D:4      | 4338 ||| Stepping randomly (stuck).
  4339 | D:4      | 4339 ||| Stepping randomly (stuck).
  4340 | D:4      | 4340 ||| Stepping randomly (stuck).
  4341 | D:4      | 4341 ||| Stepping randomly (stuck).
  4342 | D:4      | 4342 ||| Stepping randomly (stuck).
  4343 | D:4      | 4343 ||| Stepping randomly (stuck).
  4344 | D:4      | 4344 ||| Stepping randomly (stuck).
  4345 | D:4      | 4345 ||| Stepping randomly (stuck).
  4346 | D:4      | 4346 ||| Stepping randomly (stuck).
  4347 | D:4      | 4347 ||| Stepping randomly (stuck).
  4348 | D:4      | 4348 ||| Stepping randomly (stuck).
  4349 | D:4      | 4349 ||| Stepping randomly (stuck).
  4350 | D:4      | 4350 ||| Stepping randomly (stuck).
  4351 | D:4      | 4351 ||| Stepping randomly (stuck).
  4352 | D:4      | 4352 ||| Stepping randomly (stuck).
  4353 | D:4      | 4353 ||| Stepping randomly (stuck).
  4354 | D:4      | 4354 ||| Stepping randomly (stuck).
  4355 | D:4      | 4355 ||| Stepping randomly (stuck).
  4356 | D:4      | 4356 ||| Stepping randomly (stuck).
  4357 | D:4      | 4357 ||| Stepping randomly (stuck).
  4358 | D:4      | 4358 ||| Stepping randomly (stuck).
  4359 | D:4      | 4359 ||| Stepping randomly (stuck).
  4360 | D:4      | 4360 ||| Stepping randomly (stuck).
  4361 | D:4      | 4361 ||| Stepping randomly (stuck).
  4362 | D:4      | 4362 ||| Stepping randomly (stuck).
  4363 | D:4      | 4363 ||| Stepping randomly (stuck).
  4364 | D:4      | 4364 ||| Stepping randomly (stuck).
  4365 | D:4      | 4365 ||| Stepping randomly (stuck).
  4366 | D:4      | 4366 ||| Stepping randomly (stuck).
  4367 | D:4      | 4367 ||| Stepping randomly (stuck).
  4368 | D:4      | 4368 ||| Stepping randomly (stuck).
  4369 | D:4      | 4369 ||| Stepping randomly (stuck).
  4370 | D:4      | 4370 ||| Stepping randomly (stuck).
  4371 | D:4      | 4371 ||| Stepping randomly (stuck).
  4372 | D:4      | 4372 ||| Stepping randomly (stuck).
  4373 | D:4      | 4373 ||| Stepping randomly (stuck).
  4374 | D:4      | 4374 ||| Stepping randomly (stuck).
  4375 | D:4      | 4375 ||| Stepping randomly (stuck).
  4376 | D:4      | 4376 ||| Stepping randomly (stuck).
  4377 | D:4      | 4377 ||| Stepping randomly (stuck).
  4378 | D:4      | 4378 ||| Stepping randomly (stuck).
  4379 | D:4      | 4379 ||| Stepping randomly (stuck).
  4380 | D:4      | 4380 ||| Stepping randomly (stuck).
  4381 | D:4      | 4381 ||| Stepping randomly (stuck).
  4382 | D:4      | 4382 ||| Stepping randomly (stuck).
  4383 | D:4      | 4383 ||| Stepping randomly (stuck).
  4384 | D:4      | 4384 ||| Stepping randomly (stuck).
  4385 | D:4      | 4385 ||| Stepping randomly (stuck).
  4386 | D:4      | 4386 ||| Stepping randomly (stuck).
  4387 | D:4      | 4387 ||| Stepping randomly (stuck).
  4388 | D:4      | 4388 ||| Stepping randomly (stuck).
  4389 | D:4      | 4389 ||| Stepping randomly (stuck).
  4390 | D:4      | 4390 ||| Stepping randomly (stuck).
  4391 | D:4      | 4391 ||| Stepping randomly (stuck).
  4392 | D:4      | 4392 ||| Stepping randomly (stuck).
  4393 | D:4      | 4393 ||| Stepping randomly (stuck).
  4394 | D:4      | 4394 ||| Stepping randomly (stuck).
  4395 | D:4      | 4395 ||| Stepping randomly (stuck).
  4396 | D:4      | 4396 ||| Stepping randomly (stuck).
  4397 | D:4      | 4397 ||| Stepping randomly (stuck).
  4398 | D:4      | 4398 ||| Stepping randomly (stuck).
  4399 | D:4      | 4399 ||| Stepping randomly (stuck).
  4400 | D:4      | 4400 ||| Stepping randomly (stuck).
  4401 | D:4      | 4401 ||| Stepping randomly (stuck).
  4402 | D:4      | 4402 ||| Stepping randomly (stuck).
  4403 | D:4      | 4403 ||| Stepping randomly (stuck).
  4404 | D:4      | 4404 ||| Stepping randomly (stuck).
  4405 | D:4      | 4405 ||| Stepping randomly (stuck).
  4406 | D:4      | 4406 ||| Stepping randomly (stuck).
  4407 | D:4      | 4407 ||| Stepping randomly (stuck).
  4408 | D:4      | 4408 ||| Stepping randomly (stuck).
  4409 | D:4      | 4409 ||| Stepping randomly (stuck).
  4410 | D:4      | 4410 ||| Stepping randomly (stuck).
  4411 | D:4      | 4411 ||| Stepping randomly (stuck).
  4412 | D:4      | 4412 ||| Stepping randomly (stuck).
  4413 | D:4      | 4413 ||| Stepping randomly (stuck).
  4414 | D:4      | 4414 ||| Stepping randomly (stuck).
  4415 | D:4      | 4415 ||| Stepping randomly (stuck).
  4416 | D:4      | 4416 ||| Stepping randomly (stuck).
  4417 | D:4      | 4417 ||| Stepping randomly (stuck).
  4418 | D:4      | 4418 ||| Stepping randomly (stuck).
  4419 | D:4      | 4419 ||| Stepping randomly (stuck).
  4420 | D:4      | 4420 ||| Stepping randomly (stuck).
  4421 | D:4      | 4421 ||| Stepping randomly (stuck).
  4422 | D:4      | 4422 ||| Stepping randomly (stuck).
  4423 | D:4      | 4423 ||| Stepping randomly (stuck).
  4424 | D:4      | 4424 ||| Stepping randomly (stuck).
  4425 | D:4      | 4425 ||| Stepping randomly (stuck).
  4426 | D:4      | 4426 ||| Stepping randomly (stuck).
  4427 | D:4      | 4427 ||| Stepping randomly (stuck).
  4428 | D:4      | 4428 ||| Stepping randomly (stuck).
  4429 | D:4      | 4429 ||| Stepping randomly (stuck).
  4430 | D:4      | 4430 ||| Stepping randomly (stuck).
  4431 | D:4      | 4431 ||| Stepping randomly (stuck).
  4432 | D:4      | 4432 ||| Stepping randomly (stuck).
  4433 | D:4      | 4433 ||| Stepping randomly (stuck).
  4434 | D:4      | 4434 ||| Stepping randomly (stuck).
  4435 | D:4      | 4435 ||| Stepping randomly (stuck).
  4436 | D:4      | 4436 ||| Stepping randomly (stuck).
  4437 | D:4      | 4437 ||| Stepping randomly (stuck).
  4438 | D:4      | 4438 ||| Stepping randomly (stuck).
  4439 | D:4      | 4439 ||| Stepping randomly (stuck).
  4440 | D:4      | 4440 ||| Stepping randomly (stuck).
  4441 | D:4      | 4441 ||| Stepping randomly (stuck).
  4442 | D:4      | 4442 ||| Stepping randomly (stuck).
  4443 | D:4      | 4443 ||| Stepping randomly (stuck).
  4444 | D:4      | 4444 ||| Stepping randomly (stuck).
  4445 | D:4      | 4445 ||| Stepping randomly (stuck).
  4446 | D:4      | 4446 ||| Stepping randomly (stuck).
  4447 | D:4      | 4447 ||| Stepping randomly (stuck).
  4448 | D:4      | 4448 ||| Stepping randomly (stuck).
  4449 | D:4      | 4449 ||| Stepping randomly (stuck).
  4450 | D:4      | 4450 ||| Stepping randomly (stuck).
  4451 | D:4      | 4451 ||| Stepping randomly (stuck).
  4452 | D:4      | 4452 ||| Stepping randomly (stuck).
  4453 | D:4      | 4453 ||| Stepping randomly (stuck).
  4454 | D:4      | 4454 ||| Stepping randomly (stuck).
  4455 | D:4      | 4455 ||| Stepping randomly (stuck).
  4456 | D:4      | 4456 ||| Stepping randomly (stuck).
  4457 | D:4      | 4457 ||| Stepping randomly (stuck).
  4458 | D:4      | 4458 ||| Stepping randomly (stuck).
  4459 | D:4      | 4459 ||| Stepping randomly (stuck).
  4460 | D:4      | 4460 ||| Stepping randomly (stuck).
  4461 | D:4      | 4461 ||| Stepping randomly (stuck).
  4462 | D:4      | 4462 ||| Stepping randomly (stuck).
  4463 | D:4      | 4463 ||| Stepping randomly (stuck).
  4464 | D:4      | 4464 ||| Stepping randomly (stuck).
  4465 | D:4      | 4465 ||| Stepping randomly (stuck).
  4466 | D:4      | 4466 ||| Stepping randomly (stuck).
  4467 | D:4      | 4467 ||| Stepping randomly (stuck).
  4468 | D:4      | 4468 ||| Stepping randomly (stuck).
  4469 | D:4      | 4469 ||| Stepping randomly (stuck).
  4470 | D:4      | 4470 ||| Stepping randomly (stuck).
  4471 | D:4      | 4471 ||| Stepping randomly (stuck).
  4472 | D:4      | 4472 ||| Stepping randomly (stuck).
  4473 | D:4      | 4473 ||| Stepping randomly (stuck).
  4474 | D:4      | 4474 ||| Stepping randomly (stuck).
  4475 | D:4      | 4475 ||| Stepping randomly (stuck).
  4476 | D:4      | 4476 ||| Stepping randomly (stuck).
  4477 | D:4      | 4477 ||| Stepping randomly (stuck).
  4478 | D:4      | 4478 ||| Stepping randomly (stuck).
  4479 | D:4      | 4479 ||| Stepping randomly (stuck).
  4480 | D:4      | 4480 ||| Stepping randomly (stuck).
  4481 | D:4      | 4481 ||| Stepping randomly (stuck).
  4482 | D:4      | 4482 ||| Stepping randomly (stuck).
  4483 | D:4      | 4483 ||| Stepping randomly (stuck).
  4484 | D:4      | 4484 ||| Stepping randomly (stuck).
  4485 | D:4      | 4485 ||| Stepping randomly (stuck).
  4486 | D:4      | 4486 ||| Stepping randomly (stuck).
  4487 | D:4      | 4487 ||| Stepping randomly (stuck).
  4488 | D:4      | 4488 ||| Stepping randomly (stuck).
  4489 | D:4      | 4489 ||| Stepping randomly (stuck).
  4490 | D:4      | 4490 ||| Stepping randomly (stuck).
  4491 | D:4      | 4491 ||| Stepping randomly (stuck).
  4492 | D:4      | 4492 ||| Stepping randomly (stuck).
  4493 | D:4      | 4493 ||| Stepping randomly (stuck).
  4494 | D:4      | 4494 ||| Stepping randomly (stuck).
  4495 | D:4      | 4495 ||| Stepping randomly (stuck).
  4496 | D:4      | 4496 ||| Stepping randomly (stuck).
  4497 | D:4      | 4497 ||| Stepping randomly (stuck).
  4498 | D:4      | 4498 ||| Stepping randomly (stuck).
  4499 | D:4      | 4499 ||| Stepping randomly (stuck).
  4500 | D:4      | 4500 ||| Stepping randomly (stuck).
  4501 | D:4      | 4501 ||| Stepping randomly (stuck).
  4502 | D:4      | 4502 ||| Stepping randomly (stuck).
  4503 | D:4      | 4503 ||| Stepping randomly (stuck).
  4504 | D:4      | 4504 ||| Stepping randomly (stuck).
  4505 | D:4      | 4505 ||| Stepping randomly (stuck).
  4506 | D:4      | 4506 ||| Stepping randomly (stuck).
  4507 | D:4      | 4507 ||| Stepping randomly (stuck).
  4508 | D:4      | 4508 ||| Stepping randomly (stuck).
  4509 | D:4      | 4509 ||| Stepping randomly (stuck).
  4510 | D:4      | 4510 ||| Stepping randomly (stuck).
  4511 | D:4      | 4511 ||| Stepping randomly (stuck).
  4512 | D:4      | 4512 ||| Stepping randomly (stuck).
  4513 | D:4      | 4513 ||| Stepping randomly (stuck).
  4514 | D:4      | 4514 ||| Stepping randomly (stuck).
  4515 | D:4      | 4515 ||| Stepping randomly (stuck).
  4516 | D:4      | 4516 ||| Stepping randomly (stuck).
  4517 | D:4      | 4517 ||| Stepping randomly (stuck).
  4518 | D:4      | 4518 ||| Stepping randomly (stuck).
  4519 | D:4      | 4519 ||| Stepping randomly (stuck).
  4520 | D:4      | 4520 ||| Stepping randomly (stuck).
  4521 | D:4      | 4521 ||| Stepping randomly (stuck).
  4522 | D:4      | 4522 ||| Stepping randomly (stuck).
  4523 | D:4      | 4523 ||| Stepping randomly (stuck).
  4524 | D:4      | 4524 ||| Stepping randomly (stuck).
  4525 | D:4      | 4525 ||| Stepping randomly (stuck).
  4526 | D:4      | 4526 ||| Stepping randomly (stuck).
  4527 | D:4      | 4527 ||| Stepping randomly (stuck).
  4528 | D:4      | 4528 ||| Stepping randomly (stuck).
  4529 | D:4      | 4529 ||| Stepping randomly (stuck).
  4530 | D:4      | 4530 ||| Stepping randomly (stuck).
  4531 | D:4      | 4531 ||| Stepping randomly (stuck).
  4532 | D:4      | 4532 ||| Stepping randomly (stuck).
  4533 | D:4      | 4533 ||| Stepping randomly (stuck).
  4534 | D:4      | 4534 ||| Stepping randomly (stuck).
  4535 | D:4      | 4535 ||| Stepping randomly (stuck).
  4536 | D:4      | 4536 ||| Stepping randomly (stuck).
  4537 | D:4      | 4537 ||| Stepping randomly (stuck).
  4538 | D:4      | 4538 ||| Stepping randomly (stuck).
  4539 | D:4      | 4539 ||| Stepping randomly (stuck).
  4540 | D:4      | 4540 ||| Stepping randomly (stuck).
  4541 | D:4      | 4541 ||| Stepping randomly (stuck).
  4542 | D:4      | 4542 ||| Stepping randomly (stuck).
  4543 | D:4      | 4543 ||| Stepping randomly (stuck).
  4544 | D:4      | 4544 ||| Stepping randomly (stuck).
  4545 | D:4      | 4545 ||| Stepping randomly (stuck).
  4546 | D:4      | 4546 ||| Stepping randomly (stuck).
  4547 | D:4      | 4547 ||| Stepping randomly (stuck).
  4548 | D:4      | 4548 ||| Stepping randomly (stuck).
  4549 | D:4      | 4549 ||| Stepping randomly (stuck).
  4550 | D:4      | 4550 ||| Stepping randomly (stuck).
  4551 | D:4      | 4551 ||| Stepping randomly (stuck).
  4552 | D:4      | 4552 ||| Stepping randomly (stuck).
  4553 | D:4      | 4553 ||| Stepping randomly (stuck).
  4554 | D:4      | 4554 ||| Stepping randomly (stuck).
  4555 | D:4      | 4555 ||| Stepping randomly (stuck).
  4556 | D:4      | 4556 ||| Stepping randomly (stuck).
  4557 | D:4      | 4557 ||| Stepping randomly (stuck).
  4558 | D:4      | 4558 ||| Stepping randomly (stuck).
  4559 | D:4      | 4559 ||| Stepping randomly (stuck).
  4560 | D:4      | 4560 ||| Stepping randomly (stuck).
  4561 | D:4      | 4561 ||| Stepping randomly (stuck).
  4562 | D:4      | 4562 ||| Stepping randomly (stuck).
  4563 | D:4      | 4563 ||| Stepping randomly (stuck).
  4564 | D:4      | 4564 ||| Stepping randomly (stuck).
  4565 | D:4      | 4565 ||| Stepping randomly (stuck).
  4566 | D:4      | 4566 ||| Stepping randomly (stuck).
  4567 | D:4      | 4567 ||| Stepping randomly (stuck).
  4568 | D:4      | 4568 ||| Stepping randomly (stuck).
  4569 | D:4      | 4569 ||| Stepping randomly (stuck).
  4570 | D:4      | 4570 ||| Stepping randomly (stuck).
  4571 | D:4      | 4571 ||| Stepping randomly (stuck).
  4572 | D:4      | 4572 ||| Stepping randomly (stuck).
  4573 | D:4      | 4573 ||| Stepping randomly (stuck).
  4574 | D:4      | 4574 ||| Stepping randomly (stuck).
  4575 | D:4      | 4575 ||| Stepping randomly (stuck).
  4576 | D:4      | 4576 ||| Stepping randomly (stuck).
  4577 | D:4      | 4577 ||| Stepping randomly (stuck).
  4578 | D:4      | 4578 ||| Stepping randomly (stuck).
  4579 | D:4      | 4579 ||| Stepping randomly (stuck).
  4580 | D:4      | 4580 ||| Stepping randomly (stuck).
  4581 | D:4      | 4581 ||| Stepping randomly (stuck).
  4582 | D:4      | 4582 ||| Stepping randomly (stuck).
  4583 | D:4      | 4583 ||| Stepping randomly (stuck).
  4584 | D:4      | 4584 ||| Stepping randomly (stuck).
  4585 | D:4      | 4585 ||| Stepping randomly (stuck).
  4586 | D:4      | 4586 ||| Stepping randomly (stuck).
  4587 | D:4      | 4587 ||| Stepping randomly (stuck).
  4588 | D:4      | 4588 ||| Stepping randomly (stuck).
  4589 | D:4      | 4589 ||| Stepping randomly (stuck).
  4590 | D:4      | 4590 ||| Stepping randomly (stuck).
  4591 | D:4      | 4591 ||| Stepping randomly (stuck).
  4592 | D:4      | 4592 ||| Stepping randomly (stuck).
  4593 | D:4      | 4593 ||| Stepping randomly (stuck).
  4594 | D:4      | 4594 ||| Stepping randomly (stuck).
  4595 | D:4      | 4595 ||| Stepping randomly (stuck).
  4596 | D:4      | 4596 ||| Stepping randomly (stuck).
  4597 | D:4      | 4597 ||| Stepping randomly (stuck).
  4598 | D:4      | 4598 ||| Stepping randomly (stuck).
  4599 | D:4      | 4599 ||| Stepping randomly (stuck).
  4600 | D:4      | 4600 ||| Stepping randomly (stuck).
  4601 | D:4      | 4601 ||| Stepping randomly (stuck).
  4602 | D:4      | 4602 ||| Stepping randomly (stuck).
  4603 | D:4      | 4603 ||| Stepping randomly (stuck).
  4604 | D:4      | 4604 ||| Stepping randomly (stuck).
  4605 | D:4      | 4605 ||| Stepping randomly (stuck).
  4606 | D:4      | 4606 ||| Stepping randomly (stuck).
  4607 | D:4      | 4607 ||| Stepping randomly (stuck).
  4608 | D:4      | 4608 ||| Stepping randomly (stuck).
  4609 | D:4      | 4609 ||| Stepping randomly (stuck).
  4610 | D:4      | 4610 ||| Stepping randomly (stuck).
  4611 | D:4      | 4611 ||| Stepping randomly (stuck).
  4612 | D:4      | 4612 ||| Stepping randomly (stuck).
  4613 | D:4      | 4613 ||| Stepping randomly (stuck).
  4614 | D:4      | 4614 ||| Stepping randomly (stuck).
  4615 | D:4      | 4615 ||| Stepping randomly (stuck).
  4616 | D:4      | 4616 ||| Stepping randomly (stuck).
  4617 | D:4      | 4617 ||| Stepping randomly (stuck).
  4618 | D:4      | 4618 ||| Stepping randomly (stuck).
  4619 | D:4      | 4619 ||| Stepping randomly (stuck).
  4620 | D:4      | 4620 ||| Stepping randomly (stuck).
  4621 | D:4      | 4621 ||| Stepping randomly (stuck).
  4622 | D:4      | 4622 ||| Stepping randomly (stuck).
  4623 | D:4      | 4623 ||| Stepping randomly (stuck).
  4624 | D:4      | 4624 ||| Stepping randomly (stuck).
  4625 | D:4      | 4625 ||| Stepping randomly (stuck).
  4626 | D:4      | 4626 ||| Stepping randomly (stuck).
  4627 | D:4      | 4627 ||| Stepping randomly (stuck).
  4628 | D:4      | 4628 ||| Stepping randomly (stuck).
  4629 | D:4      | 4629 ||| Stepping randomly (stuck).
  4630 | D:4      | 4630 ||| Stepping randomly (stuck).
  4631 | D:4      | 4631 ||| Stepping randomly (stuck).
  4632 | D:4      | 4632 ||| Stepping randomly (stuck).
  4633 | D:4      | 4633 ||| Stepping randomly (stuck).
  4634 | D:4      | 4634 ||| Stepping randomly (stuck).
  4635 | D:4      | 4635 ||| Stepping randomly (stuck).
  4636 | D:4      | 4636 ||| Stepping randomly (stuck).
  4637 | D:4      | 4637 ||| Stepping randomly (stuck).
  4638 | D:4      | 4638 ||| Stepping randomly (stuck).
  4639 | D:4      | 4639 ||| Stepping randomly (stuck).
  4640 | D:4      | 4640 ||| Stepping randomly (stuck).
  4641 | D:4      | 4641 ||| Stepping randomly (stuck).
  4642 | D:4      | 4642 ||| Stepping randomly (stuck).
  4643 | D:4      | 4643 ||| Stepping randomly (stuck).
  4644 | D:4      | 4644 ||| Stepping randomly (stuck).
  4645 | D:4      | 4645 ||| Stepping randomly (stuck).
  4646 | D:4      | 4646 ||| Stepping randomly (stuck).
  4647 | D:4      | 4647 ||| Stepping randomly (stuck).
  4648 | D:4      | 4648 ||| Stepping randomly (stuck).
  4649 | D:4      | 4649 ||| Stepping randomly (stuck).
  4650 | D:4      | 4650 ||| Stepping randomly (stuck).
  4651 | D:4      | 4651 ||| Stepping randomly (stuck).
  4652 | D:4      | 4652 ||| Stepping randomly (stuck).
  4653 | D:4      | 4653 ||| Stepping randomly (stuck).
  4654 | D:4      | 4654 ||| Stepping randomly (stuck).
  4655 | D:4      | 4655 ||| Stepping randomly (stuck).
  4656 | D:4      | 4656 ||| Stepping randomly (stuck).
  4657 | D:4      | 4657 ||| Stepping randomly (stuck).
  4658 | D:4      | 4658 ||| Stepping randomly (stuck).
  4659 | D:4      | 4659 ||| Stepping randomly (stuck).
  4660 | D:4      | 4660 ||| Stepping randomly (stuck).
  4661 | D:4      | 4661 ||| Stepping randomly (stuck).
  4662 | D:4      | 4662 ||| Stepping randomly (stuck).
  4663 | D:4      | 4663 ||| Stepping randomly (stuck).
  4664 | D:4      | 4664 ||| Stepping randomly (stuck).
  4665 | D:4      | 4665 ||| Stepping randomly (stuck).
  4666 | D:4      | 4666 ||| Stepping randomly (stuck).
  4667 | D:4      | 4667 ||| Stepping randomly (stuck).
  4668 | D:4      | 4668 ||| Stepping randomly (stuck).
  4669 | D:4      | 4669 ||| Stepping randomly (stuck).
  4670 | D:4      | 4670 ||| Stepping randomly (stuck).
  4671 | D:4      | 4671 ||| Stepping randomly (stuck).
  4672 | D:4      | 4672 ||| Stepping randomly (stuck).
  4673 | D:4      | 4673 ||| Stepping randomly (stuck).
  4674 | D:4      | 4674 ||| Stepping randomly (stuck).
  4675 | D:4      | 4675 ||| Stepping randomly (stuck).
  4676 | D:4      | 4676 ||| Stepping randomly (stuck).
  4677 | D:4      | 4677 ||| Stepping randomly (stuck).
  4678 | D:4      | 4678 ||| Stepping randomly (stuck).
  4679 | D:4      | 4679 ||| Stepping randomly (stuck).
  4680 | D:4      | 4680 ||| Stepping randomly (stuck).
  4681 | D:4      | 4681 ||| Stepping randomly (stuck).
  4682 | D:4      | 4682 ||| Stepping randomly (stuck).
  4683 | D:4      | 4683 ||| Stepping randomly (stuck).
  4684 | D:4      | 4684 ||| Stepping randomly (stuck).
  4685 | D:4      | 4685 ||| Stepping randomly (stuck).
  4686 | D:4      | 4686 ||| Stepping randomly (stuck).
  4687 | D:4      | 4687 ||| Stepping randomly (stuck).
  4688 | D:4      | 4688 ||| Stepping randomly (stuck).
  4689 | D:4      | 4689 ||| Stepping randomly (stuck).
  4690 | D:4      | 4690 ||| Stepping randomly (stuck).
  4691 | D:4      | 4691 ||| Stepping randomly (stuck).
  4692 | D:4      | 4692 ||| Stepping randomly (stuck).
  4693 | D:4      | 4693 ||| Stepping randomly (stuck).
  4694 | D:4      | 4694 ||| Stepping randomly (stuck).
  4695 | D:4      | 4695 ||| Stepping randomly (stuck).
  4696 | D:4      | 4696 ||| Stepping randomly (stuck).
  4697 | D:4      | 4697 ||| Stepping randomly (stuck).
  4698 | D:4      | 4698 ||| Stepping randomly (stuck).
  4699 | D:4      | 4699 ||| Stepping randomly (stuck).
  4700 | D:4      | 4700 ||| Stepping randomly (stuck).
  4701 | D:4      | 4701 ||| Stepping randomly (stuck).
  4702 | D:4      | 4702 ||| Stepping randomly (stuck).
  4703 | D:4      | 4703 ||| Stepping randomly (stuck).
  4704 | D:4      | 4704 ||| Stepping randomly (stuck).
  4705 | D:4      | 4705 ||| Stepping randomly (stuck).
  4706 | D:4      | 4706 ||| Stepping randomly (stuck).
  4707 | D:4      | 4707 ||| Stepping randomly (stuck).
  4708 | D:4      | 4708 ||| Stepping randomly (stuck).
  4709 | D:4      | 4709 ||| Stepping randomly (stuck).
  4710 | D:4      | 4710 ||| Stepping randomly (stuck).
  4711 | D:4      | 4711 ||| Stepping randomly (stuck).
  4712 | D:4      | 4712 ||| Stepping randomly (stuck).
  4713 | D:4      | 4713 ||| Stepping randomly (stuck).
  4714 | D:4      | 4714 ||| Stepping randomly (stuck).
  4715 | D:4      | 4715 ||| Stepping randomly (stuck).
  4716 | D:4      | 4716 ||| Stepping randomly (stuck).
  4717 | D:4      | 4717 ||| Stepping randomly (stuck).
  4718 | D:4      | 4718 ||| Stepping randomly (stuck).
  4719 | D:4      | 4719 ||| Stepping randomly (stuck).
  4720 | D:4      | 4720 ||| Stepping randomly (stuck).
  4721 | D:4      | 4721 ||| Stepping randomly (stuck).
  4722 | D:4      | 4722 ||| Stepping randomly (stuck).
  4723 | D:4      | 4723 ||| Stepping randomly (stuck).
  4724 | D:4      | 4724 ||| Stepping randomly (stuck).
  4725 | D:4      | 4725 ||| Stepping randomly (stuck).
  4726 | D:4      | 4726 ||| Stepping randomly (stuck).
  4727 | D:4      | 4727 ||| Stepping randomly (stuck).
  4728 | D:4      | 4728 ||| Stepping randomly (stuck).
  4729 | D:4      | 4729 ||| Stepping randomly (stuck).
  4730 | D:4      | 4730 ||| Stepping randomly (stuck).
  4731 | D:4      | 4731 ||| Stepping randomly (stuck).
  4732 | D:4      | 4732 ||| Stepping randomly (stuck).
  4733 | D:4      | 4733 ||| Stepping randomly (stuck).
  4734 | D:4      | 4734 ||| Stepping randomly (stuck).
  4735 | D:4      | 4735 ||| Stepping randomly (stuck).
  4736 | D:4      | 4736 ||| Stepping randomly (stuck).
  4737 | D:4      | 4737 ||| Stepping randomly (stuck).
  4738 | D:4      | 4738 ||| Stepping randomly (stuck).
  4739 | D:4      | 4739 ||| Stepping randomly (stuck).
  4740 | D:4      | 4740 ||| Stepping randomly (stuck).
  4741 | D:4      | 4741 ||| Stepping randomly (stuck).
  4742 | D:4      | 4742 ||| Stepping randomly (stuck).
  4743 | D:4      | 4743 ||| Stepping randomly (stuck).
  4744 | D:4      | 4744 ||| Stepping randomly (stuck).
  4745 | D:4      | 4745 ||| Stepping randomly (stuck).
  4746 | D:4      | 4746 ||| Stepping randomly (stuck).
  4747 | D:4      | 4747 ||| Stepping randomly (stuck).
  4748 | D:4      | 4748 ||| Stepping randomly (stuck).
  4749 | D:4      | 4749 ||| Stepping randomly (stuck).
  4750 | D:4      | 4750 ||| Stepping randomly (stuck).
  4751 | D:4      | 4751 ||| Stepping randomly (stuck).
  4752 | D:4      | 4752 ||| Stepping randomly (stuck).
  4753 | D:4      | 4753 ||| Stepping randomly (stuck).
  4754 | D:4      | 4754 ||| Stepping randomly (stuck).
  4755 | D:4      | 4755 ||| Stepping randomly (stuck).
  4756 | D:4      | 4756 ||| Stepping randomly (stuck).
  4757 | D:4      | 4757 ||| Stepping randomly (stuck).
  4758 | D:4      | 4758 ||| Stepping randomly (stuck).
  4759 | D:4      | 4759 ||| Stepping randomly (stuck).
  4760 | D:4      | 4760 ||| Stepping randomly (stuck).
  4761 | D:4      | 4761 ||| Stepping randomly (stuck).
  4762 | D:4      | 4762 ||| Stepping randomly (stuck).
  4763 | D:4      | 4763 ||| Stepping randomly (stuck).
  4764 | D:4      | 4764 ||| Stepping randomly (stuck).
  4765 | D:4      | 4765 ||| Stepping randomly (stuck).
  4766 | D:4      | 4766 ||| Stepping randomly (stuck).
  4767 | D:4      | 4767 ||| Stepping randomly (stuck).
  4768 | D:4      | 4768 ||| Stepping randomly (stuck).
  4769 | D:4      | 4769 ||| Stepping randomly (stuck).
  4770 | D:4      | 4770 ||| Stepping randomly (stuck).
  4771 | D:4      | 4771 ||| Stepping randomly (stuck).
  4772 | D:4      | 4772 ||| Stepping randomly (stuck).
  4773 | D:4      | 4773 ||| Stepping randomly (stuck).
  4774 | D:4      | 4774 ||| Stepping randomly (stuck).
  4775 | D:4      | 4775 ||| Stepping randomly (stuck).
  4776 | D:4      | 4776 ||| Stepping randomly (stuck).
  4777 | D:4      | 4777 ||| Stepping randomly (stuck).
  4778 | D:4      | 4778 ||| Stepping randomly (stuck).
  4779 | D:4      | 4779 ||| Stepping randomly (stuck).
  4780 | D:4      | 4780 ||| Stepping randomly (stuck).
  4781 | D:4      | 4781 ||| Stepping randomly (stuck).
  4782 | D:4      | 4782 ||| Stepping randomly (stuck).
  4783 | D:4      | 4783 ||| Stepping randomly (stuck).
  4784 | D:4      | 4784 ||| Stepping randomly (stuck).
  4785 | D:4      | 4785 ||| Stepping randomly (stuck).
  4786 | D:4      | 4786 ||| Stepping randomly (stuck).
  4787 | D:4      | 4787 ||| Stepping randomly (stuck).
  4788 | D:4      | 4788 ||| Stepping randomly (stuck).
  4789 | D:4      | 4789 ||| Stepping randomly (stuck).
  4790 | D:4      | 4790 ||| Stepping randomly (stuck).
  4791 | D:4      | 4791 ||| Stepping randomly (stuck).
  4792 | D:4      | 4792 ||| Stepping randomly (stuck).
  4793 | D:4      | 4793 ||| Stepping randomly (stuck).
  4794 | D:4      | 4794 ||| Stepping randomly (stuck).
  4795 | D:4      | 4795 ||| Stepping randomly (stuck).
  4796 | D:4      | 4796 ||| Stepping randomly (stuck).
  4797 | D:4      | 4797 ||| Stepping randomly (stuck).
  4798 | D:4      | 4798 ||| Stepping randomly (stuck).
  4799 | D:4      | 4799 ||| Stepping randomly (stuck).
  4800 | D:4      | 4800 ||| Stepping randomly (stuck).
  4801 | D:4      | 4801 ||| Stepping randomly (stuck).
  4802 | D:4      | 4802 ||| Stepping randomly (stuck).
  4803 | D:4      | 4803 ||| Stepping randomly (stuck).
  4804 | D:4      | 4804 ||| Stepping randomly (stuck).
  4805 | D:4      | 4805 ||| Stepping randomly (stuck).
  4806 | D:4      | 4806 ||| Stepping randomly (stuck).
  4807 | D:4      | 4807 ||| Stepping randomly (stuck).
  4808 | D:4      | 4808 ||| Stepping randomly (stuck).
  4809 | D:4      | 4809 ||| Stepping randomly (stuck).
  4810 | D:4      | 4810 ||| Stepping randomly (stuck).
  4811 | D:4      | 4811 ||| Stepping randomly (stuck).
  4812 | D:4      | 4812 ||| Stepping randomly (stuck).
  4813 | D:4      | 4813 ||| Stepping randomly (stuck).
  4814 | D:4      | 4814 ||| Stepping randomly (stuck).
  4815 | D:4      | 4815 ||| Stepping randomly (stuck).
  4816 | D:4      | 4816 ||| Stepping randomly (stuck).
  4817 | D:4      | 4817 ||| Stepping randomly (stuck).
  4818 | D:4      | 4818 ||| Stepping randomly (stuck).
  4819 | D:4      | 4819 ||| Stepping randomly (stuck).
  4820 | D:4      | 4820 ||| Stepping randomly (stuck).
  4821 | D:4      | 4821 ||| Stepping randomly (stuck).
  4822 | D:4      | 4822 ||| Stepping randomly (stuck).
  4823 | D:4      | 4823 ||| Stepping randomly (stuck).
  4824 | D:4      | 4824 ||| Stepping randomly (stuck).
  4825 | D:4      | 4825 ||| Stepping randomly (stuck).
  4826 | D:4      | 4826 ||| Stepping randomly (stuck).
  4827 | D:4      | 4827 ||| Stepping randomly (stuck).
  4828 | D:4      | 4828 ||| Stepping randomly (stuck).
  4829 | D:4      | 4829 ||| Stepping randomly (stuck).
  4830 | D:4      | 4830 ||| Stepping randomly (stuck).
  4831 | D:4      | 4831 ||| Stepping randomly (stuck).
  4832 | D:4      | 4832 ||| Stepping randomly (stuck).
  4833 | D:4      | 4833 ||| Stepping randomly (stuck).
  4834 | D:4      | 4834 ||| Stepping randomly (stuck).
  4835 | D:4      | 4835 ||| Stepping randomly (stuck).
  4836 | D:4      | 4836 ||| Stepping randomly (stuck).
  4837 | D:4      | 4837 ||| Stepping randomly (stuck).
  4838 | D:4      | 4838 ||| Stepping randomly (stuck).
  4839 | D:4      | 4839 ||| Stepping randomly (stuck).
  4840 | D:4      | 4840 ||| Stepping randomly (stuck).
  4841 | D:4      | 4841 ||| Stepping randomly (stuck).
  4842 | D:4      | 4842 ||| Stepping randomly (stuck).
  4843 | D:4      | 4843 ||| Stepping randomly (stuck).
  4844 | D:4      | 4844 ||| Stepping randomly (stuck).
  4845 | D:4      | 4845 ||| Stepping randomly (stuck).
  4846 | D:4      | 4846 ||| Stepping randomly (stuck).
  4847 | D:4      | 4847 ||| Stepping randomly (stuck).
  4848 | D:4      | 4848 ||| Stepping randomly (stuck).
  4849 | D:4      | 4849 ||| Stepping randomly (stuck).
  4850 | D:4      | 4850 ||| Stepping randomly (stuck).
  4851 | D:4      | 4851 ||| Stepping randomly (stuck).
  4852 | D:4      | 4852 ||| Stepping randomly (stuck).
  4853 | D:4      | 4853 ||| Stepping randomly (stuck).
  4854 | D:4      | 4854 ||| Stepping randomly (stuck).
  4855 | D:4      | 4855 ||| Stepping randomly (stuck).
  4856 | D:4      | 4856 ||| Stepping randomly (stuck).
  4857 | D:4      | 4857 ||| Stepping randomly (stuck).
  4858 | D:4      | 4858 ||| Stepping randomly (stuck).
  4859 | D:4      | 4859 ||| Stepping randomly (stuck).
  4860 | D:4      | 4860 ||| Stepping randomly (stuck).
  4861 | D:4      | 4861 ||| Stepping randomly (stuck).
  4862 | D:4      | 4862 ||| Stepping randomly (stuck).
  4863 | D:4      | 4863 ||| Stepping randomly (stuck).
  4864 | D:4      | 4864 ||| Stepping randomly (stuck).
  4865 | D:4      | 4865 ||| Stepping randomly (stuck).
  4866 | D:4      | 4866 ||| Stepping randomly (stuck).
  4867 | D:4      | 4867 ||| Stepping randomly (stuck).
  4868 | D:4      | 4868 ||| Stepping randomly (stuck).
  4869 | D:4      | 4869 ||| Stepping randomly (stuck).
  4870 | D:4      | 4870 ||| Stepping randomly (stuck).
  4871 | D:4      | 4871 ||| Stepping randomly (stuck).
  4872 | D:4      | 4872 ||| Stepping randomly (stuck).
  4873 | D:4      | 4873 ||| Stepping randomly (stuck).
  4874 | D:4      | 4874 ||| Stepping randomly (stuck).
  4875 | D:4      | 4875 ||| Stepping randomly (stuck).
  4876 | D:4      | 4876 ||| Stepping randomly (stuck).
  4877 | D:4      | 4877 ||| Stepping randomly (stuck).
  4878 | D:4      | 4878 ||| Stepping randomly (stuck).
  4879 | D:4      | 4879 ||| Stepping randomly (stuck).
  4880 | D:4      | 4880 ||| Stepping randomly (stuck).
  4881 | D:4      | 4881 ||| Stepping randomly (stuck).
  4882 | D:4      | 4882 ||| Stepping randomly (stuck).
  4883 | D:4      | 4883 ||| Stepping randomly (stuck).
  4884 | D:4      | 4884 ||| Stepping randomly (stuck).
  4885 | D:4      | 4885 ||| Stepping randomly (stuck).
  4886 | D:4      | 4886 ||| Stepping randomly (stuck).
  4887 | D:4      | 4887 ||| Stepping randomly (stuck).
  4888 | D:4      | 4888 ||| Stepping randomly (stuck).
  4889 | D:4      | 4889 ||| Stepping randomly (stuck).
  4890 | D:4      | 4890 ||| Stepping randomly (stuck).
  4891 | D:4      | 4891 ||| Stepping randomly (stuck).
  4892 | D:4      | 4892 ||| Stepping randomly (stuck).
  4893 | D:4      | 4893 ||| Stepping randomly (stuck).
  4894 | D:4      | 4894 ||| Stepping randomly (stuck).
  4895 | D:4      | 4895 ||| Stepping randomly (stuck).
  4896 | D:4      | 4896 ||| Stepping randomly (stuck).
  4897 | D:4      | 4897 ||| Stepping randomly (stuck).
  4898 | D:4      | 4898 ||| Stepping randomly (stuck).
  4899 | D:4      | 4899 ||| Stepping randomly (stuck).
  4900 | D:4      | 4900 ||| Stepping randomly (stuck).
  4901 | D:4      | 4901 ||| Stepping randomly (stuck).
  4902 | D:4      | 4902 ||| Stepping randomly (stuck).
  4903 | D:4      | 4903 ||| Stepping randomly (stuck).
  4904 | D:4      | 4904 ||| Stepping randomly (stuck).
  4905 | D:4      | 4905 ||| Stepping randomly (stuck).
  4906 | D:4      | 4906 ||| Stepping randomly (stuck).
  4907 | D:4      | 4907 ||| Stepping randomly (stuck).
  4908 | D:4      | 4908 ||| Stepping randomly (stuck).
  4909 | D:4      | 4909 ||| Stepping randomly (stuck).
  4910 | D:4      | 4910 ||| Stepping randomly (stuck).
  4911 | D:4      | 4911 ||| Stepping randomly (stuck).
  4912 | D:4      | 4912 ||| Stepping randomly (stuck).
  4913 | D:4      | 4913 ||| Stepping randomly (stuck).
  4914 | D:4      | 4914 ||| Stepping randomly (stuck).
  4915 | D:4      | 4915 ||| Stepping randomly (stuck).
  4916 | D:4      | 4916 ||| Stepping randomly (stuck).
  4917 | D:4      | 4917 ||| Stepping randomly (stuck).
  4918 | D:4      | 4918 ||| Stepping randomly (stuck).
  4919 | D:4      | 4919 ||| Stepping randomly (stuck).
  4920 | D:4      | 4920 ||| Stepping randomly (stuck).
  4921 | D:4      | 4921 ||| Stepping randomly (stuck).
  4922 | D:4      | 4922 ||| Stepping randomly (stuck).
  4923 | D:4      | 4923 ||| Stepping randomly (stuck).
  4924 | D:4      | 4924 ||| Stepping randomly (stuck).
  4925 | D:4      | 4925 ||| Stepping randomly (stuck).
  4926 | D:4      | 4926 ||| Stepping randomly (stuck).
  4927 | D:4      | 4927 ||| Stepping randomly (stuck).
  4928 | D:4      | 4928 ||| Stepping randomly (stuck).
  4929 | D:4      | 4929 ||| Stepping randomly (stuck).
  4930 | D:4      | 4930 ||| Stepping randomly (stuck).
  4931 | D:4      | 4931 ||| Stepping randomly (stuck).
  4932 | D:4      | 4932 ||| Stepping randomly (stuck).
  4933 | D:4      | 4933 ||| Stepping randomly (stuck).
  4934 | D:4      | 4934 ||| Stepping randomly (stuck).
  4935 | D:4      | 4935 ||| Stepping randomly (stuck).
  4936 | D:4      | 4936 ||| Stepping randomly (stuck).
  4937 | D:4      | 4937 ||| Stepping randomly (stuck).
  4938 | D:4      | 4938 ||| Stepping randomly (stuck).
  4939 | D:4      | 4939 ||| Stepping randomly (stuck).
  4940 | D:4      | 4940 ||| Stepping randomly (stuck).
  4941 | D:4      | 4941 ||| Stepping randomly (stuck).
  4942 | D:4      | 4942 ||| Stepping randomly (stuck).
  4943 | D:4      | 4943 ||| Stepping randomly (stuck).
  4944 | D:4      | 4944 ||| Stepping randomly (stuck).
  4945 | D:4      | 4945 ||| Stepping randomly (stuck).
  4946 | D:4      | 4946 ||| Stepping randomly (stuck).
  4947 | D:4      | 4947 ||| Stepping randomly (stuck).
  4948 | D:4      | 4948 ||| Stepping randomly (stuck).
  4949 | D:4      | 4949 ||| Stepping randomly (stuck).
  4950 | D:4      | 4950 ||| Stepping randomly (stuck).
  4951 | D:4      | 4951 ||| Stepping randomly (stuck).
  4952 | D:4      | 4952 ||| Stepping randomly (stuck).
  4953 | D:4      | 4953 ||| Stepping randomly (stuck).
  4954 | D:4      | 4954 ||| Stepping randomly (stuck).
  4955 | D:4      | 4955 ||| Stepping randomly (stuck).
  4956 | D:4      | 4956 ||| Stepping randomly (stuck).
  4957 | D:4      | 4957 ||| Stepping randomly (stuck).
  4958 | D:4      | 4958 ||| Stepping randomly (stuck).
  4959 | D:4      | 4959 ||| Stepping randomly (stuck).
  4960 | D:4      | 4960 ||| Stepping randomly (stuck).
  4961 | D:4      | 4961 ||| Stepping randomly (stuck).
  4962 | D:4      | 4962 ||| Stepping randomly (stuck).
  4963 | D:4      | 4963 ||| Stepping randomly (stuck).
  4964 | D:4      | 4964 ||| Stepping randomly (stuck).
  4965 | D:4      | 4965 ||| Stepping randomly (stuck).
  4966 | D:4      | 4966 ||| Stepping randomly (stuck).
  4967 | D:4      | 4967 ||| Stepping randomly (stuck).
  4968 | D:4      | 4968 ||| Stepping randomly (stuck).
  4969 | D:4      | 4969 ||| Stepping randomly (stuck).
  4970 | D:4      | 4970 ||| Stepping randomly (stuck).
  4971 | D:4      | 4971 ||| Stepping randomly (stuck).
  4972 | D:4      | 4972 ||| Stepping randomly (stuck).
  4973 | D:4      | 4973 ||| Stepping randomly (stuck).
  4974 | D:4      | 4974 ||| Stepping randomly (stuck).
  4975 | D:4      | 4975 ||| Stepping randomly (stuck).
  4976 | D:4      | 4976 ||| Stepping randomly (stuck).
  4977 | D:4      | 4977 ||| Stepping randomly (stuck).
  4978 | D:4      | 4978 ||| Stepping randomly (stuck).
  4979 | D:4      | 4979 ||| Stepping randomly (stuck).
  4980 | D:4      | 4980 ||| Stepping randomly (stuck).
  4981 | D:4      | 4981 ||| Stepping randomly (stuck).
  4982 | D:4      | 4982 ||| Stepping randomly (stuck).
  4983 | D:4      | 4983 ||| Stepping randomly (stuck).
  4984 | D:4      | 4984 ||| Stepping randomly (stuck).
  4985 | D:4      | 4985 ||| Stepping randomly (stuck).
  4986 | D:4      | 4986 ||| Stepping randomly (stuck).
  4987 | D:4      | 4987 ||| Stepping randomly (stuck).
  4988 | D:4      | 4988 ||| Stepping randomly (stuck).
  4989 | D:4      | 4989 ||| Stepping randomly (stuck).
  4990 | D:4      | 4990 ||| Stepping randomly (stuck).
  4991 | D:4      | 4991 ||| Stepping randomly (stuck).
  4992 | D:4      | 4992 ||| Stepping randomly (stuck).
  4993 | D:4      | 4993 ||| Stepping randomly (stuck).
  4994 | D:4      | 4994 ||| Stepping randomly (stuck).
  4995 | D:4      | 4995 ||| Stepping randomly (stuck).
  4996 | D:4      | 4996 ||| Stepping randomly (stuck).
  4997 | D:4      | 4997 ||| Stepping randomly (stuck).
  4998 | D:4      | 4998 ||| Stepping randomly (stuck).
  4999 | D:4      | 4999 ||| Stepping randomly (stuck).
  5000 | D:4      | 5000 ||| Stepping randomly (stuck).
  5001 | D:4      | 5001 ||| Stepping randomly (stuck).
  5002 | D:4      | 5002 ||| Stepping randomly (stuck).
  5003 | D:4      | 5003 ||| Stepping randomly (stuck).
  5004 | D:4      | 5004 ||| Stepping randomly (stuck).
  5005 | D:4      | 5005 ||| Stepping randomly (stuck).
  5006 | D:4      | 5006 ||| Stepping randomly (stuck).
  5007 | D:4      | 5007 ||| Stepping randomly (stuck).
  5008 | D:4      | 5008 ||| Stepping randomly (stuck).
  5009 | D:4      | 5009 ||| Stepping randomly (stuck).
  5010 | D:4      | 5010 ||| Stepping randomly (stuck).
  5011 | D:4      | 5011 ||| Stepping randomly (stuck).
  5012 | D:4      | 5012 ||| Stepping randomly (stuck).
  5013 | D:4      | 5013 ||| Stepping randomly (stuck).
  5014 | D:4      | 5014 ||| Stepping randomly (stuck).
  5015 | D:4      | 5015 ||| Stepping randomly (stuck).
  5016 | D:4      | 5016 ||| Stepping randomly (stuck).
  5017 | D:4      | 5017 ||| Stepping randomly (stuck).
  5018 | D:4      | 5018 ||| Stepping randomly (stuck).
  5019 | D:4      | 5019 ||| Stepping randomly (stuck).
  5020 | D:4      | 5020 ||| Stepping randomly (stuck).
  5021 | D:4      | 5021 ||| Stepping randomly (stuck).
  5022 | D:4      | 5022 ||| Stepping randomly (stuck).
  5023 | D:4      | 5023 ||| Stepping randomly (stuck).
  5024 | D:4      | 5024 ||| Stepping randomly (stuck).
  5025 | D:4      | 5025 ||| Stepping randomly (stuck).
  5026 | D:4      | 5026 ||| Stepping randomly (stuck).
  5027 | D:4      | 5027 ||| Stepping randomly (stuck).
  5028 | D:4      | 5028 ||| Stepping randomly (stuck).
  5029 | D:4      | 5029 ||| Stepping randomly (stuck).
  5030 | D:4      | 5030 ||| Stepping randomly (stuck).
  5031 | D:4      | 5031 ||| Stepping randomly (stuck).
  5032 | D:4      | 5032 ||| Stepping randomly (stuck).
  5033 | D:4      | 5033 ||| Stepping randomly (stuck).
  5034 | D:4      | 5034 ||| Stepping randomly (stuck).
  5035 | D:4      | 5035 ||| Stepping randomly (stuck).
  5036 | D:4      | 5036 ||| Stepping randomly (stuck).
  5037 | D:4      | 5037 ||| Stepping randomly (stuck).
  5038 | D:4      | 5038 ||| Stepping randomly (stuck).
  5039 | D:4      | 5039 ||| Stepping randomly (stuck).
  5040 | D:4      | 5040 ||| Stepping randomly (stuck).
  5041 | D:4      | 5041 ||| Stepping randomly (stuck).
  5042 | D:4      | 5042 ||| Stepping randomly (stuck).
  5043 | D:4      | 5043 ||| Stepping randomly (stuck).
  5044 | D:4      | 5044 ||| Stepping randomly (stuck).
  5045 | D:4      | 5045 ||| Stepping randomly (stuck).
  5046 | D:4      | 5046 ||| Stepping randomly (stuck).
  5047 | D:4      | 5047 ||| Stepping randomly (stuck).
  5048 | D:4      | 5048 ||| Stepping randomly (stuck).
  5049 | D:4      | 5049 ||| Stepping randomly (stuck).
  5050 | D:4      | 5050 ||| Stepping randomly (stuck).
  5051 | D:4      | 5051 ||| Stepping randomly (stuck).
  5052 | D:4      | 5052 ||| Stepping randomly (stuck).
  5053 | D:4      | 5053 ||| Stepping randomly (stuck).
  5054 | D:4      | 5054 ||| Stepping randomly (stuck).
  5055 | D:4      | 5055 ||| Stepping randomly (stuck).
  5056 | D:4      | 5056 ||| Stepping randomly (stuck).
  5057 | D:4      | 5057 ||| Stepping randomly (stuck).
  5058 | D:4      | 5058 ||| Stepping randomly (stuck).
  5059 | D:4      | 5059 ||| Stepping randomly (stuck).
  5060 | D:4      | 5060 ||| Stepping randomly (stuck).
  5061 | D:4      | 5061 ||| Stepping randomly (stuck).
  5062 | D:4      | 5062 ||| Stepping randomly (stuck).
  5063 | D:4      | 5063 ||| Stepping randomly (stuck).
  5064 | D:4      | 5064 ||| Stepping randomly (stuck).
  5065 | D:4      | 5065 ||| Stepping randomly (stuck).
  5066 | D:4      | 5066 ||| Stepping randomly (stuck).
  5067 | D:4      | 5067 ||| Stepping randomly (stuck).
  5068 | D:4      | 5068 ||| Stepping randomly (stuck).
  5069 | D:4      | 5069 ||| Stepping randomly (stuck).
  5070 | D:4      | 5070 ||| Stepping randomly (stuck).
  5071 | D:4      | 5071 ||| Stepping randomly (stuck).
  5072 | D:4      | 5072 ||| Stepping randomly (stuck).
  5073 | D:4      | 5073 ||| Stepping randomly (stuck).
  5074 | D:4      | 5074 ||| Stepping randomly (stuck).
  5075 | D:4      | 5075 ||| Stepping randomly (stuck).
  5076 | D:4      | 5076 ||| Stepping randomly (stuck).
  5077 | D:4      | 5077 ||| Stepping randomly (stuck).
  5078 | D:4      | 5078 ||| Stepping randomly (stuck).
  5079 | D:4      | 5079 ||| Stepping randomly (stuck).
  5080 | D:4      | 5080 ||| Stepping randomly (stuck).
  5081 | D:4      | 5081 ||| Stepping randomly (stuck).
  5082 | D:4      | 5082 ||| Stepping randomly (stuck).
  5083 | D:4      | 5083 ||| Stepping randomly (stuck).
  5084 | D:4      | 5084 ||| Stepping randomly (stuck).
  5085 | D:4      | 5085 ||| Stepping randomly (stuck).
  5086 | D:4      | 5086 ||| Stepping randomly (stuck).
  5087 | D:4      | 5087 ||| Stepping randomly (stuck).
  5088 | D:4      | 5088 ||| Stepping randomly (stuck).
  5089 | D:4      | 5089 ||| Stepping randomly (stuck).
  5090 | D:4      | 5090 ||| Stepping randomly (stuck).
  5091 | D:4      | 5091 ||| Stepping randomly (stuck).
  5092 | D:4      | 5092 ||| Stepping randomly (stuck).
  5093 | D:4      | 5093 ||| Stepping randomly (stuck).
  5094 | D:4      | 5094 ||| Stepping randomly (stuck).
  5095 | D:4      | 5095 ||| Stepping randomly (stuck).
  5096 | D:4      | 5096 ||| Stepping randomly (stuck).
  5097 | D:4      | 5097 ||| Stepping randomly (stuck).
  5098 | D:4      | 5098 ||| Stepping randomly (stuck).
  5099 | D:4      | 5099 ||| Stepping randomly (stuck).
  5100 | D:4      | 5100 ||| Stepping randomly (stuck).
  5101 | D:4      | 5101 ||| Stepping randomly (stuck).
  5102 | D:4      | 5102 ||| Stepping randomly (stuck).
  5103 | D:4      | 5103 ||| Stepping randomly (stuck).
  5104 | D:4      | 5104 ||| Stepping randomly (stuck).
  5105 | D:4      | 5105 ||| Stepping randomly (stuck).
  5106 | D:4      | 5106 ||| Stepping randomly (stuck).
  5107 | D:4      | 5107 ||| Stepping randomly (stuck).
  5108 | D:4      | 5108 ||| Stepping randomly (stuck).
  5109 | D:4      | 5109 ||| Stepping randomly (stuck).
  5110 | D:4      | 5110 ||| Stepping randomly (stuck).
  5111 | D:4      | 5111 ||| Stepping randomly (stuck).
  5112 | D:4      | 5112 ||| Stepping randomly (stuck).
  5113 | D:4      | 5113 ||| Stepping randomly (stuck).
  5114 | D:4      | 5114 ||| Stepping randomly (stuck).
  5115 | D:4      | 5115 ||| Stepping randomly (stuck).
  5116 | D:4      | 5116 ||| Stepping randomly (stuck).
  5117 | D:4      | 5117 ||| Stepping randomly (stuck).
  5118 | D:4      | 5118 ||| Stepping randomly (stuck).
  5119 | D:4      | 5119 ||| Stepping randomly (stuck).
  5120 | D:4      | 5120 ||| Stepping randomly (stuck).
  5121 | D:4      | 5121 ||| Stepping randomly (stuck).
  5122 | D:4      | 5122 ||| Stepping randomly (stuck).
  5123 | D:4      | 5123 ||| Stepping randomly (stuck).
  5124 | D:4      | 5124 ||| Stepping randomly (stuck).
  5125 | D:4      | 5125 ||| Stepping randomly (stuck).
  5126 | D:4      | 5126 ||| Stepping randomly (stuck).
  5127 | D:4      | 5127 ||| Stepping randomly (stuck).
  5128 | D:4      | 5128 ||| Stepping randomly (stuck).
  5129 | D:4      | 5129 ||| Stepping randomly (stuck).
  5130 | D:4      | 5130 ||| Stepping randomly (stuck).
  5131 | D:4      | 5131 ||| Stepping randomly (stuck).
  5132 | D:4      | 5132 ||| Stepping randomly (stuck).
  5133 | D:4      | 5133 ||| Stepping randomly (stuck).
  5134 | D:4      | 5134 ||| Stepping randomly (stuck).
  5135 | D:4      | 5135 ||| Stepping randomly (stuck).
  5136 | D:4      | 5136 ||| Stepping randomly (stuck).
  5137 | D:4      | 5137 ||| Stepping randomly (stuck).
  5138 | D:4      | 5138 ||| Stepping randomly (stuck).
  5139 | D:4      | 5139 ||| Stepping randomly (stuck).
  5140 | D:4      | 5140 ||| Stepping randomly (stuck).
  5141 | D:4      | 5141 ||| Stepping randomly (stuck).
  5142 | D:4      | 5142 ||| Stepping randomly (stuck).
  5143 | D:4      | 5143 ||| Stepping randomly (stuck).
  5144 | D:4      | 5144 ||| Stepping randomly (stuck).
  5145 | D:4      | 5145 ||| Stepping randomly (stuck).
  5146 | D:4      | 5146 ||| Stepping randomly (stuck).
  5147 | D:4      | 5147 ||| Stepping randomly (stuck).
  5148 | D:4      | 5148 ||| Stepping randomly (stuck).
  5149 | D:4      | 5149 ||| Stepping randomly (stuck).
  5150 | D:4      | 5150 ||| Stepping randomly (stuck).
  5151 | D:4      | 5151 ||| Stepping randomly (stuck).
  5152 | D:4      | 5152 ||| Stepping randomly (stuck).
  5153 | D:4      | 5153 ||| Stepping randomly (stuck).
  5154 | D:4      | 5154 ||| Stepping randomly (stuck).
  5155 | D:4      | 5155 ||| Stepping randomly (stuck).
  5156 | D:4      | 5156 ||| Stepping randomly (stuck).
  5157 | D:4      | 5157 ||| Stepping randomly (stuck).
  5158 | D:4      | 5158 ||| Stepping randomly (stuck).
  5159 | D:4      | 5159 ||| Stepping randomly (stuck).
  5160 | D:4      | 5160 ||| Stepping randomly (stuck).
  5161 | D:4      | 5161 ||| Stepping randomly (stuck).
  5162 | D:4      | 5162 ||| Stepping randomly (stuck).
  5163 | D:4      | 5163 ||| Stepping randomly (stuck).
  5164 | D:4      | 5164 ||| Stepping randomly (stuck).
  5165 | D:4      | 5165 ||| Stepping randomly (stuck).
  5166 | D:4      | 5166 ||| Stepping randomly (stuck).
  5167 | D:4      | 5167 ||| Stepping randomly (stuck).
  5168 | D:4      | 5168 ||| Stepping randomly (stuck).
  5169 | D:4      | 5169 ||| Stepping randomly (stuck).
  5170 | D:4      | 5170 ||| Stepping randomly (stuck).
  5171 | D:4      | 5171 ||| Stepping randomly (stuck).
  5172 | D:4      | 5172 ||| Stepping randomly (stuck).
  5173 | D:4      | 5173 ||| Stepping randomly (stuck).
  5174 | D:4      | 5174 ||| Stepping randomly (stuck).
  5175 | D:4      | 5175 ||| Stepping randomly (stuck).
  5176 | D:4      | 5176 ||| Stepping randomly (stuck).
  5177 | D:4      | 5177 ||| Stepping randomly (stuck).
  5178 | D:4      | 5178 ||| Stepping randomly (stuck).
  5179 | D:4      | 5179 ||| Stepping randomly (stuck).
  5180 | D:4      | 5180 ||| Stepping randomly (stuck).
  5181 | D:4      | 5181 ||| Stepping randomly (stuck).
  5182 | D:4      | 5182 ||| Stepping randomly (stuck).
  5183 | D:4      | 5183 ||| Stepping randomly (stuck).
  5184 | D:4      | 5184 ||| Stepping randomly (stuck).
  5185 | D:4      | 5185 ||| Stepping randomly (stuck).
  5186 | D:4      | 5186 ||| Stepping randomly (stuck).
  5187 | D:4      | 5187 ||| Stepping randomly (stuck).
  5188 | D:4      | 5188 ||| Stepping randomly (stuck).
  5189 | D:4      | 5189 ||| Stepping randomly (stuck).
  5190 | D:4      | 5190 ||| Stepping randomly (stuck).
  5191 | D:4      | 5191 ||| Stepping randomly (stuck).
  5192 | D:4      | 5192 ||| Stepping randomly (stuck).
  5193 | D:4      | 5193 ||| Stepping randomly (stuck).
  5194 | D:4      | 5194 ||| Stepping randomly (stuck).
  5195 | D:4      | 5195 ||| Stepping randomly (stuck).
  5196 | D:4      | 5196 ||| Stepping randomly (stuck).
  5197 | D:4      | 5197 ||| Stepping randomly (stuck).
  5198 | D:4      | 5198 ||| Stepping randomly (stuck).
  5199 | D:4      | 5199 ||| Stepping randomly (stuck).
  5200 | D:4      | 5200 ||| Stepping randomly (stuck).
  5201 | D:4      | 5201 ||| Stepping randomly (stuck).
  5202 | D:4      | 5202 ||| Stepping randomly (stuck).
  5203 | D:4      | 5203 ||| Stepping randomly (stuck).
  5204 | D:4      | 5204 ||| Stepping randomly (stuck).
  5205 | D:4      | 5205 ||| Stepping randomly (stuck).
  5206 | D:4      | 5206 ||| Stepping randomly (stuck).
  5207 | D:4      | 5207 ||| Stepping randomly (stuck).
  5208 | D:4      | 5208 ||| Stepping randomly (stuck).
  5209 | D:4      | 5209 ||| Stepping randomly (stuck).
  5210 | D:4      | 5210 ||| Stepping randomly (stuck).
  5211 | D:4      | 5211 ||| Stepping randomly (stuck).
  5212 | D:4      | 5212 ||| Stepping randomly (stuck).
  5213 | D:4      | 5213 ||| Stepping randomly (stuck).
  5214 | D:4      | 5214 ||| Stepping randomly (stuck).
  5215 | D:4      | 5215 ||| Stepping randomly (stuck).
  5216 | D:4      | 5216 ||| Stepping randomly (stuck).
  5217 | D:4      | 5217 ||| Stepping randomly (stuck).
  5218 | D:4      | 5218 ||| Stepping randomly (stuck).
  5219 | D:4      | 5219 ||| Stepping randomly (stuck).
  5220 | D:4      | 5220 ||| Stepping randomly (stuck).
  5221 | D:4      | 5221 ||| Stepping randomly (stuck).
  5222 | D:4      | 5222 ||| Stepping randomly (stuck).
  5223 | D:4      | 5223 ||| Stepping randomly (stuck).
  5224 | D:4      | 5224 ||| Stepping randomly (stuck).
  5225 | D:4      | 5225 ||| Stepping randomly (stuck).
  5226 | D:4      | 5226 ||| Stepping randomly (stuck).
  5227 | D:4      | 5227 ||| Stepping randomly (stuck).
  5228 | D:4      | 5228 ||| Stepping randomly (stuck).
  5229 | D:4      | 5229 ||| Stepping randomly (stuck).
  5230 | D:4      | 5230 ||| Stepping randomly (stuck).
  5231 | D:4      | 5231 ||| Stepping randomly (stuck).
  5232 | D:4      | 5232 ||| Stepping randomly (stuck).
  5233 | D:4      | 5233 ||| Stepping randomly (stuck).
  5234 | D:4      | 5234 ||| Stepping randomly (stuck).
  5235 | D:4      | 5235 ||| Stepping randomly (stuck).
  5236 | D:4      | 5236 ||| Stepping randomly (stuck).
  5237 | D:4      | 5237 ||| Stepping randomly (stuck).
  5238 | D:4      | 5238 ||| Stepping randomly (stuck).
  5239 | D:4      | 5239 ||| Stepping randomly (stuck).
  5240 | D:4      | 5240 ||| Stepping randomly (stuck).
  5241 | D:4      | 5241 ||| Stepping randomly (stuck).
  5242 | D:4      | 5242 ||| Stepping randomly (stuck).
  5243 | D:4      | 5243 ||| Stepping randomly (stuck).
  5244 | D:4      | 5244 ||| Stepping randomly (stuck).
  5245 | D:4      | 5245 ||| Stepping randomly (stuck).
  5246 | D:4      | 5246 ||| Stepping randomly (stuck).
  5247 | D:4      | 5247 ||| Stepping randomly (stuck).
  5248 | D:4      | 5248 ||| Stepping randomly (stuck).
  5249 | D:4      | 5249 ||| Stepping randomly (stuck).
  5250 | D:4      | 5250 ||| Stepping randomly (stuck).
  5251 | D:4      | 5251 ||| Stepping randomly (stuck).
  5252 | D:4      | 5252 ||| Stepping randomly (stuck).
  5253 | D:4      | 5253 ||| Stepping randomly (stuck).
  5254 | D:4      | 5254 ||| Stepping randomly (stuck).
  5255 | D:4      | 5255 ||| Stepping randomly (stuck).
  5256 | D:4      | 5256 ||| Stepping randomly (stuck).
  5257 | D:4      | 5257 ||| Stepping randomly (stuck).
  5258 | D:4      | 5258 ||| Stepping randomly (stuck).
  5259 | D:4      | 5259 ||| Stepping randomly (stuck).
  5260 | D:4      | 5260 ||| Stepping randomly (stuck).
  5261 | D:4      | 5261 ||| Stepping randomly (stuck).
  5262 | D:4      | 5262 ||| Stepping randomly (stuck).
  5263 | D:4      | 5263 ||| Stepping randomly (stuck).
  5264 | D:4      | 5264 ||| Stepping randomly (stuck).
  5265 | D:4      | 5265 ||| Stepping randomly (stuck).
  5266 | D:4      | 5266 ||| Stepping randomly (stuck).
  5267 | D:4      | 5267 ||| Stepping randomly (stuck).
  5268 | D:4      | 5268 ||| Stepping randomly (stuck).
  5269 | D:4      | 5269 ||| Stepping randomly (stuck).
  5270 | D:4      | 5270 ||| Stepping randomly (stuck).
  5271 | D:4      | 5271 ||| Stepping randomly (stuck).
  5272 | D:4      | 5272 ||| Stepping randomly (stuck).
  5273 | D:4      | 5273 ||| Stepping randomly (stuck).
  5274 | D:4      | 5274 ||| Stepping randomly (stuck).
  5275 | D:4      | 5275 ||| Stepping randomly (stuck).
  5276 | D:4      | 5276 ||| Stepping randomly (stuck).
  5277 | D:4      | 5277 ||| Stepping randomly (stuck).
  5278 | D:4      | 5278 ||| Stepping randomly (stuck).
  5279 | D:4      | 5279 ||| Stepping randomly (stuck).
  5280 | D:4      | 5280 ||| Stepping randomly (stuck).
  5281 | D:4      | 5281 ||| Stepping randomly (stuck).
  5282 | D:4      | 5282 ||| Stepping randomly (stuck).
  5283 | D:4      | 5283 ||| Stepping randomly (stuck).
  5284 | D:4      | 5284 ||| Stepping randomly (stuck).
  5285 | D:4      | 5285 ||| Stepping randomly (stuck).
  5286 | D:4      | 5286 ||| Stepping randomly (stuck).
  5287 | D:4      | 5287 ||| Stepping randomly (stuck).
  5288 | D:4      | 5288 ||| Stepping randomly (stuck).
  5289 | D:4      | 5289 ||| Stepping randomly (stuck).
  5290 | D:4      | 5290 ||| Stepping randomly (stuck).
  5291 | D:4      | 5291 ||| Stepping randomly (stuck).
  5292 | D:4      | 5292 ||| Stepping randomly (stuck).
  5293 | D:4      | 5293 ||| Stepping randomly (stuck).
  5294 | D:4      | 5294 ||| Stepping randomly (stuck).
  5295 | D:4      | 5295 ||| Stepping randomly (stuck).
  5296 | D:4      | 5296 ||| Stepping randomly (stuck).
  5297 | D:4      | 5297 ||| Stepping randomly (stuck).
  5298 | D:4      | 5298 ||| Stepping randomly (stuck).
  5299 | D:4      | 5299 ||| Stepping randomly (stuck).
  5300 | D:4      | 5300 ||| Stepping randomly (stuck).
  5301 | D:4      | 5301 ||| Stepping randomly (stuck).
  5302 | D:4      | 5302 ||| Stepping randomly (stuck).
  5303 | D:4      | 5303 ||| Stepping randomly (stuck).
  5304 | D:4      | 5304 ||| Stepping randomly (stuck).
  5305 | D:4      | 5305 ||| Stepping randomly (stuck).
  5306 | D:4      | 5306 ||| Stepping randomly (stuck).
  5307 | D:4      | 5307 ||| Stepping randomly (stuck).
  5308 | D:4      | 5308 ||| Stepping randomly (stuck).
  5309 | D:4      | 5309 ||| Stepping randomly (stuck).
  5310 | D:4      | 5310 ||| Stepping randomly (stuck).
  5311 | D:4      | 5311 ||| Stepping randomly (stuck).
  5312 | D:4      | 5312 ||| Stepping randomly (stuck).
  5313 | D:4      | 5313 ||| Stepping randomly (stuck).
  5314 | D:4      | 5314 ||| Stepping randomly (stuck).
  5315 | D:4      | 5315 ||| Stepping randomly (stuck).
  5316 | D:4      | 5316 ||| Stepping randomly (stuck).
  5317 | D:4      | 5317 ||| Stepping randomly (stuck).
  5318 | D:4      | 5318 ||| Stepping randomly (stuck).
  5319 | D:4      | 5319 ||| Stepping randomly (stuck).
  5320 | D:4      | 5320 ||| Stepping randomly (stuck).
  5321 | D:4      | 5321 ||| Stepping randomly (stuck).
  5322 | D:4      | 5322 ||| Stepping randomly (stuck).
  5323 | D:4      | 5323 ||| Stepping randomly (stuck).
  5324 | D:4      | 5324 ||| Stepping randomly (stuck).
  5325 | D:4      | 5325 ||| Stepping randomly (stuck).
  5326 | D:4      | 5326 ||| Stepping randomly (stuck).
  5327 | D:4      | 5327 ||| Stepping randomly (stuck).
  5328 | D:4      | 5328 ||| Stepping randomly (stuck).
  5329 | D:4      | 5329 ||| Stepping randomly (stuck).
  5330 | D:4      | 5330 ||| Stepping randomly (stuck).
  5331 | D:4      | 5331 ||| Stepping randomly (stuck).
  5332 | D:4      | 5332 ||| Stepping randomly (stuck).
  5333 | D:4      | 5333 ||| Stepping randomly (stuck).
  5334 | D:4      | 5334 ||| Stepping randomly (stuck).
  5335 | D:4      | 5335 ||| Stepping randomly (stuck).
  5336 | D:4      | 5336 ||| Stepping randomly (stuck).
  5337 | D:4      | 5337 ||| Stepping randomly (stuck).
  5338 | D:4      | 5338 ||| Stepping randomly (stuck).
  5339 | D:4      | 5339 ||| Stepping randomly (stuck).
  5340 | D:4      | 5340 ||| Stepping randomly (stuck).
  5341 | D:4      | 5341 ||| Stepping randomly (stuck).
  5342 | D:4      | 5342 ||| Stepping randomly (stuck).
  5343 | D:4      | 5343 ||| Stepping randomly (stuck).
  5344 | D:4      | 5344 ||| Stepping randomly (stuck).
  5345 | D:4      | 5345 ||| Stepping randomly (stuck).
  5346 | D:4      | 5346 ||| Stepping randomly (stuck).
  5347 | D:4      | 5347 ||| Stepping randomly (stuck).
  5348 | D:4      | 5348 ||| Stepping randomly (stuck).
  5349 | D:4      | 5349 ||| Stepping randomly (stuck).
  5350 | D:4      | 5350 ||| Stepping randomly (stuck).
  5351 | D:4      | 5351 ||| Stepping randomly (stuck).
  5352 | D:4      | 5352 ||| Stepping randomly (stuck).
  5353 | D:4      | 5353 ||| Stepping randomly (stuck).
  5354 | D:4      | 5354 ||| Stepping randomly (stuck).
  5355 | D:4      | 5355 ||| Stepping randomly (stuck).
  5356 | D:4      | 5356 ||| Stepping randomly (stuck).
  5357 | D:4      | 5357 ||| Stepping randomly (stuck).
  5358 | D:4      | 5358 ||| Stepping randomly (stuck).
  5359 | D:4      | 5359 ||| Stepping randomly (stuck).
  5360 | D:4      | 5360 ||| Stepping randomly (stuck).
  5361 | D:4      | 5361 ||| Stepping randomly (stuck).
  5362 | D:4      | 5362 ||| Stepping randomly (stuck).
  5363 | D:4      | 5363 ||| Stepping randomly (stuck).
  5364 | D:4      | 5364 ||| Stepping randomly (stuck).
  5365 | D:4      | 5365 ||| Stepping randomly (stuck).
  5366 | D:4      | 5366 ||| Stepping randomly (stuck).
  5367 | D:4      | 5367 ||| Stepping randomly (stuck).
  5368 | D:4      | 5368 ||| Stepping randomly (stuck).
  5369 | D:4      | 5369 ||| Stepping randomly (stuck).
  5370 | D:4      | 5370 ||| Stepping randomly (stuck).
  5371 | D:4      | 5371 ||| Stepping randomly (stuck).
  5372 | D:4      | 5372 ||| Stepping randomly (stuck).
  5373 | D:4      | 5373 ||| Stepping randomly (stuck).
  5374 | D:4      | 5374 ||| Stepping randomly (stuck).
  5375 | D:4      | 5375 ||| Stepping randomly (stuck).
  5376 | D:4      | 5376 ||| Stepping randomly (stuck).
  5377 | D:4      | 5377 ||| Stepping randomly (stuck).
  5378 | D:4      | 5378 ||| Stepping randomly (stuck).
  5379 | D:4      | 5379 ||| Stepping randomly (stuck).
  5380 | D:4      | 5380 ||| Stepping randomly (stuck).
  5381 | D:4      | 5381 ||| Stepping randomly (stuck).
  5382 | D:4      | 5382 ||| Stepping randomly (stuck).
  5383 | D:4      | 5383 ||| Stepping randomly (stuck).
  5384 | D:4      | 5384 ||| Stepping randomly (stuck).
  5385 | D:4      | 5385 ||| Stepping randomly (stuck).
  5386 | D:4      | 5386 ||| Stepping randomly (stuck).
  5387 | D:4      | 5387 ||| Stepping randomly (stuck).
  5388 | D:4      | 5388 ||| Stepping randomly (stuck).
  5389 | D:4      | 5389 ||| Stepping randomly (stuck).
  5390 | D:4      | 5390 ||| Stepping randomly (stuck).
  5391 | D:4      | 5391 ||| Stepping randomly (stuck).
  5392 | D:4      | 5392 ||| Stepping randomly (stuck).
  5393 | D:4      | 5393 ||| Stepping randomly (stuck).
  5394 | D:4      | 5394 ||| Stepping randomly (stuck).
  5395 | D:4      | 5395 ||| Stepping randomly (stuck).
  5396 | D:4      | 5396 ||| Stepping randomly (stuck).
  5397 | D:4      | 5397 ||| Stepping randomly (stuck).
  5398 | D:4      | 5398 ||| Stepping randomly (stuck).
  5399 | D:4      | 5399 ||| Stepping randomly (stuck).
  5400 | D:4      | 5400 ||| Stepping randomly (stuck).
  5401 | D:4      | 5401 ||| Stepping randomly (stuck).
  5402 | D:4      | 5402 ||| Stepping randomly (stuck).
  5403 | D:4      | 5403 ||| Stepping randomly (stuck).
  5404 | D:4      | 5404 ||| Stepping randomly (stuck).
  5405 | D:4      | 5405 ||| Stepping randomly (stuck).
  5406 | D:4      | 5406 ||| Stepping randomly (stuck).
  5407 | D:4      | 5407 ||| Stepping randomly (stuck).
  5408 | D:4      | 5408 ||| Stepping randomly (stuck).
  5409 | D:4      | 5409 ||| Stepping randomly (stuck).
  5410 | D:4      | 5410 ||| Stepping randomly (stuck).
  5411 | D:4      | 5411 ||| Stepping randomly (stuck).
  5412 | D:4      | 5412 ||| Stepping randomly (stuck).
  5413 | D:4      | 5413 ||| Stepping randomly (stuck).
  5414 | D:4      | 5414 ||| Stepping randomly (stuck).
  5415 | D:4      | 5415 ||| Stepping randomly (stuck).
  5416 | D:4      | 5416 ||| Stepping randomly (stuck).
  5417 | D:4      | 5417 ||| Stepping randomly (stuck).
  5418 | D:4      | 5418 ||| Stepping randomly (stuck).
  5419 | D:4      | 5419 ||| Stepping randomly (stuck).
  5420 | D:4      | 5420 ||| Stepping randomly (stuck).
  5421 | D:4      | 5421 ||| Stepping randomly (stuck).
  5422 | D:4      | 5422 ||| Stepping randomly (stuck).
  5423 | D:4      | 5423 ||| Stepping randomly (stuck).
  5424 | D:4      | 5424 ||| Stepping randomly (stuck).
  5425 | D:4      | 5425 ||| Stepping randomly (stuck).
  5426 | D:4      | 5426 ||| Stepping randomly (stuck).
  5427 | D:4      | 5427 ||| Stepping randomly (stuck).
  5428 | D:4      | 5428 ||| Stepping randomly (stuck).
  5429 | D:4      | 5429 ||| Stepping randomly (stuck).
  5430 | D:4      | 5430 ||| Stepping randomly (stuck).
  5431 | D:4      | 5431 ||| Stepping randomly (stuck).
  5432 | D:4      | 5432 ||| Stepping randomly (stuck).
  5433 | D:4      | 5433 ||| Stepping randomly (stuck).
  5434 | D:4      | 5434 ||| Stepping randomly (stuck).
  5435 | D:4      | 5435 ||| Stepping randomly (stuck).
  5436 | D:4      | 5436 ||| Stepping randomly (stuck).
  5437 | D:4      | 5437 ||| Stepping randomly (stuck).
  5438 | D:4      | 5438 ||| Stepping randomly (stuck).
  5439 | D:4      | 5439 ||| Stepping randomly (stuck).
  5440 | D:4      | 5440 ||| Stepping randomly (stuck).
  5441 | D:4      | 5441 ||| Stepping randomly (stuck).
  5442 | D:4      | 5442 ||| Stepping randomly (stuck).
  5443 | D:4      | 5443 ||| Stepping randomly (stuck).
  5444 | D:4      | 5444 ||| Stepping randomly (stuck).
  5445 | D:4      | 5445 ||| Stepping randomly (stuck).
  5446 | D:4      | 5446 ||| Stepping randomly (stuck).
  5447 | D:4      | 5447 ||| Stepping randomly (stuck).
  5448 | D:4      | 5448 ||| Stepping randomly (stuck).
  5449 | D:4      | 5449 ||| Stepping randomly (stuck).
  5450 | D:4      | 5450 ||| Stepping randomly (stuck).
  5451 | D:4      | 5451 ||| Stepping randomly (stuck).
  5452 | D:4      | 5452 ||| Stepping randomly (stuck).
  5453 | D:4      | 5453 ||| Stepping randomly (stuck).
  5454 | D:4      | 5454 ||| Stepping randomly (stuck).
  5455 | D:4      | 5455 ||| Stepping randomly (stuck).
  5456 | D:4      | 5456 ||| Stepping randomly (stuck).
  5457 | D:4      | 5457 ||| Stepping randomly (stuck).
  5458 | D:4      | 5458 ||| Stepping randomly (stuck).
  5459 | D:4      | 5459 ||| Stepping randomly (stuck).
  5460 | D:4      | 5460 ||| Stepping randomly (stuck).
  5461 | D:4      | 5461 ||| Stepping randomly (stuck).
  5462 | D:4      | 5462 ||| Stepping randomly (stuck).
  5463 | D:4      | 5463 ||| Stepping randomly (stuck).
  5464 | D:4      | 5464 ||| Stepping randomly (stuck).
  5465 | D:4      | 5465 ||| Stepping randomly (stuck).
  5466 | D:4      | 5466 ||| Stepping randomly (stuck).
  5467 | D:4      | 5467 ||| Stepping randomly (stuck).
  5468 | D:4      | 5468 ||| Stepping randomly (stuck).
  5469 | D:4      | 5469 ||| Stepping randomly (stuck).
  5470 | D:4      | 5470 ||| Stepping randomly (stuck).
  5471 | D:4      | 5471 ||| Stepping randomly (stuck).
  5472 | D:4      | 5472 ||| Stepping randomly (stuck).
  5473 | D:4      | 5473 ||| Stepping randomly (stuck).
  5474 | D:4      | 5474 ||| Stepping randomly (stuck).
  5475 | D:4      | 5475 ||| Stepping randomly (stuck).
  5476 | D:4      | 5476 ||| Stepping randomly (stuck).
  5477 | D:4      | 5477 ||| Stepping randomly (stuck).
  5478 | D:4      | 5478 ||| Stepping randomly (stuck).
  5479 | D:4      | 5479 ||| Stepping randomly (stuck).
  5480 | D:4      | 5480 ||| Stepping randomly (stuck).
  5481 | D:4      | 5481 ||| Stepping randomly (stuck).
  5482 | D:4      | 5482 ||| Stepping randomly (stuck).
  5483 | D:4      | 5483 ||| Stepping randomly (stuck).
  5484 | D:4      | 5484 ||| Stepping randomly (stuck).
  5485 | D:4      | 5485 ||| Stepping randomly (stuck).
  5486 | D:4      | 5486 ||| Stepping randomly (stuck).
  5487 | D:4      | 5487 ||| Stepping randomly (stuck).
  5488 | D:4      | 5488 ||| Stepping randomly (stuck).
  5489 | D:4      | 5489 ||| Stepping randomly (stuck).
  5490 | D:4      | 5490 ||| Stepping randomly (stuck).
  5491 | D:4      | 5491 ||| Stepping randomly (stuck).
  5492 | D:4      | 5492 ||| Stepping randomly (stuck).
  5493 | D:4      | 5493 ||| Stepping randomly (stuck).
  5494 | D:4      | 5494 ||| Stepping randomly (stuck).
  5495 | D:4      | 5495 ||| Stepping randomly (stuck).
  5496 | D:4      | 5496 ||| Stepping randomly (stuck).
  5497 | D:4      | 5497 ||| Stepping randomly (stuck).
  5498 | D:4      | 5498 ||| Stepping randomly (stuck).
  5499 | D:4      | 5499 ||| Stepping randomly (stuck).
  5500 | D:4      | 5500 ||| Stepping randomly (stuck).
  5501 | D:4      | 5501 ||| Stepping randomly (stuck).
  5502 | D:4      | 5502 ||| Stepping randomly (stuck).
  5503 | D:4      | 5503 ||| Stepping randomly (stuck).
  5504 | D:4      | 5504 ||| Stepping randomly (stuck).
  5505 | D:4      | 5505 ||| Stepping randomly (stuck).
  5506 | D:4      | 5506 ||| Stepping randomly (stuck).
  5507 | D:4      | 5507 ||| Stepping randomly (stuck).
  5508 | D:4      | 5508 ||| Stepping randomly (stuck).
  5509 | D:4      | 5509 ||| Stepping randomly (stuck).
  5510 | D:4      | 5510 ||| Stepping randomly (stuck).
  5511 | D:4      | 5511 ||| Stepping randomly (stuck).
  5512 | D:4      | 5512 ||| Stepping randomly (stuck).
  5513 | D:4      | 5513 ||| Stepping randomly (stuck).
  5514 | D:4      | 5514 ||| Stepping randomly (stuck).
  5515 | D:4      | 5515 ||| Stepping randomly (stuck).
  5516 | D:4      | 5516 ||| Stepping randomly (stuck).
  5517 | D:4      | 5517 ||| Stepping randomly (stuck).
  5518 | D:4      | 5518 ||| Stepping randomly (stuck).
  5519 | D:4      | 5519 ||| Stepping randomly (stuck).
  5520 | D:4      | 5520 ||| Stepping randomly (stuck).
  5521 | D:4      | 5521 ||| Stepping randomly (stuck).
  5522 | D:4      | 5522 ||| Stepping randomly (stuck).
  5523 | D:4      | 5523 ||| Stepping randomly (stuck).
  5524 | D:4      | 5524 ||| Stepping randomly (stuck).
  5525 | D:4      | 5525 ||| Stepping randomly (stuck).
  5526 | D:4      | 5526 ||| Stepping randomly (stuck).
  5527 | D:4      | 5527 ||| Stepping randomly (stuck).
  5528 | D:4      | 5528 ||| Stepping randomly (stuck).
  5529 | D:4      | 5529 ||| Stepping randomly (stuck).
  5530 | D:4      | 5530 ||| Stepping randomly (stuck).
  5531 | D:4      | 5531 ||| Stepping randomly (stuck).
  5532 | D:4      | 5532 ||| Stepping randomly (stuck).
  5533 | D:4      | 5533 ||| Stepping randomly (stuck).
  5534 | D:4      | 5534 ||| Stepping randomly (stuck).
  5535 | D:4      | 5535 ||| Stepping randomly (stuck).
  5536 | D:4      | 5536 ||| Stepping randomly (stuck).
  5537 | D:4      | 5537 ||| Stepping randomly (stuck).
  5538 | D:4      | 5538 ||| Stepping randomly (stuck).
  5539 | D:4      | 5539 ||| Stepping randomly (stuck).
  5540 | D:4      | 5540 ||| Stepping randomly (stuck).
  5541 | D:4      | 5541 ||| Stepping randomly (stuck).
  5542 | D:4      | 5542 ||| Stepping randomly (stuck).
  5543 | D:4      | 5543 ||| Stepping randomly (stuck).
  5544 | D:4      | 5544 ||| Stepping randomly (stuck).
  5545 | D:4      | 5545 ||| Stepping randomly (stuck).
  5546 | D:4      | 5546 ||| Stepping randomly (stuck).
  5547 | D:4      | 5547 ||| Stepping randomly (stuck).
  5548 | D:4      | 5548 ||| Stepping randomly (stuck).
  5549 | D:4      | 5549 ||| Stepping randomly (stuck).
  5550 | D:4      | 5550 ||| Stepping randomly (stuck).
  5551 | D:4      | 5551 ||| Stepping randomly (stuck).
  5552 | D:4      | 5552 ||| Stepping randomly (stuck).
  5553 | D:4      | 5553 ||| Stepping randomly (stuck).
  5554 | D:4      | 5554 ||| Stepping randomly (stuck).
  5555 | D:4      | 5555 ||| Stepping randomly (stuck).
  5556 | D:4      | 5556 ||| Stepping randomly (stuck).
  5557 | D:4      | 5557 ||| Stepping randomly (stuck).
  5558 | D:4      | 5558 ||| Stepping randomly (stuck).
  5559 | D:4      | 5559 ||| Stepping randomly (stuck).
  5560 | D:4      | 5560 ||| Stepping randomly (stuck).
  5561 | D:4      | 5561 ||| Stepping randomly (stuck).
  5562 | D:4      | 5562 ||| Stepping randomly (stuck).
  5563 | D:4      | 5563 ||| Stepping randomly (stuck).
  5564 | D:4      | 5564 ||| Stepping randomly (stuck).
  5565 | D:4      | 5565 ||| Stepping randomly (stuck).
  5566 | D:4      | 5566 ||| Stepping randomly (stuck).
  5567 | D:4      | 5567 ||| Stepping randomly (stuck).
  5568 | D:4      | 5568 ||| Stepping randomly (stuck).
  5569 | D:4      | 5569 ||| Stepping randomly (stuck).
  5570 | D:4      | 5570 ||| Stepping randomly (stuck).
  5571 | D:4      | 5571 ||| Stepping randomly (stuck).
  5572 | D:4      | 5572 ||| Stepping randomly (stuck).
  5573 | D:4      | 5573 ||| Stepping randomly (stuck).
  5574 | D:4      | 5574 ||| Stepping randomly (stuck).
  5575 | D:4      | 5575 ||| Stepping randomly (stuck).
  5576 | D:4      | 5576 ||| Stepping randomly (stuck).
  5577 | D:4      | 5577 ||| Stepping randomly (stuck).
  5578 | D:4      | 5578 ||| Stepping randomly (stuck).
  5579 | D:4      | 5579 ||| Stepping randomly (stuck).
  5580 | D:4      | 5580 ||| Stepping randomly (stuck).
  5581 | D:4      | 5581 ||| Stepping randomly (stuck).
  5582 | D:4      | 5582 ||| Stepping randomly (stuck).
  5583 | D:4      | 5583 ||| Stepping randomly (stuck).
  5584 | D:4      | 5584 ||| Stepping randomly (stuck).
  5585 | D:4      | 5585 ||| Stepping randomly (stuck).
  5586 | D:4      | 5586 ||| Stepping randomly (stuck).
  5587 | D:4      | 5587 ||| Stepping randomly (stuck).
  5588 | D:4      | 5588 ||| Stepping randomly (stuck).
  5589 | D:4      | 5589 ||| Stepping randomly (stuck).
  5590 | D:4      | 5590 ||| Stepping randomly (stuck).
  5591 | D:4      | 5591 ||| Stepping randomly (stuck).
  5592 | D:4      | 5592 ||| Stepping randomly (stuck).
  5593 | D:4      | 5593 ||| Stepping randomly (stuck).
  5594 | D:4      | 5594 ||| Stepping randomly (stuck).
  5595 | D:4      | 5595 ||| Stepping randomly (stuck).
  5596 | D:4      | 5596 ||| Stepping randomly (stuck).
  5597 | D:4      | 5597 ||| Stepping randomly (stuck).
  5598 | D:4      | 5598 ||| Stepping randomly (stuck).
  5599 | D:4      | 5599 ||| Stepping randomly (stuck).
  5600 | D:4      | 5600 ||| Stepping randomly (stuck).
  5601 | D:4      | 5601 ||| Stepping randomly (stuck).
  5602 | D:4      | 5602 ||| Stepping randomly (stuck).
  5603 | D:4      | 5603 ||| Stepping randomly (stuck).
  5604 | D:4      | 5604 ||| Stepping randomly (stuck).
  5605 | D:4      | 5605 ||| Stepping randomly (stuck).
  5606 | D:4      | 5606 ||| Stepping randomly (stuck).
  5607 | D:4      | 5607 ||| Stepping randomly (stuck).
  5608 | D:4      | 5608 ||| Stepping randomly (stuck).
  5609 | D:4      | 5609 ||| Stepping randomly (stuck).
  5610 | D:4      | 5610 ||| Stepping randomly (stuck).
  5611 | D:4      | 5611 ||| Stepping randomly (stuck).
  5612 | D:4      | 5612 ||| Stepping randomly (stuck).
  5613 | D:4      | 5613 ||| Stepping randomly (stuck).
  5614 | D:4      | 5614 ||| Stepping randomly (stuck).
  5615 | D:4      | 5615 ||| Stepping randomly (stuck).
  5616 | D:4      | 5616 ||| Stepping randomly (stuck).
  5617 | D:4      | 5617 ||| Stepping randomly (stuck).
  5618 | D:4      | 5618 ||| Stepping randomly (stuck).
  5619 | D:4      | 5619 ||| Stepping randomly (stuck).
  5620 | D:4      | 5620 ||| Stepping randomly (stuck).
  5621 | D:4      | 5621 ||| Stepping randomly (stuck).
  5622 | D:4      | 5622 ||| Stepping randomly (stuck).
  5623 | D:4      | 5623 ||| Stepping randomly (stuck).
  5624 | D:4      | 5624 ||| Stepping randomly (stuck).
  5625 | D:4      | 5625 ||| Stepping randomly (stuck).
  5626 | D:4      | 5626 ||| Stepping randomly (stuck).
  5627 | D:4      | 5627 ||| Stepping randomly (stuck).
  5628 | D:4      | 5628 ||| Stepping randomly (stuck).
  5629 | D:4      | 5629 ||| Stepping randomly (stuck).
  5630 | D:4      | 5630 ||| Stepping randomly (stuck).
  5630 | D:4      | Fell from the grace of Okawaru
  5631 | D:4      | 5631 ||| QUITTING!
  5631 | D:4      | Quit the game

Levels and vault maps discovered:
D:1:      lemuel_arrival_rhombus, layout_basic, supply_closet_lemuel
D:2:      layout_rooms, basic_altar, skrybe_limestone_x, nicolae_eternal_life,
          kennysheep_generic_room_5, uniq_jessica, uniq_terence
D:4:      layout_rooms, uniq_menkaure, uniq_duvessa

Skill      XL: |  1  2 |
---------------+-------+-----
Ranged Weapons | 3 4 |  4.8
Fighting       | 2 |  2.0
Dodging        | |  2.1
Spellcasting   | |  1.0
Hexes          | |  2.0

Action                     |  1- 3 |  4- 6 || total
---------------------------+-------+-------++-------
   Fire: Sling             |    53 |       ||    53
         Orcbow            |    31 |    34 ||    65
    Use: Potion            |     2 |       ||     2
         Scroll            |     1 |     5 ||     6
 Armour: Robe              |     9 |     4 ||    13
  Dodge: Dodged            |    21 |    12 ||    33

Table legend:
 A = Non-vault XP
 B = Vault XP
 C = Vault XP percentage of total XP
 D = Non-vault monster count
 E = Vault monster count
 F = Vault count percentage of total count
                 A         B        C        D         E       F
            +---------+---------+-------+---------+---------+-------
      Total |      85 |      42 |  33.1 |      36 |       4 |  10.0
            +---------+---------+-------+---------+---------+-------
        D:1 |      34 |       0 |   0.0 |      17 |       0 |   0.0
        D:2 |      47 |      42 |  47.2 |      17 |       4 |  19.0
        D:4 |       4 |       0 |   0.0 |       2 |       0 |   0.0
            +---------+---------+-------+---------+---------+-------
